 Dungeon Crawl Stone Soup version 0.30-a0-168-g0b976cbdc4 (webtiles) character file.

Game seed: 16858344053310996551

704477 qw the Bringer of Light (level 27, -6/193 HPs)
             Began as a Gargoyle Fighter on Sept 29, 2022.
             Was the Champion of the Shining One.
             Killed from afar by a Brimstone Fiend (35 damage)
             ... with damnation
             ... in Pandemonium.
             The game lasted 00:39:05 (79923 turns).

qw the Bringer of Light (Gargoyle Fighter)         Turns: 79923, Time: 00:39:05

Health: -6/193     AC: 79    Str: 30    XL:     27
Magic:  34/40      EV: 12    Int:  7    God:    the Shining One [******]
Gold:   13238      SH: 31    Dex: 19    Spells: 26/26 levels left

rFire   + . .      SeeInvis +    g - +9 broad axe (holy)
rCold   . . .      Faith    .    t - +2 tower shield {AC+3}
rNeg    + + +      Spirit   .    l - +10 crystal plate armour
rPois   inf        Reflect  +    (helmet restricted)
rElec   +          Harm     .    a - +1 cloak {Will+}
rCorr   +          Rampage  .    K - +2 pair of gloves {Stlth+}
Will    +++..                    D - +1 pair of boots {Fly}
Stlth   ..........               f - amulet of reflection
HPRegen 0.42/turn                E - ring of the Hart {rElec rCorr AC+4 Int-4 Dex+4}
MPRegen 0.27/turn                r - ring "Buovvi" {rPois rF+ rN+ Dex+4 SInv}

@: about to teleport, flying, glowing
A: sickness immunity, AC +20, big wings, negative energy resistance 1,
electricity resistance, torment resistance 1, petrification resistance, antennae
1, talons 1, iridescent scales 1, thin skeletal structure 1, deterioration 1,
weak 1
}: 4/15 runes: decaying, silver, golden, gossamer
a: Renounce Religion, Divine Shield, Cleansing Flame, Summon Divine Warrior


You were in Pandemonium.
You worshipped the Shining One.
The Shining One was exalted by your worship.
You visited 11 branches of the dungeon, and saw 50 of its levels.
You visited Pandemonium 2 times, and saw 4 of its levels.
You visited 1 bazaar.

You collected 15211 gold pieces.
You spent 1973 gold pieces at shops.


Innate Abilities, Weirdness & Mutations

You are immune to sickness and miasma.
Your stone body is resilient. (AC +20)
You are immune to poison.
Your large and strong wings let you fly.
You resist negative energy. (rN+)
You are resistant to electric shocks. (rElec)
You are resistant to unholy torment.
You are immune to petrification.
You have a pair of small antennae on your head.
You have sharp toenails.
You are partially covered in iridescent scales. (AC +2)
You have a somewhat thin skeletal structure. (Dex +2, Stealth+)
Your body sometimes deteriorates upon taking damage.
You are weak. (Str -2)


   Skills:
 - Level 25.4 Fighting
 - Level 18.0 Axes
 - Level 14.0 Throwing
 + Level 24.8 Armour
 - Level 9.0 Dodging
 - Level 22.0 Shields
 O Level 27 Invocations


You had 26 spell levels left.
You didn't know any spells.
Your spell library was empty.

Inventory:

Hand Weapons
 g - a +9 broad axe of holy wrath (weapon)
 y - the +9 broad axe of Disembowelment {vorpal, Will++ Str+5 Int+2}
   (Okawaru gifted it to you on level 3 of the Vaults)

   It inflicts extra damage upon your enemies.
   Str:       It affects your strength (+5).
   Int:       It affects your intelligence (+2).
   Will:      It greatly increases your willpower.
Missiles
 c - 34 boomerangs
 R - a silver boomerang (quivered)
Armour
 a - a +1 cloak of willpower (worn)
 k - a +2 cloak
 l - a +10 crystal plate armour (worn)
 t - a +2 tower shield of protection (worn)
 D - a +1 pair of boots of flying (worn)
 K - a +2 pair of gloves of stealth (worn)
 O - a scarf of resistance
 P - the +0 plate armour of Feral Tender Moments {rCorr Str+4}
   (You took it off a vault guard on level 5 of the Vaults)

   Str:       It affects your strength (+4).
   rCorr:     It protects you from acid and corrosion.
Jewellery
 f - an amulet of reflection (around neck)
 j - a ring of protection from cold
 n - the ring of Xom's Malicious Joy {Wiz rCorr Dex+5}
   (You took it off a fire giant on level 5 of the Vaults)

   [ring of wizardry]

   It improves your spell success rate.
   Dex:       It affects your dexterity (+5).
   rCorr:     It protects you from acid and corrosion.
 r - the ring "Buovvi" (right hand) {rPois rF+ rN+ Dex+4 SInv}
   (You took it off a tengu reaver on level 4 of the Depths)

   [ring of poison resistance]

   Dex:       It affects your dexterity (+4).
   rF:        It protects you from fire.
   rPois:     It protects you from poison.
   rN:        It protects you from negative energy.
   SInv:      It lets you see invisible.
 v - a ring of protection from cold
 E - the ring of the Hart (left hand) {rElec rCorr AC+4 Int-4 Dex+4}
   (You found it on level 3 of the Tomb of the Ancients)

   [ring of protection]

   AC:        It affects your AC (+4).
   Int:       It affects your intelligence (-4).
   Dex:       It affects your dexterity (+4).
   rElec:     It insulates you from electricity.
   rCorr:     It protects you from acid and corrosion.
 L - the amulet of Trepidation {Acrobat Str+4 Stlth+}
   (You bought it in a shop on level 2 of the Depths)

   [amulet of the acrobat]

   It increases your evasion while moving and waiting.
   Str:       It affects your strength (+4).
   Stlth:     It makes you more stealthy.
 M - a ring of protection from fire
 Y - a +4 ring of evasion
Wands
 B - a wand of digging (16)
Scrolls
 p - 16 scrolls of identify
 x - 8 scrolls of teleportation
 z - 7 scrolls of enchant weapon
 G - a scroll of brand weapon
Potions
 d - 13 potions of might
 e - 2 potions of haste
 h - 4 potions of cancellation
 i - 24 potions of curing
 m - 3 potions of heal wounds
 o - 9 potions of mutation
 q - 3 potions of resistance
 s - 11 potions of attraction
 u - 12 potions of lignification
 A - 4 potions of magic

Dungeon Overview and Level Annotations

Branches:
Dungeon (15/15)            Temple (1/1) D:5            Lair (5/5) D:8
  Swamp (4/4) Lair:2       Spider (4/4) Lair:2        Slime (0/5) Lair:4
    Orc (2/2) D:12            Elf (0/3) Orc:2        Vaults (5/5) D:14
  Crypt (3/3) Vaults:2       Tomb (3/3) Crypt:3      Depths (4/4) D:15
    Zot (4/5) Depths:4

Altars:
Ashenzari
Cheibriados
Dithmenos
Elyvilon
Fedhas
Gozag
Hepliaklqana
Kikubaaqudgha
Makhleb
Nemelex Xobeh
Okawaru
Qazlal
Ru
Sif Muna
Trog
Uskayaw
Vehumet
Wu Jian
Xom
Yredelemnul
Zin
The Shining One
Jiyva

Shops:
D:3 :   D:10 !   Orc:2 (:*[   Vaults:1 !   Vaults:5 (   Depths:2 ::=

Portals:
Hell: Depths:1 Depths:2 Depths:3 Depths:4
Abyss: Depths:3
Pandemonium: Depths:1 Depths:2
Ziggurat: Depths:2

Annotations:
D:4 1 runed translucent door, Crazy Yiuf
D:6 1 runed translucent door, qw's ghost, novice GrFi
D:10 1 runed translucent door, qw's ghost, journeyman GrFi
D:13 4 runed translucent doors, qdestroyer's ghost, journeyman MiFi
Lair:4 2 runed translucent doors, Zaegoraum's ghost, journeyman DsAK
Spider:2 2 transporters
Orc:2 2 runed translucent doors, qw's ghost, adept GrFi
Depths:3 3 runed translucent doors, Xutext's ghost, adept DsAK


Message History

Your body is wracked with pain!
Your daeva convulses!
Ykychey comes into view.
The Brimstone Fiend gestures at you.
The sphere of damnation explodes!
The damnation engulfs the Brimstone Fiend.
The Brimstone Fiend completely resists.
The damnation engulfs you!!
Your daeva calls down the wrath of the Shining One upon the Brimstone Fiend.
The Brimstone Fiend is smitten.
You hear a shout!
You slash the Brimstone Fiend!
The Brimstone Fiend convulses!
The Brimstone Fiend is moderately wounded.
You block the Brimstone Fiend's attack. x2
The Brimstone Fiend hits you but does no damage.
You hit the Brimstone Fiend but do no damage.
The Brimstone Fiend is moderately wounded.
The Brimstone Fiend calls on the powers of darkness!
Your body is wracked with pain!
Your daeva convulses!
The Brimstone Fiend gestures at you.
The sphere of damnation explodes!
The damnation engulfs you!!! The damnation engulfs your daeva!!
Your daeva dies!
Your daeva dissolves into sparkling lights!
The damnation engulfs the Brimstone Fiend.
The Brimstone Fiend completely resists.
Ykychey sneers, "Back with thee, thou jarring earth-vexing boar-pig!"
79922 ||| READING 9 scrolls of teleportation.
As you read the scroll of teleportation, it crumbles to dust.
You feel strangely unstable. The Brimstone Fiend gestures at you.
The sphere of damnation explodes!
The damnation engulfs you!!! The Shining One protects you from harm!
The damnation engulfs the Brimstone Fiend.
The Brimstone Fiend completely resists.
79923 ||| DRINKING 4 potions of heal wounds.
You feel much better. The Brimstone Fiend gestures at you.
The sphere of damnation explodes!
The damnation engulfs you!!
You die...

##.######.#...#
##.........
...##...#.#.#.# .....
..# .###..........# ..
.###.......##.#
###...........## #
##...........# . #
##...........## .8.
#......)).....###000..
................@11&0...
................###00...
....##..........# ...
.... ##..........# .
.... #...######... ....
####.# .... .... ..
..... #.#..


You could see Ykychey (clouds) and 2 Brimstone Fiends.

Vanquished Creatures
  3 ancient liches
  A dread lich (Crypt:3)
  Mara (Swamp:3)
  3 juggernauts (Depths:4)
  23 royal mummies
  Sojobo (Vaults:3)
  2 Killer Klowns (Zot:4)
  Vv (Crypt:1)
  Boris (Tomb:1)
  Bai Suzhen (Crypt:2)
  Xtahua (Vaults:4)
  A curse toe (Zot:3)
  2 caustic shrikes (Depths:4)
  A golden dragon (shapeshifter) (Vaults:5)
  Nikola (Swamp:1)
  8 golden dragons
  2 pandemonium lords (Pan)
  A pearl dragon (Pan)
  2 bone dragons
  Arachne (Spider:3)
  2 electric golems (Zot:4)
  Jorgrun (Orc:2)
  An Ice Fiend (Pan)
  A Hell Sentinel (Tomb:3)
  A hellephant (Pan)
  9 liches
  17 tentacled monstrosities
  A walking crystal tome (Depths:4)
  6 deep elf blademasters
  A walking frostbound tome (Depths:4)
  14 titans
  A deep elf master archer (Crypt:3)
  6 quicksilver dragons
  6 ancient champions
  14 sphinxes
  2 Executioners
  2 death cobs
  3 walking divine tomes (Depths:4)
  Kirke (D:13)
  Frances (Swamp:1)
  16 storm dragons
  11 tengu reavers
  Donald (Swamp:1)
  9 shadow dragons
  A revenant (Crypt:2)
  11 daevas (Pan)
  7 demonspawn warmongers (Pan)
  8 draconian knights
  4 draconian monks
  17 fire giants
  An azure jelly (Swamp:4)
  12 vault wardens
  2 fenstrider witches (Swamp:3)
  17 frost giants
  3 iron dragons
  9 emperor scorpions
  11 ghost moths
  6 draconian scorchers
  19 angels (Pan)
  6 draconian shifters (Zot:3)
  A curse skull (Crypt:1)
  5 draconian stormcallers
  Louise (Spider:4)
  4 balrugs
  8 spriggan defenders
  2 demonspawn corrupters (Pan)
  5 draconian annihilators
  8 ghouls
  14 ophanim (Pan)
  7 reapers (Pan)
  2 broodmothers (shapeshifter)
  4 broodmothers
  2 orc warlords
  8 war gargoyles
  24 stone giants
  9 vampire knights
  10 bennus
  21 ironbound preservers
  5 ironbound thunderhulks
  16 very ugly things
  2 eleionomae
  6 green draconians
  23 dire elephants
  Nessos (D:14)
  2 demonspawn black suns (Pan)
  A deep elf annihilator (Vaults:5)
  22 apis (Pan)
  10 black draconians
  12 white draconians
  2 lorocyprocas (Pan)
  13 red draconians
  6 yellow draconians
  8 spark wasps
  9 purple draconians
  2 green deaths
  2 eidola (Crypt:2)
  19 mummy priests
  2 blizzard demons (Pan)
  2 jiangshi (Crypt:2)
  13 ettins
  2 deep elf death magi (Crypt:2)
  14 fire dragons
  A shambling mangrove (Swamp:4)
  15 yaktaur captains
  A deep elf high priest (Vaults:5)
  A quicksilver dragon zombie (Crypt:2)
  5 crystal guardians
  A spriggan zombie (Crypt:3)
  Josephine (Lair:5)
  8 great orbs of eyes
  37 vault guards
  2 hell beasts
  A quicksilver dragon skeleton (Crypt:3)
  7 entropy weavers
  A merfolk avatar (Lair:5)
  2 rakshasas
  6 ironbound frosthearts
  3 peacekeepers
  8 hydras
  5 spriggan air magi
  15 ice dragons
  4 radroaches
  2 ghost crabs
  A catoblepas (D:13)
  A jorogumo (Spider:3)
  11 centaur warriors
  A spriggan skeleton (Tomb:2)
  5 two-headed ogres
  5 dancing weapons (Crypt:3)
  6 death knights
  A fenstrider witch skeleton (Crypt:3)
  7 boulder beetles
  6 death yaks (Lair:3)
  A two-headed ogre (shapeshifter) (Vaults:5)
  98 death scarabs
  An anaconda (shapeshifter) (Vaults:5)
  6 alligators
  9 tengu warriors
  5 deep troll earth magi
  2 orc high priests (Orc:2)
  2 vampire magi
  An Orb Guardian skeleton (Crypt:2)
  Urug (Orc:2)
  10 spriggan berserkers
  Sonja (Orc:1)
  13 hell knights
  5 deep troll shamans
  19 spriggans
  13 sun demons
  11 deep elf knights
  6 sixfirhies
  Amaemon (D:9)
  14 soul eaters
  27 skeletal warriors
  4 pharaoh ants
  2 death drakes
  2 titan skeletons
  A sea snake (Lair:5)
  A shadow wraith (Vaults:5)
  2 storm dragon skeletons
  40 deep trolls
  A swamp dragon (Swamp:2)
  11 cherubim (Pan)
  9 goliath frogs
  An anaconda zombie (Tomb:1)
  4 spriggan druids
  5 glowing orange brains
  14 lindwurms
  4 flayed ghosts
  5 shadow demons (Pan)
  16 orb spiders
  An obsidian statue (Depths:3)
  An iron giant skeleton (Crypt:2)
  9 steelbarb worms
  18 ironbound convokers
  4 bog bodies
  6 orc knights
  Pikel (D:9)
  A lindwurm (shapeshifter) (Depths:4)
  10 deep elf archers
  11 harpies
  A harpy (shapeshifter) (D:14)
  A golden dragon skeleton (Tomb:1)
  9 necromancers
  15 phantasmal warriors
  5 wizards
  8 large abominations (Pan)
  A mana viper (shapeshifter) (Vaults:5)
  4 deep elf zephyrmancers
  11 deep elf pyromancers
  17 wolf spiders
  An iron dragon zombie (Crypt:3)
  2 cyclopes
  21 ugly things
  3 orc sorcerers (Orc:2)
  A salamander (D:15)
  5 will-o-the-wisps
  A wolf spider (shapeshifter) (Vaults:4)
  A stone giant zombie (Crypt:1)
  5 manticores
  An ice statue (D:15)
  17 elephants
  5 black mambas
  An eye of devastation (Depths:2)
  16 moths of wrath
  2 rust devils (Pan)
  20 vault sentinels
  4 smoke demons
  5 torpor snails
  An alligator snapping turtle zombie (Tomb:3)
  14 cane toads
  An unseen horror (D:13)
  A komodo dragon (shapeshifter) (Depths:2)
  4 gargoyles
  2 centaur skeletons
  8 demonic crawlers
  A tormentor (Depths:2)
  3 orange demons
  A purple draconian zombie (Crypt:1)
  A pale draconian zombie (Crypt:2)
  2 hellions
  15 komodo dragons
  2 dire elephant skeletons
  21 yaktaurs
  A redback zombie (Crypt:2)
  A rime drake (shapeshifter) (D:15)
  4 ice devils
  7 rime drakes
  An efreet (D:11)
  A black draconian zombie (Crypt:1)
  9 freezing wraiths
  7 hellwings
  An iron troll zombie (Crypt:2)
  3 red devils
  2 tengu conjurers
  3 queen bees
  37 guardian mummies
  8 trolls
  9 tyrant leeches
  8 polar bears
  2 harpy zombies
  3 bloated husks
  A wind drake (Lair:5)
  2 harpy skeletons
  An ettin zombie (Tomb:1)
  27 hornets
  A tarantella (shapeshifter) (D:14)
  5 dream sheep
  A merfolk zombie (Crypt:3)
  2 fire dragon zombies (Crypt:3)
  29 slime creatures
  A snapping turtle (Lair:5)
  33 tarantellas
  10 blink frogs
  A satyr zombie (Crypt:1)
  37 jumping spiders
  65 flying skulls
  11 wraiths
  10 ynoxinuls
  5 centaur simulacra
  A shadow (D:11)
  24 culicivoras
  10 ushabtiu
  A culicivora (shapeshifter) (Vaults:5)
  57 yaks
  11 wyverns
  2 yaks (shapeshifter)
  4 water elementals
  2 vampires
  A slime creature zombie (Crypt:1)
  A hog (shapeshifter) (D:13)
  17 chaos spawn
  3 neqoxecs
  4 hogs (D:13)
  A redback (shapeshifter) (Vaults:5)
  13 basilisks
  A steam dragon (Lair:5)
  A steam dragon (shapeshifter) (Vaults:5)
  57 redbacks
  3 swamp worm simulacra (Swamp:4)
  2 humans (D:13)
  19 vampire mosquitoes
  A warg (Orc:2)
  19 swamp worms
  An acid dragon (shapeshifter) (Vaults:5)
  An acid dragon (D:11)
  Duvessa (D:4)
  15 hydra simulacra (Swamp:4)
  3 naga skeletons
  14 water moccasins
  5 floating eyes
  2 sky beasts (D:7)
  2 ice beasts
  32 orc warriors
  2 black bears
  10 wolves
  5 ogres
  An ogre (shapeshifter) (Vaults:5)
  12 centaurs
  4 lemures (D:9)
  2 kobold brigands
  14 bullfrogs
  6 scorpions
  A gnoll sergeant (D:11)
  11 necrophages
  Dowan (D:4)
  A yak zombie (Crypt:2)
  A water moccasin skeleton (Crypt:1)
  52 killer bees
  2 electric eels
  A hound (D:5)
  5 jellies
  3 gnoll boudas
  10 orc priests
  3 iguanas
  14 orc wizards
  21 hell rats
  46 mummies
  A steam dragon zombie (Crypt:2)
  7 adders
  8 gnolls
  2 river rats (Lair:2)
  2 shadow imps (D:7)
  4 white imps
  2 ufetubi (D:6)
  5 swamp drake simulacra (Swamp:4)
  An iguana zombie (Crypt:2)
  A worm (D:2)
  A dart slug (D:3)
  69 orcs
  7 endoplasms
  4 giant cockroaches
  10 goblins
  8 hobgoblins
  6 quokkas
  3 ball pythons
  4 bats
  A frilled lizard (D:3)
  10 kobolds
  9 rats
  A river rat skeleton (Crypt:2)
2581 creatures vanquished.

Vanquished Creatures (collateral kills)
  6 royal mummies
  A Brimstone Fiend (Pan)
  A lich (Tomb:2)
  A titan (Tomb:2)
  3 fire giants
  A balrug (Pan)
  2 frost giants
  3 reapers (Pan)
  A demonspawn blood saint (Pan)
  2 stone giants
  2 bennus
  A purple draconian (Tomb:2)
  A green death (Pan)
  3 blizzard demons (Pan)
  A mummy priest (Tomb:1)
  A spriggan skeleton (Tomb:3)
  14 death scarabs
  5 deep elf knights
  A soul eater (Pan)
  2 sun demons (Pan)
  2 shadow demons (Pan)
  A deep elf archer (Tomb:2)
  A deep elf pyromancer (Tomb:2)
  A smoke demon (Pan)
  A hellion (Pan)
  6 guardian mummies
  An ice dragon zombie (Tomb:1)
  2 flying skulls (Tomb:3)
  2 ynoxinuls (Pan)
  4 chaos spawn (Pan)
  8 mummies
81 creatures vanquished.

Vanquished Creatures (others)
  An Executioner (Pan)
  A draconian knight (Zot:3)
  A very ugly thing (Depths:4)
  A hydra (Swamp:1)
  A deep elf zephyrmancer (Tomb:2)
  A flying skull (Tomb:3)
  A chaos spawn (Pan)
  2 swamp worms (Swamp:4)
  A bush (Lair:4)
  17 foxfires
  38 fungi
  74 plants
139 creatures vanquished.

Grand Total: 2801 creatures vanquished

Notes
Turn   | Place    | Note
-------+----------+-------------------------------------------
     0 | D:1      | qw the Gargoyle Fighter began the quest for the Orb.
     0 | D:1      | Reached XP level 1. HP: 14/14 MP: 1/1
     0 | D:1      | 0 ||| qw: Version: 0.2-a-12-gaebbb33
     0 | D:1      | 0 ||| qw: Game counter: 1264
     0 | D:1      | 0 ||| qw: Always use a shield: true
     0 | D:1      | 0 ||| qw: God list: Okawaru
     0 | D:1      | 0 ||| qw: Allow faded altars: false
     0 | D:1      | 0 ||| qw: Do Orc after D:15 true
     0 | D:1      | 0 ||| qw: Do second Lair branch before Depths: true
     0 | D:1      | 0 ||| qw: Lair rune preference: random
     0 | D:1      | 0 ||| qw: Plans: Normal, Zot:1-4, God:TSO, Crypt, Tomb,
                  | Pan, Slime:5, Hells, Abyss, Orb
     0 | D:1      | 0 ||| PLANNING D:1-11
   591 | D:1      | Reached XP level 2. HP: 19/19 MP: 2/2
   634 | D:1      | 634 ||| DROPPING +0 hand axe of electrocution.
   645 | D:1      | Found a faded altar of an unknown god.
   986 | D:1      | 986 ||| UPGRADING to +0 chain mail.
   996 | D:1      | 996 ||| DROPPING +0 scale mail.
   997 | D:1      | 997 ||| UPGRADING to +0 pair of gloves.
  1002 | D:1      | 1002 ||| UPGRADING to +0 pair of boots.
  1007 | D:1      | 1007 ||| UPGRADING to ring of protection from cold.
  1008 | D:1      | 1008 ||| READING scroll labelled ICIUTO ZIEMAL.
  1009 | D:1      | 1009 ||| DRINKING 2 black potions.
  1070 | D:2      | 1070 ||| Stepping ~*~*~tactically~*~*~ (stealth).
  1071 | D:2      | 1071 ||| Stepping ~*~*~tactically~*~*~ (stealth).
  1073 | D:2      | 1073 ||| Stepping ~*~*~tactically~*~*~ (stealth).
  1074 | D:2      | 1074 ||| Stepping ~*~*~tactically~*~*~ (stealth).
  1075 | D:2      | 1075 ||| Stepping ~*~*~tactically~*~*~ (stealth).
  1076 | D:2      | 1076 ||| Stepping ~*~*~tactically~*~*~ (stealth).
  1077 | D:2      | 1077 ||| Stepping ~*~*~tactically~*~*~ (stealth).
  1078 | D:2      | 1078 ||| Stepping ~*~*~tactically~*~*~ (stealth).
  1089 | D:2      | 1089 ||| FLEEEEING.
  1098 | D:2      | Reached skill level 3 in Axes
  1263 | D:2      | Reached XP level 3. HP: 23/23 MP: 3/3
  1407 | D:2      | 1407 ||| DROPPING +0 club.
  1646 | D:2      | 1646 ||| UPGRADING to +6 ring of strength.
  1647 | D:2      | 1647 ||| READING 2 scrolls labelled HYHOUJ ZOCOA.
  1652 | D:2      | 1652 ||| READING scroll labelled GAEBRISHREUJ.
  1653 | D:2      | 1653 ||| READING scroll labelled FEWOTT NEOXT.
  1654 | D:2      | 1654 ||| DRINKING 2 sedimented yellow potions.
  1655 | D:2      | 1655 ||| READING 2 scrolls of identify.
  1655 | D:2      | 1655 ||| IDENTIFYING murky grey potion
  1656 | D:2      | 1656 ||| DROPPING potion of berserk rage.
  1753 | D:3      | Found Kujyj's Book Emporium.
  1800 | D:3      | Reached XP level 4. HP: 26/28 MP: 4/4
  1954 | D:3      | 1954 ||| Stepping ~*~*~tactically~*~*~ (stealth).
  2335 | D:3      | 2335 ||| UPGRADING to amulet of guardian spirit.
  2340 | D:3      | 2340 ||| READING scroll labelled NUINOMICE TUAGH.
  2340 | D:3      | Identified a scroll of acquirement
  2340 | D:3      | 2340 ||| ACQUIRING +0 war axe of electrocution
  2340 | D:3      | Acquired a +0 war axe of electrocution
  2342 | D:3      | 2342 ||| SWAPPING to +0 war axe of electrocution.
  2343 | D:3      | 2343 ||| DROPPING +0 war axe.
  2344 | D:3      | 2344 ||| READING scroll labelled DUKKOSTRAXU.
  2345 | D:3      | 2345 ||| READING 2 scrolls labelled PAABIXO NUBU.
  2346 | D:3      | 2346 ||| READING scroll labelled TIUMPE HYTA.
  2347 | D:3      | 2347 ||| DRINKING 2 bubbling puce potions.
  2348 | D:3      | 2348 ||| DRINKING 2 ruby potions.
  2349 | D:3      | 2349 ||| READING 2 scrolls of identify.
  2349 | D:3      | 2349 ||| IDENTIFYING smoky dark potion
  2350 | D:3      | 2350 ||| DROPPING potion of degeneration.
  2351 | D:3      | 2351 ||| DROPPING potion of magic.
  2352 | D:3      | 2352 ||| DROPPING potion of flight.
  2353 | D:3      | 2353 ||| DROPPING scroll of noise.
  2473 | D:4      | 2473 ||| Stepping ~*~*~tactically~*~*~ (stealth).
  2492 | D:4      | Found a runed translucent door.
  2493 | D:4      | Noticed Crazy Yiuf
  2565 | D:4      | Noticed Dowan
  2566 | D:4      | Noticed Duvessa
  2571 | D:4      | Killed Dowan
  2572 | D:4      | Reached XP level 5. HP: 13/32 MP: 1/5
  2576 | D:4      | Killed Duvessa
  2577 | D:4      | Reached XP level 6. HP: 15/37 MP: 1/6
  2766 | D:4      | 2766 ||| Stepping ~*~*~tactically~*~*~ (stealth).
  2768 | D:4      | 2768 ||| Stepping ~*~*~tactically~*~*~ (hiding).
  2776 | D:4      | 2776 ||| Stepping ~*~*~tactically~*~*~ (stealth).
  2785 | D:4      | 2785 ||| Stepping ~*~*~tactically~*~*~ (stealth).
  2800 | D:4      | 2800 ||| Stepping ~*~*~tactically~*~*~ (stealth).
  3210 | D:4      | Reached skill level 6 in Axes
  3242 | D:4      | Reached skill level 1 in Dodging
  3242 | D:4      | Reached XP level 7. HP: 43/43 MP: 7/7
  3624 | D:4      | 3624 ||| UPGRADING to +0 helmet.
  3629 | D:4      | 3629 ||| UPGRADING to +0 crystal plate armour.
  3639 | D:4      | 3639 ||| DROPPING +0 chain mail.
  3640 | D:4      | 3640 ||| DRINKING 2 smoky sapphire potions.
  3641 | D:4      | 3641 ||| DRINKING 4 smoky golden potions.
  3642 | D:4      | 3642 ||| READING 3 scrolls of identify.
  3642 | D:4      | 3642 ||| IDENTIFYING brown potion
  3643 | D:4      | 3643 ||| READING 2 scrolls of identify.
  3643 | D:4      | 3643 ||| IDENTIFYING bubbling sapphire potion
  3644 | D:4      | 3644 ||| DROPPING potion of brilliance.
  3680 | D:5      | Entered Level 5 of the Dungeon
  4101 | D:5      | 4101 ||| DROPPING +0 mace.
  4292 | D:5      | Reached skill level 6 in Armour
  4319 | D:5      | Found a staircase to the Ecumenical Temple.
  4332 | D:5      | 4332 ||| PLANNING TEMPLE
  4332 | D:5      | 4332 ||| READING scroll labelled EGEYNA WUIWK.
  4339 | Temple   | Entered the Ecumenical Temple
  4339 | Temple   | Found a transporter.
  4339 | Temple   | Found a transporter.
  4341 | Temple   | Found a transporter.
  4341 | Temple   | Found a transporter.
  4351 | Temple   | 4351 ||| PLANNING D:1-11
  4412 | Temple   | 4412 ||| PLANNING OKAWARU WORSHIP
  4415 | Temple   | Became a worshipper of Warmaster Okawaru
  4416 | Temple   | 4416 ||| PLANNING D:1-11
  4416 | Temple   | 4416 ||| REMOVING amulet of guardian spirit.
  4421 | Temple   | 4421 ||| DROPPING amulet of guardian spirit.
  4532 | D:5      | Reached XP level 8. HP: 48/48 MP: 8/8
  4828 | D:6      | 4828 ||| Stepping ~*~*~tactically~*~*~ (stealth).
  4964 | D:6      | Reached skill level 1 in Throwing
  5055 | D:6      | Reached * piety under Okawaru
  5316 | D:6      | Found a runed translucent door.
  5318 | D:6      | Found a shimmering altar of Xom.
  5318 | D:6      | Noticed qw's ghost (novice GrFi)
  5319 | D:6      | Noticed a +1 falchion of chaos
  5529 | D:6      | 5529 ||| DROPPING ring of willpower.
  5530 | D:6      | 5530 ||| UPGRADING to +4 ring of evasion.
  5532 | D:6      | 5532 ||| READING scroll labelled DAFAJU BEOTTYS.
  5592 | D:6      | 5592 ||| READING scroll labelled PAPTOLEEDE.
  5593 | D:6      | 5593 ||| DRINKING 2 emerald potions.
  5636 | D:6      | 5636 ||| READING 7 scrolls of identify.
  5636 | D:6      | 5636 ||| IDENTIFYING metallic blue potion
  5694 | D:7      | Reached skill level 1 in Invocations
  5763 | D:7      | 5763 ||| Stepping ~*~*~tactically~*~*~ (stealth).
  5773 | D:7      | 5773 ||| INVOKING Heroism.
  5778 | D:7      | Reached skill level 2 in Invocations
  5900 | D:7      | 5900 ||| Stepping ~*~*~tactically~*~*~ (stealth).
  5902 | D:7      | 5902 ||| Stepping ~*~*~tactically~*~*~ (stealth).
  5906 | D:7      | 5906 ||| Stepping ~*~*~tactically~*~*~ (stealth).
  6000 | D:7      | Found an opulent altar of Gozag.
  6174 | D:7      | Found a blossoming altar of Fedhas.
  6236 | D:7      | 6236 ||| INVOKING Heroism.
  6243 | D:7      | Reached skill level 3 in Invocations
  6274 | D:7      | 6274 ||| INVOKING Heroism.
  6277 | D:7      | Reached XP level 9. HP: 51/54 MP: 8/11
  6297 | D:7      | Reached skill level 4 in Invocations
  6314 | D:7      | 6314 ||| INVOKING Heroism.
  6344 | D:7      | 6344 ||| INVOKING Heroism.
  6354 | D:7      | Reached ** piety under Okawaru
  6355 | D:7      | Reached skill level 6 in Fighting
  6530 | D:7      | 6530 ||| DROPPING orb of wrath.
  6531 | D:7      | 6531 ||| READING scroll labelled ATARAU BOGHOHA.
  6553 | D:8      | Found a radiant altar of Vehumet.
  6600 | D:8      | 6600 ||| Stepping ~*~*~tactically~*~*~ (hiding).
  6601 | D:8      | 6601 ||| Stepping ~*~*~tactically~*~*~ (hiding).
  6606 | D:8      | 6606 ||| INVOKING Heroism.
  6611 | D:8      | Found a flagged portal.
  6652 | D:8      | 6652 ||| Stepping ~*~*~tactically~*~*~ (hiding).
  6653 | D:8      | 6653 ||| Stepping ~*~*~tactically~*~*~ (hiding).
  6655 | D:8      | 6655 ||| INVOKING Heroism.
  6778 | D:8      | 6778 ||| READING scroll of enchant armour.
  6778 | D:8      | 6778 ||| ENCHANTING +0 crystal plate armour.
  6810 | D:8      | Found a hide-covered altar of Uskayaw.
  6832 | D:8      | 6832 ||| INVOKING Heroism.
  7042 | D:8      | 7042 ||| Stepping ~*~*~tactically~*~*~ (stealth).
  7043 | D:8      | 7043 ||| Stepping ~*~*~tactically~*~*~ (stealth).
  7045 | D:8      | 7045 ||| INVOKING Heroism.
  7183 | D:8      | 7183 ||| Stepping ~*~*~tactically~*~*~ (stealth).
  7187 | D:8      | 7187 ||| Stepping ~*~*~tactically~*~*~ (stealth).
  7204 | D:8      | Reached skill level 9 in Axes
  7278 | D:8      | Found a staircase to the Lair.
  7280 | D:8      | Noticed a komodo dragon
  7281 | D:8      | 7281 ||| INVOKING Heroism.
  7288 | D:8      | Killed a komodo dragon
  7358 | D:8      | Noticed a two-headed ogre
  7359 | D:8      | 7359 ||| INVOKING Heroism.
  7364 | D:8      | Killed a two-headed ogre
  7365 | D:8      | Reached XP level 10. HP: 60/60 MP: 10/13
  7628 | D:8      | 7628 ||| PLANNING LAIR
  7663 | Lair:1   | Entered Level 1 of the Lair of Beasts
  7696 | Lair:1   | 7696 ||| INVOKING Heroism.
  7715 | Lair:1   | 7715 ||| INVOKING Heroism.
  7739 | Lair:1   | 7739 ||| INVOKING Heroism.
  7768 | Lair:1   | 7768 ||| INVOKING Heroism.
  7772 | Lair:1   | Reached skill level 9 in Armour
  7775 | Lair:1   | Noticed a black mamba
  7776 | Lair:1   | 7776 ||| Stepping ~*~*~tactically~*~*~ (stealth).
  7778 | Lair:1   | 7778 ||| Stepping ~*~*~tactically~*~*~ (stealth).
  7779 | Lair:1   | 7779 ||| Stepping ~*~*~tactically~*~*~ (stealth).
  7780 | Lair:1   | Reached *** piety under Okawaru
  7789 | Lair:1   | 7789 ||| INVOKING Heroism.
  7797 | Lair:1   | Killed a black mamba
  7808 | Lair:1   | 7808 ||| Stepping ~*~*~tactically~*~*~ (stealth).
  7810 | Lair:1   | 7810 ||| Stepping ~*~*~tactically~*~*~ (stealth).
  7814 | Lair:1   | 7814 ||| INVOKING Heroism.
  7969 | Lair:1   | 7969 ||| READING scroll of enchant weapon.
  7969 | Lair:1   | 7969 ||| ENCHANTING +1 war axe of electrocution.
  8117 | Lair:1   | Noticed a cane toad
  8118 | Lair:1   | 8118 ||| INVOKING Heroism.
  8120 | Lair:1   | Received a gift from Okawaru
  8124 | Lair:1   | Killed a cane toad
  8269 | Lair:1   | Reached **** piety under Okawaru
  8291 | Lair:1   | 8291 ||| DROPPING +2 whip of pain.
  8325 | Lair:1   | 8325 ||| Stepping ~*~*~tactically~*~*~ (stealth).
  8331 | Lair:1   | 8331 ||| Stepping ~*~*~tactically~*~*~ (stealth).
  8334 | Lair:1   | Reached XP level 11. HP: 68/68 MP: 14/14
  8338 | Lair:1   | 8338 ||| Stepping ~*~*~tactically~*~*~ (stealth).
  8339 | Lair:1   | 8339 ||| Stepping ~*~*~tactically~*~*~ (stealth).
  8351 | Lair:1   | Reached skill level 5 in Invocations
  8363 | Lair:1   | 8363 ||| INVOKING Heroism.
  8575 | Lair:1   | 8575 ||| Stepping ~*~*~tactically~*~*~ (stealth).
  8581 | Lair:1   | 8581 ||| INVOKING Heroism.
  8587 | Lair:1   | Reached skill level 3 in Throwing
  9078 | Lair:1   | 9078 ||| UPGRADING to amulet of reflection.
  9083 | Lair:1   | 9083 ||| READING scroll labelled OSSOPH XIAZI.
  9108 | Lair:2   | 9108 ||| Stepping ~*~*~tactically~*~*~ (stealth).
  9117 | Lair:2   | Reached skill level 6 in Invocations
  9117 | Lair:2   | 9117 ||| Stepping ~*~*~tactically~*~*~ (stealth).
  9120 | Lair:2   | 9120 ||| INVOKING Heroism.
  9141 | Lair:2   | Reached skill level 7 in Invocations
  9170 | Lair:2   | 9170 ||| Stepping ~*~*~tactically~*~*~ (stealth).
  9171 | Lair:2   | 9171 ||| INVOKING Heroism.
  9212 | Lair:2   | 9212 ||| INVOKING Heroism.
  9221 | Lair:2   | Reached ***** piety under Okawaru
  9232 | Lair:2   | Found a staircase to the Swamp.
  9342 | Lair:2   | 9342 ||| INVOKING Heroism.
  9501 | Lair:2   | 9501 ||| FLEEEEING.
  9502 | Lair:2   | 9502 ||| Stepping ~*~*~tactically~*~*~ (stealth).
  9504 | Lair:2   | 9504 ||| Stepping ~*~*~tactically~*~*~ (stealth).
  9506 | Lair:2   | 9506 ||| Stepping ~*~*~tactically~*~*~ (stealth).
  9507 | Lair:2   | 9507 ||| INVOKING Heroism.
  9509 | Lair:2   | 9509 ||| Stepping ~*~*~tactically~*~*~ (stealth).
  9510 | Lair:2   | 9510 ||| Stepping ~*~*~tactically~*~*~ (stealth).
  9511 | Lair:2   | 9511 ||| Stepping ~*~*~tactically~*~*~ (stealth).
  9521 | Lair:2   | Reached skill level 8 in Invocations
  9522 | Lair:2   | Identified the +1 animal skin of Slimy Creativity {rC++
                  | Dex+7} (Okawaru gifted it to you on level 2 of the Lair of
                  | Beasts)
  9522 | Lair:2   | Received a gift from Okawaru
  9606 | Lair:2   | 9606 ||| INVOKING Heroism.
  9664 | Lair:2   | 9664 ||| Stepping ~*~*~tactically~*~*~ (stealth).
  9666 | Lair:2   | 9666 ||| Stepping ~*~*~tactically~*~*~ (stealth).
  9668 | Lair:2   | 9668 ||| INVOKING Heroism.
  9679 | Lair:2   | 9679 ||| Stepping ~*~*~tactically~*~*~ (stealth).
  9688 | Lair:2   | Reached XP level 12. HP: 59/75 MP: 18/18
  9690 | Lair:2   | Reached skill level 9 in Fighting
  9690 | Lair:2   | Reached skill level 9 in Invocations
  9860 | Lair:2   | 9860 ||| Stepping ~*~*~tactically~*~*~ (stealth).
  9888 | Lair:2   | Found a hole to the Spider Nest.
 10108 | Lair:2   | Identified the +0 hat of Utuah {rElec rF+ rN+++ Str-4}
 10239 | Lair:2   | 10239 ||| INVOKING Heroism.
 10247 | Lair:2   | Reached skill level 10 in Invocations
 10367 | Lair:2   | 10367 ||| Stepping ~*~*~tactically~*~*~ (stealth).
 10372 | Lair:2   | 10372 ||| Stepping ~*~*~tactically~*~*~ (stealth).
 10373 | Lair:2   | 10373 ||| Stepping ~*~*~tactically~*~*~ (stealth).
 10374 | Lair:2   | 10374 ||| Stepping ~*~*~tactically~*~*~ (stealth).
 10377 | Lair:2   | 10377 ||| Stepping ~*~*~tactically~*~*~ (stealth).
 10379 | Lair:2   | 10379 ||| Stepping ~*~*~tactically~*~*~ (stealth).
 10384 | Lair:2   | 10384 ||| Stepping ~*~*~tactically~*~*~ (stealth).
 10385 | Lair:2   | 10385 ||| Stepping ~*~*~tactically~*~*~ (stealth).
 10457 | Lair:2   | Reached skill level 12 in Axes
 10547 | Lair:2   | 10547 ||| INVOKING Heroism.
 10607 | Lair:2   | 10607 ||| INVOKING Heroism.
 10609 | Lair:2   | 10609 ||| Stepping ~*~*~tactically~*~*~ (hiding).
 10610 | Lair:2   | 10610 ||| Stepping ~*~*~tactically~*~*~ (stealth).
 10632 | Lair:2   | 10632 ||| Stepping ~*~*~tactically~*~*~ (stealth).
 10634 | Lair:2   | 10634 ||| Stepping ~*~*~tactically~*~*~ (stealth).
 10636 | Lair:2   | 10636 ||| Stepping ~*~*~tactically~*~*~ (stealth).
 10638 | Lair:2   | 10638 ||| Stepping ~*~*~tactically~*~*~ (stealth).
 10639 | Lair:2   | 10639 ||| Stepping ~*~*~tactically~*~*~ (stealth).
 10650 | Lair:2   | 10650 ||| Stepping ~*~*~tactically~*~*~ (stealth).
 10653 | Lair:2   | 10653 ||| Stepping ~*~*~tactically~*~*~ (hiding).
 10654 | Lair:2   | 10654 ||| Stepping ~*~*~tactically~*~*~ (hiding).
 10694 | Lair:2   | 10694 ||| Stepping ~*~*~tactically~*~*~ (stealth).
 10727 | Lair:2   | 10727 ||| Stepping ~*~*~tactically~*~*~ (stealth).
 10734 | Lair:2   | 10734 ||| Stepping ~*~*~tactically~*~*~ (stealth).
 10744 | Lair:2   | 10744 ||| Stepping ~*~*~tactically~*~*~ (stealth).
 10748 | Lair:2   | 10748 ||| Stepping ~*~*~tactically~*~*~ (stealth).
 10750 | Lair:2   | 10750 ||| Stepping ~*~*~tactically~*~*~ (stealth).
 10753 | Lair:2   | 10753 ||| Stepping ~*~*~tactically~*~*~ (stealth).
 10756 | Lair:2   | 10756 ||| Stepping ~*~*~tactically~*~*~ (stealth).
 10780 | Lair:2   | 10780 ||| Stepping ~*~*~tactically~*~*~ (stealth).
 10791 | Lair:2   | Reached skill level 6 in Shields
 10797 | Lair:2   | 10797 ||| INVOKING Heroism.
 10811 | Lair:2   | Identified the +1 pair of gloves of the Prince of Darkness
                  | {Stlth+} (Okawaru gifted it to you on level 2 of the Lair
                  | of Beasts)
 10811 | Lair:2   | Received a gift from Okawaru
 10870 | Lair:2   | 10870 ||| Stepping ~*~*~tactically~*~*~ (stealth).
 11047 | Lair:2   | 11047 ||| Stepping ~*~*~tactically~*~*~ (stealth).
 11102 | Lair:2   | 11102 ||| INVOKING Heroism.
 11312 | Lair:2   | 11312 ||| UPGRADING to +1 pair of gloves of the Prince of
                  | Darkness {Stlth+}.
 11322 | Lair:2   | 11322 ||| DROPPING +0 pair of gloves.
 11323 | Lair:2   | 11323 ||| READING scroll labelled FIDWEE WYMEBI.
 11324 | Lair:2   | 11324 ||| READING scroll labelled WOESCHA LOQ KUD.
 11325 | Lair:2   | 11325 ||| READING 2 scrolls labelled XOROUW FAESO.
 11326 | Lair:2   | 11326 ||| DRINKING 2 glowing inky potions.
 11427 | Lair:2   | 11427 ||| DROPPING potion of ambrosia.
 11428 | Lair:2   | 11428 ||| DROPPING scroll of magic mapping.
 11447 | Lair:3   | 11447 ||| STAIRDANCE
 11459 | Lair:3   | 11459 ||| STAIRDANCE
 11482 | Lair:3   | 11482 ||| STAIRDANCE
 11523 | Lair:3   | Reached XP level 13. HP: 82/82 MP: 20/20
 11580 | Lair:3   | 11580 ||| Stepping ~*~*~tactically~*~*~ (stealth).
 11597 | Lair:3   | 11597 ||| INVOKING Heroism.
 11616 | Lair:3   | 11616 ||| Stepping ~*~*~tactically~*~*~ (stealth).
 11676 | Lair:3   | 11676 ||| Stepping ~*~*~tactically~*~*~ (stealth).
 11682 | Lair:3   | 11682 ||| Stepping ~*~*~tactically~*~*~ (stealth).
 11794 | Lair:3   | 11794 ||| INVOKING Heroism.
 11871 | Lair:3   | 11871 ||| INVOKING Heroism.
 11919 | Lair:3   | 11919 ||| INVOKING Heroism.
 11920 | Lair:3   | 11920 ||| Stepping ~*~*~tactically~*~*~ (stealth).
 11923 | Lair:3   | 11923 ||| INVOKING Finesse.
 11941 | Lair:3   | 11941 ||| Stepping ~*~*~tactically~*~*~ (stealth).
 12034 | Lair:3   | 12034 ||| INVOKING Heroism.
 12035 | Lair:3   | 12035 ||| INVOKING Finesse.
 12069 | Lair:3   | Reached skill level 12 in Armour
 12115 | Lair:3   | 12115 ||| INVOKING Heroism.
 12139 | Lair:3   | 12139 ||| SWAPPING to +0 flail.
 12140 | Lair:3   | 12140 ||| INVOKING Finesse.
 12145 | Lair:3   | Received a gift from Okawaru
 12154 | Lair:3   | 12154 ||| SWAPPING to +2 war axe of chaos.
 12164 | Lair:3   | 12164 ||| Stepping ~*~*~tactically~*~*~ (hiding).
 12183 | Lair:3   | 12183 ||| Stepping ~*~*~tactically~*~*~ (hiding).
 12189 | Lair:3   | 12189 ||| INVOKING Heroism.
 12342 | Lair:3   | 12342 ||| SWAPPING to +7 vorpal broad axe.
 12343 | Lair:3   | 12343 ||| DROPPING +2 war axe of chaos.
 12407 | Lair:3   | Identified the ring "Nuawkob" {Int+4 Dex+6 SInv}
 12467 | Lair:3   | 12467 ||| Stepping ~*~*~tactically~*~*~ (hiding).
 12677 | Lair:3   | 12677 ||| UPGRADING to ring "Nuawkob" {Int+4 Dex+6 SInv}.
 12679 | Lair:3   | 12679 ||| UPGRADING to +4 ring of evasion.
 12789 | Lair:4   | 12789 ||| Stepping ~*~*~tactically~*~*~ (stealth).
 12791 | Lair:4   | 12791 ||| INVOKING Heroism.
 12792 | Lair:4   | 12792 ||| Stepping ~*~*~tactically~*~*~ (stealth).
 12926 | Lair:4   | 12926 ||| INVOKING Heroism.
 12938 | Lair:4   | 12938 ||| INVOKING Finesse.
 12944 | Lair:4   | 12944 ||| SWAPPING to +0 flail.
 12950 | Lair:4   | 12950 ||| Stepping ~*~*~tactically~*~*~ (outnumbered).
 12951 | Lair:4   | 12951 ||| Stepping ~*~*~tactically~*~*~ (outnumbered).
 12964 | Lair:4   | Identified the +0 swamp dragon scales of Rowoe {+Blink
                  | rPois} (Okawaru gifted it to you on level 4 of the Lair of
                  | Beasts)
 12964 | Lair:4   | Received a gift from Okawaru
 12965 | Lair:4   | Reached skill level 3 in Dodging
 12965 | Lair:4   | 12965 ||| SWAPPING to +7 vorpal broad axe.
 13021 | Lair:4   | Found a staircase to the Slime Pits.
 13022 | Lair:4   | Found a viscous altar of Jiyva.
 13127 | Lair:4   | 13127 ||| Stepping ~*~*~tactically~*~*~ (stealth).
 13129 | Lair:4   | 13129 ||| INVOKING Heroism.
 13132 | Lair:4   | 13132 ||| Stepping ~*~*~tactically~*~*~ (stealth).
 13150 | Lair:4   | 13150 ||| Stepping ~*~*~tactically~*~*~ (stealth).
 13177 | Lair:4   | 13177 ||| INVOKING Heroism.
 13354 | Lair:4   | 13354 ||| Stepping ~*~*~tactically~*~*~ (stealth).
 13362 | Lair:4   | 13362 ||| Stepping ~*~*~tactically~*~*~ (stealth).
 13365 | Lair:4   | 13365 ||| Stepping ~*~*~tactically~*~*~ (stealth).
 13366 | Lair:4   | 13366 ||| INVOKING Heroism.
 13380 | Lair:4   | Gained mutation: Your large and strong wings let you fly.
                  | [Gargoyle growth]
 13380 | Lair:4   | Reached XP level 14. HP: 88/88 MP: 19/21
 13582 | Lair:4   | Found a large runed translucent door.
 13583 | Lair:4   | Found a large runed translucent door.
 13585 | Lair:4   | Noticed Zaegoraum's ghost (journeyman DsAK)
 13933 | Lair:4   | 13933 ||| DROPPING amulet of regeneration.
 13955 | Lair:5   | Entered Level 5 of the Lair of Beasts
 14046 | Lair:5   | 14046 ||| INVOKING Heroism.
 14263 | Lair:5   | 14263 ||| INVOKING Heroism.
 14264 | Lair:5   | 14264 ||| SWAPPING to +0 flail.
 14265 | Lair:5   | 14265 ||| INVOKING Finesse.
 14269 | Lair:5   | 14269 ||| Stepping ~*~*~tactically~*~*~ (outnumbered).
 14270 | Lair:5   | 14270 ||| Stepping ~*~*~tactically~*~*~ (outnumbered).
 14271 | Lair:5   | 14271 ||| Stepping ~*~*~tactically~*~*~ (outnumbered).
 14272 | Lair:5   | 14272 ||| Stepping ~*~*~tactically~*~*~ (outnumbered).
 14297 | Lair:5   | 14297 ||| SWAPPING to +7 vorpal broad axe.
 14381 | Lair:5   | Noticed Josephine
 14382 | Lair:5   | 14382 ||| Stepping ~*~*~tactically~*~*~ (hiding).
 14389 | Lair:5   | 14389 ||| INVOKING Heroism.
 14391 | Lair:5   | Killed Josephine
 14429 | Lair:5   | 14429 ||| Stepping ~*~*~tactically~*~*~ (stealth).
 14480 | Lair:5   | Noticed a dire elephant
 14481 | Lair:5   | 14481 ||| INVOKING Heroism.
 14502 | Lair:5   | Killed a dire elephant
 14533 | Lair:5   | 14533 ||| INVOKING Heroism.
 14569 | Lair:5   | 14569 ||| Stepping ~*~*~tactically~*~*~ (stealth).
 14572 | Lair:5   | 14572 ||| Stepping ~*~*~tactically~*~*~ (stealth).
 14586 | Lair:5   | 14586 ||| FLEEEEING.
 14588 | Lair:5   | 14588 ||| FLEEEEING.
 14595 | Lair:5   | 14595 ||| FLEEEEING.
 14606 | Lair:5   | 14606 ||| FLEEEEING.
 14607 | Lair:5   | 14607 ||| FLEEEEING.
 14608 | Lair:5   | 14608 ||| FLEEEEING.
 14609 | Lair:5   | 14609 ||| STAIRDANCE
 14755 | Lair:4   | 14755 ||| READING scroll labelled DAOZXU SACHOIW.
 14799 | Lair:5   | 14799 ||| Stepping ~*~*~tactically~*~*~ (stealth).
 14800 | Lair:5   | 14800 ||| Stepping ~*~*~tactically~*~*~ (stealth).
 14801 | Lair:5   | 14801 ||| Stepping ~*~*~tactically~*~*~ (stealth).
 14802 | Lair:5   | 14802 ||| Stepping ~*~*~tactically~*~*~ (stealth).
 14815 | Lair:5   | 14815 ||| INVOKING Heroism.
 14915 | Lair:5   | 14915 ||| Stepping ~*~*~tactically~*~*~ (hiding).
 14926 | Lair:5   | 14926 ||| Stepping ~*~*~tactically~*~*~ (cloud).
 14941 | Lair:5   | 14941 ||| Stepping ~*~*~tactically~*~*~ (stealth).
 14981 | Lair:5   | 14981 ||| Stepping ~*~*~tactically~*~*~ (hiding).
 15083 | Lair:5   | 15083 ||| Stepping ~*~*~tactically~*~*~ (stealth).
 15140 | Lair:5   | 15140 ||| Stepping ~*~*~tactically~*~*~ (stealth).
 15142 | Lair:5   | 15142 ||| Stepping ~*~*~tactically~*~*~ (hiding).
 15146 | Lair:5   | 15146 ||| INVOKING Heroism.
 15147 | Lair:5   | 15147 ||| INVOKING Finesse.
 15152 | Lair:5   | 15152 ||| Stepping ~*~*~tactically~*~*~ (hiding).
 15176 | Lair:5   | 15176 ||| Stepping ~*~*~tactically~*~*~ (stealth).
 15216 | Lair:5   | Found the +7 captain's cutlass {speed, disarm}
 15235 | Lair:5   | 15235 ||| DROPPING +3 vorpal mace.
 15350 | Lair:5   | 15350 ||| PLANNING D:1-11
 15350 | Lair:5   | 15350 ||| DRINKING 2 lumpy emerald potions.
 15481 | D:9      | 15481 ||| INVOKING Heroism.
 15509 | D:9      | Reached skill level 15 in Axes
 15522 | D:9      | Noticed Amaemon
 15523 | D:9      | 15523 ||| Stepping ~*~*~tactically~*~*~ (stealth).
 15540 | D:9      | 15540 ||| Stepping ~*~*~tactically~*~*~ (stealth).
 15542 | D:9      | 15542 ||| Stepping ~*~*~tactically~*~*~ (hiding).
 15544 | D:9      | 15544 ||| Stepping ~*~*~tactically~*~*~ (hiding).
 15546 | D:9      | 15546 ||| INVOKING Heroism.
 15552 | D:9      | Killed Amaemon
 15633 | D:9      | Noticed Pikel
 15633 | D:9      | 15633 ||| INVOKING Heroism.
 15653 | D:9      | Killed Pikel
 15688 | D:9      | Found an ornate altar of the Wu Jian Council.
 15776 | D:9      | 15776 ||| DROPPING +0 flail.
 15974 | D:9      | 15974 ||| READING 17 scrolls of identify.
 15974 | D:9      | 15974 ||| IDENTIFYING silvery potion
 15975 | D:9      | 15975 ||| DROPPING potion of invisibility.
 15995 | D:10     | Entered Level 10 of the Dungeon
 15997 | D:10     | 15997 ||| STAIRDANCE
 16005 | D:10     | Identified the +5 great sword of Mucziq {venom, rC+ Int+7}
 16122 | D:10     | 16122 ||| Stepping ~*~*~tactically~*~*~ (hiding).
 16237 | D:10     | 16237 ||| Stepping ~*~*~tactically~*~*~ (stealth).
 16337 | D:10     | Found Fusezoth's Distillery.
 16356 | D:10     | 16356 ||| BUYING potion of attraction (39 gold).
 16356 | D:10     | Bought a potion of attraction for 39 gold pieces
 16356 | D:10     | 16356 ||| BUYING potion of heal wounds (65 gold).
 16356 | D:10     | Bought a potion of heal wounds for 65 gold pieces
 16356 | D:10     | 16356 ||| BUYING potion of lignification (39 gold).
 16356 | D:10     | Bought a potion of lignification for 39 gold pieces
 16356 | D:10     | 16356 ||| BUYING potion of resistance (130 gold).
 16356 | D:10     | Bought a potion of resistance for 130 gold pieces
 16601 | D:10     | 16601 ||| INVOKING Heroism.
 16915 | D:10     | Found a runed translucent door.
 16917 | D:10     | Noticed qw's ghost (journeyman GrFi)
 16923 | D:10     | 16923 ||| DROPPING +1 pair of gloves.
 17220 | D:11     | 17220 ||| INVOKING Heroism.
 17394 | D:11     | 17394 ||| INVOKING Heroism.
 17406 | D:11     | Received a gift from Okawaru
 17572 | D:11     | 17572 ||| INVOKING Heroism.
 17679 | D:11     | 17679 ||| INVOKING Heroism.
 17684 | D:11     | Reached skill level 12 in Fighting
 17691 | D:11     | 17691 ||| Stepping ~*~*~tactically~*~*~ (hiding).
 17692 | D:11     | 17692 ||| Stepping ~*~*~tactically~*~*~ (hiding).
 17996 | D:11     | 17996 ||| READING scroll of enchant armour.
 17996 | D:11     | 17996 ||| ENCHANTING +1 crystal plate armour.
 18151 | D:11     | 18151 ||| UPGRADING to +1 helmet of intelligence.
 18161 | D:11     | 18161 ||| DROPPING +0 helmet.
 18162 | D:11     | 18162 ||| UPGRADING to scarf of resistance.
 18167 | D:11     | 18167 ||| DROPPING ring of positive energy.
 18495 | D:10     | 18495 ||| PLANNING D
 18559 | D:12     | 18559 ||| DROPPING -2 demon whip of venom.
 18586 | D:12     | 18586 ||| INVOKING Heroism.
 18592 | D:12     | Reached XP level 15. HP: 96/96 MP: 19/22
 18609 | D:12     | 18609 ||| Stepping ~*~*~tactically~*~*~ (stealth).
 18663 | D:12     | 18663 ||| Stepping ~*~*~tactically~*~*~ (stealth).
 18664 | D:12     | 18664 ||| Stepping ~*~*~tactically~*~*~ (stealth).
 18669 | D:12     | 18669 ||| Stepping ~*~*~tactically~*~*~ (stealth).
 18673 | D:12     | 18673 ||| Stepping ~*~*~tactically~*~*~ (stealth).
 18675 | D:12     | 18675 ||| Stepping ~*~*~tactically~*~*~ (hiding).
 18681 | D:12     | 18681 ||| DRINKING 7 potions of curing.
 18681 | D:12     | 18681 ||| (to cure confusion)
 18725 | D:12     | 18725 ||| READING scroll of enchant weapon.
 18725 | D:12     | 18725 ||| ENCHANTING +7 vorpal broad axe.
 18817 | D:12     | 18817 ||| INVOKING Heroism.
 18990 | D:12     | 18990 ||| INVOKING Heroism.
 18991 | D:12     | 18991 ||| Stepping ~*~*~tactically~*~*~ (hiding).
 19065 | D:12     | Found a staircase to the Orcish Mines.
 19097 | D:12     | 19097 ||| READING scroll of brand weapon.
 19097 | D:12     | 19097 ||| BRANDING +8 vorpal broad axe.
 19150 | D:12     | 19150 ||| INVOKING Heroism.
 19155 | D:12     | 19155 ||| Stepping ~*~*~tactically~*~*~ (stealth).
 19514 | D:13     | 19514 ||| INVOKING Heroism.
 19639 | D:13     | 19639 ||| Stepping ~*~*~tactically~*~*~ (hiding).
 19748 | D:13     | Found a runed translucent gate.
 19752 | D:13     | 19752 ||| Stepping ~*~*~tactically~*~*~ (hiding).
 19856 | D:13     | Found a runed translucent gate.
 19857 | D:13     | Found a runed translucent gate.
 19874 | D:13     | Found a runed translucent door.
 19874 | D:13     | Noticed a frost giant
 19874 | D:13     | Noticed a storm dragon
 19943 | D:13     | 19943 ||| INVOKING Heroism.
 20202 | D:13     | Noticed qdestroyer's ghost (journeyman MiFi)
 20241 | D:13     | 20241 ||| Stepping ~*~*~tactically~*~*~ (stealth).
 20242 | D:13     | 20242 ||| Stepping ~*~*~tactically~*~*~ (stealth).
 20250 | D:13     | 20250 ||| Stepping ~*~*~tactically~*~*~ (stealth).
 20259 | D:13     | 20259 ||| Stepping ~*~*~tactically~*~*~ (stealth).
 20272 | D:13     | Noticed Kirke
 20273 | D:13     | 20273 ||| INVOKING Heroism.
 20274 | D:13     | 20274 ||| INVOKING Finesse.
 20278 | D:13     | Killed Kirke
 20417 | D:13     | 20417 ||| Stepping ~*~*~tactically~*~*~ (hiding).
 20621 | D:14     | 20621 ||| INVOKING Heroism.
 20623 | D:14     | 20623 ||| STAIRDANCE
 20667 | D:14     | 20667 ||| SWAPPING to +2 war axe of flaming.
 20673 | D:14     | 20673 ||| SWAPPING to +8 spectral broad axe.
 20706 | D:14     | 20706 ||| INVOKING Heroism.
 20708 | D:14     | 20708 ||| SWAPPING to +2 war axe of flaming.
 20716 | D:14     | 20716 ||| SWAPPING to +8 spectral broad axe.
 20744 | D:14     | Reached skill level 15 in Armour
 20750 | D:14     | Received a gift from Okawaru
 20754 | D:14     | 20754 ||| Stepping ~*~*~tactically~*~*~ (hiding).
 20758 | D:14     | 20758 ||| Stepping ~*~*~tactically~*~*~ (hiding).
 21016 | D:14     | 21016 ||| INVOKING Heroism.
 21019 | D:14     | 21019 ||| Stepping ~*~*~tactically~*~*~ (stealth).
 21021 | D:14     | 21021 ||| Stepping ~*~*~tactically~*~*~ (stealth).
 21142 | D:14     | 21142 ||| READING scroll of enchant weapon.
 21142 | D:14     | 21142 ||| ENCHANTING +8 spectral broad axe.
 21204 | D:14     | 21204 ||| INVOKING Heroism.
 21484 | D:14     | Found a gate to the Vaults.
 21572 | D:14     | Noticed Nessos
 21573 | D:14     | 21573 ||| Stepping ~*~*~tactically~*~*~ (hiding).
 21577 | D:14     | 21577 ||| INVOKING Finesse.
 21586 | D:14     | Killed Nessos
 21862 | D:14     | 21862 ||| UPGRADING to +0 kite shield.
 21872 | D:14     | 21872 ||| DROPPING +0 buckler.
 21877 | D:15     | Entered Level 15 of the Dungeon
 21878 | D:15     | 21878 ||| PLANNING GAUNTLET
 21878 | D:15     | 21878 ||| STAIRDANCE
 21884 | D:15     | 21884 ||| STAIRDANCE
 21890 | D:15     | 21890 ||| STAIRDANCE
 21960 | D:15     | 21960 ||| STAIRDANCE
 21962 | D:14     | 21962 ||| DRINKING 7 potions of curing.
 21962 | D:14     | 21962 ||| (to cure confusion)
 22048 | D:15     | 22048 ||| STAIRDANCE
 22054 | D:15     | 22054 ||| STAIRDANCE
 22067 | D:14     | Received a gift from Okawaru
 22104 | D:15     | 22104 ||| STAIRDANCE
 22106 | D:14     | 22106 ||| INVOKING Heroism.
 22267 | D:15     | 22267 ||| Stepping ~*~*~tactically~*~*~ (stealth).
 22379 | D:15     | Found a gate leading to a gauntlet.
 22390 | D:15     | 22390 ||| FLEEEEING.
 22393 | D:15     | 22393 ||| INVOKING Heroism.
 22396 | D:15     | Reached skill level 9 in Shields
 22404 | D:15     | 22404 ||| Stepping ~*~*~tactically~*~*~ (hiding).
 22417 | D:15     | Reached XP level 16. HP: 77/101 MP: 23/23
 22418 | D:15     | 22418 ||| Stepping ~*~*~tactically~*~*~ (hiding).
 22783 | D:15     | 22783 ||| Stepping ~*~*~tactically~*~*~ (stealth).
 22784 | D:15     | 22784 ||| Stepping ~*~*~tactically~*~*~ (stealth).
 22788 | D:15     | 22788 ||| Stepping ~*~*~tactically~*~*~ (stealth).
 22794 | D:15     | 22794 ||| Stepping ~*~*~tactically~*~*~ (stealth).
 22950 | D:15     | 22950 ||| Stepping ~*~*~tactically~*~*~ (stealth).
 22954 | D:15     | 22954 ||| Stepping ~*~*~tactically~*~*~ (stealth).
 23007 | D:15     | Found a staircase to the Depths.
 23008 | D:15     | 23008 ||| RIP GAUNTLET
 23008 | D:15     | 23008 ||| PLANNING D
 23190 | D:15     | 23190 ||| INVOKING Heroism.
 23191 | D:15     | 23191 ||| INVOKING Finesse.
 23192 | D:15     | 23192 ||| Stepping randomly (cloudy).
 23193 | D:15     | 23193 ||| Stepping randomly (cloudy).
 23709 | D:15     | 23709 ||| PLANNING ORC
 23709 | D:15     | 23709 ||| UPGRADING to +1 pair of boots of flying.
 23719 | D:15     | 23719 ||| DROPPING +0 pair of boots.
 23816 | Orc:1    | Entered Level 1 of the Orcish Mines
 23818 | Orc:1    | 23818 ||| INVOKING Heroism.
 23823 | Orc:1    | Noticed Sonja
 23824 | Orc:1    | 23824 ||| INVOKING Finesse.
 23830 | Orc:1    | Killed Sonja
 23872 | Orc:1    | 23872 ||| Stepping ~*~*~tactically~*~*~ (hiding).
 23874 | Orc:1    | 23874 ||| Stepping ~*~*~tactically~*~*~ (hiding).
 23886 | Orc:1    | 23886 ||| Stepping ~*~*~tactically~*~*~ (stealth).
 23892 | Orc:1    | 23892 ||| Stepping ~*~*~tactically~*~*~ (hiding).
 23894 | Orc:1    | 23894 ||| Stepping ~*~*~tactically~*~*~ (hiding).
 23896 | Orc:1    | 23896 ||| Stepping ~*~*~tactically~*~*~ (hiding).
 24023 | Orc:1    | 24023 ||| Stepping ~*~*~tactically~*~*~ (stealth).
 24024 | Orc:1    | 24024 ||| Stepping ~*~*~tactically~*~*~ (stealth).
 24025 | Orc:1    | 24025 ||| Stepping ~*~*~tactically~*~*~ (stealth).
 24034 | Orc:1    | 24034 ||| Stepping ~*~*~tactically~*~*~ (hiding).
 24035 | Orc:1    | 24035 ||| Stepping ~*~*~tactically~*~*~ (hiding).
 24063 | Orc:1    | 24063 ||| Stepping ~*~*~tactically~*~*~ (stealth).
 24064 | Orc:1    | 24064 ||| Stepping ~*~*~tactically~*~*~ (stealth).
 24091 | Orc:1    | 24091 ||| Stepping ~*~*~tactically~*~*~ (hiding).
 24094 | Orc:1    | 24094 ||| Stepping ~*~*~tactically~*~*~ (hiding).
 24097 | Orc:1    | 24097 ||| INVOKING Heroism.
 24355 | Orc:2    | Entered Level 2 of the Orcish Mines
 24355 | Orc:2    | Found Rostu's Antique Weapon Boutique.
 24356 | Orc:2    | 24356 ||| INVOKING Heroism.
 24473 | Orc:2    | 24473 ||| INVOKING Heroism.
 24474 | Orc:2    | 24474 ||| INVOKING Finesse.
 24475 | Orc:2    | Found Ygarrala's Antique Armour Boutique.
 24475 | Orc:2    | Noticed Urug
 24480 | Orc:2    | Received a gift from Okawaru
 24491 | Orc:2    | Killed Urug
 24492 | Orc:2    | Reached skill level 12 in Shields
 24565 | Orc:2    | 24565 ||| BUYING pair of embroidered boots (187 gold).
 24565 | Orc:2    | Bought a pair of embroidered boots for 187 gold pieces
 24582 | Orc:2    | Found Urextoej's General Store.
 24583 | Orc:2    | 24583 ||| Stepping ~*~*~tactically~*~*~ (hiding).
 24588 | Orc:2    | 24588 ||| INVOKING Heroism.
 24634 | Orc:2    | 24634 ||| BUYING potion of magic (104 gold).
 24634 | Orc:2    | Bought a potion of magic for 104 gold pieces
 24691 | Orc:2    | Found a staircase to the Elven Halls.
 24700 | Orc:2    | Noticed Jorgrun
 24701 | Orc:2    | 24701 ||| Stepping ~*~*~tactically~*~*~ (hiding).
 24702 | Orc:2    | 24702 ||| INVOKING Heroism.
 24703 | Orc:2    | 24703 ||| INVOKING Finesse.
 24714 | Orc:2    | Killed Jorgrun
 24983 | Orc:2    | 24983 ||| INVOKING Heroism.
 24984 | Orc:2    | Found Vadwivouti's Book Emporium.
 25015 | Orc:2    | 25015 ||| Stepping ~*~*~tactically~*~*~ (stealth).
 25081 | Orc:2    | Found a large runed translucent door.
 25081 | Orc:2    | Found a large runed translucent door.
 25083 | Orc:2    | Noticed qw's ghost (adept GrFi)
 25089 | Orc:2    | 25089 ||| INVOKING Heroism.
 25187 | Orc:2    | 25187 ||| Stepping ~*~*~tactically~*~*~ (hiding).
 25191 | Orc:2    | 25191 ||| INVOKING Heroism.
 25228 | Orc:2    | 25228 ||| Stepping ~*~*~tactically~*~*~ (stealth).
 25229 | Orc:2    | 25229 ||| INVOKING Heroism.
 25387 | Orc:2    | 25387 ||| DROPPING +1 pair of boots of rampaging.
 25513 | Orc:1    | 25513 ||| Stepping ~*~*~tactically~*~*~ (hiding).
 25522 | Orc:1    | 25522 ||| Stepping ~*~*~tactically~*~*~ (stealth).
 25525 | Orc:1    | 25525 ||| Stepping ~*~*~tactically~*~*~ (stealth).
 25527 | Orc:1    | 25527 ||| Stepping ~*~*~tactically~*~*~ (hiding).
 25528 | Orc:1    | 25528 ||| Stepping ~*~*~tactically~*~*~ (hiding).
 25672 | Orc:1    | 25672 ||| INVOKING Heroism.
 25787 | Orc:1    | 25787 ||| Stepping ~*~*~tactically~*~*~ (stealth).
 25822 | Orc:1    | 25822 ||| PLANNING SPIDER:1-3
 26029 | Spider:1 | Entered Level 1 of the Spider Nest
 26058 | Spider:1 | 26058 ||| Stepping ~*~*~tactically~*~*~ (stealth).
 26062 | Spider:1 | 26062 ||| INVOKING Heroism.
 26190 | Spider:1 | 26190 ||| Stepping ~*~*~tactically~*~*~ (stealth).
 26197 | Spider:1 | 26197 ||| Stepping ~*~*~tactically~*~*~ (stealth).
 26198 | Spider:1 | 26198 ||| Stepping ~*~*~tactically~*~*~ (hiding).
 26200 | Spider:1 | 26200 ||| Stepping ~*~*~tactically~*~*~ (stealth).
 26201 | Spider:1 | 26201 ||| Stepping ~*~*~tactically~*~*~ (stealth).
 26203 | Spider:1 | 26203 ||| INVOKING Heroism.
 26207 | Spider:1 | 26207 ||| Stepping ~*~*~tactically~*~*~ (hiding).
 26242 | Spider:1 | 26242 ||| Stepping ~*~*~tactically~*~*~ (stealth).
 26253 | Spider:1 | 26253 ||| Stepping ~*~*~tactically~*~*~ (stealth).
 26254 | Spider:1 | 26254 ||| Stepping ~*~*~tactically~*~*~ (stealth).
 26255 | Spider:1 | 26255 ||| Stepping ~*~*~tactically~*~*~ (stealth).
 26256 | Spider:1 | 26256 ||| Stepping ~*~*~tactically~*~*~ (stealth).
 26257 | Spider:1 | 26257 ||| INVOKING Heroism.
 26527 | Spider:1 | 26527 ||| Stepping ~*~*~tactically~*~*~ (stealth).
 26529 | Spider:1 | 26529 ||| Stepping ~*~*~tactically~*~*~ (stealth).
 26531 | Spider:1 | 26531 ||| INVOKING Heroism.
 26567 | Spider:1 | 26567 ||| Stepping ~*~*~tactically~*~*~ (stealth).
 26572 | Spider:1 | 26572 ||| Stepping ~*~*~tactically~*~*~ (hiding).
 26641 | Spider:1 | 26641 ||| Stepping ~*~*~tactically~*~*~ (stealth).
 26647 | Spider:1 | 26647 ||| INVOKING Heroism.
 26648 | Spider:1 | 26648 ||| INVOKING Finesse.
 26689 | Spider:1 | Received a gift from Okawaru
 26695 | Spider:1 | 26695 ||| INVOKING Heroism.
 26987 | Spider:1 | 26987 ||| Stepping ~*~*~tactically~*~*~ (stealth).
 26990 | Spider:1 | 26990 ||| Stepping ~*~*~tactically~*~*~ (stealth).
 26992 | Spider:1 | 26992 ||| INVOKING Heroism.
 27056 | Spider:1 | 27056 ||| INVOKING Heroism.
 27067 | Spider:1 | Received a gift from Okawaru
 27171 | Spider:2 | 27171 ||| INVOKING Heroism.
 27172 | Spider:2 | 27172 ||| INVOKING Finesse.
 27173 | Spider:2 | 27173 ||| STAIRDANCE
 27212 | Spider:2 | 27212 ||| STAIRDANCE
 27214 | Spider:1 | 27214 ||| INVOKING Heroism.
 27215 | Spider:1 | 27215 ||| INVOKING Finesse.
 27258 | Spider:2 | 27258 ||| STAIRDANCE
 27292 | Spider:2 | 27292 ||| INVOKING Finesse.
 27333 | Spider:2 | 27333 ||| INVOKING Heroism.
 27342 | Spider:2 | Reached XP level 17. HP: 108/108 MP: 22/24
 27361 | Spider:2 | 27361 ||| Stepping ~*~*~tactically~*~*~ (stealth).
 27562 | Spider:2 | 27562 ||| Stepping ~*~*~tactically~*~*~ (stealth).
 27563 | Spider:2 | 27563 ||| Stepping ~*~*~tactically~*~*~ (stealth).
 27565 | Spider:2 | 27565 ||| INVOKING Heroism.
 27566 | Spider:2 | 27566 ||| Stepping ~*~*~tactically~*~*~ (stealth).
 27691 | Spider:2 | Found a transporter.
 27694 | Spider:2 | Found a transporter.
 27997 | Spider:2 | 27997 ||| INVOKING Heroism.
 28037 | Spider:2 | 28037 ||| Stepping ~*~*~tactically~*~*~ (stealth).
 28038 | Spider:2 | 28038 ||| Stepping ~*~*~tactically~*~*~ (stealth).
 28104 | Spider:2 | 28104 ||| FLEEEEING.
 28118 | Spider:2 | 28118 ||| Stepping ~*~*~tactically~*~*~ (stealth).
 28121 | Spider:2 | 28121 ||| Stepping ~*~*~tactically~*~*~ (stealth).
 28132 | Spider:2 | 28132 ||| Stepping ~*~*~tactically~*~*~ (stealth).
 28134 | Spider:2 | 28134 ||| Stepping ~*~*~tactically~*~*~ (stealth).
 28146 | Spider:2 | 28146 ||| READING 11 scrolls of teleportation.
 28280 | Spider:2 | 28280 ||| Stepping ~*~*~tactically~*~*~ (stealth).
 28283 | Spider:2 | 28283 ||| Stepping ~*~*~tactically~*~*~ (stealth).
 28284 | Spider:2 | 28284 ||| INVOKING Heroism.
 28285 | Spider:2 | 28285 ||| Stepping ~*~*~tactically~*~*~ (stealth).
 28287 | Spider:2 | 28287 ||| Stepping ~*~*~tactically~*~*~ (stealth).
 28415 | Spider:3 | 28415 ||| STAIRDANCE
 28436 | Spider:3 | Reached skill level 6 in Throwing
 28439 | Spider:3 | Received a gift from Okawaru
 28442 | Spider:3 | Noticed Arachne
 28462 | Spider:3 | 28462 ||| INVOKING Finesse.
 28463 | Spider:3 | Killed Arachne
 28595 | Spider:3 | 28595 ||| READING scroll of enchant armour.
 28595 | Spider:3 | 28595 ||| ENCHANTING +2 crystal plate armour.
 28673 | Spider:3 | 28673 ||| INVOKING Heroism.
 28676 | Spider:3 | Received a gift from Okawaru
 28776 | Spider:3 | 28776 ||| Stepping ~*~*~tactically~*~*~ (stealth).
 28800 | Spider:3 | 28800 ||| Stepping ~*~*~tactically~*~*~ (stealth).
 28801 | Spider:3 | 28801 ||| Stepping ~*~*~tactically~*~*~ (stealth).
 28835 | Spider:3 | 28835 ||| Stepping ~*~*~tactically~*~*~ (stealth).
 28837 | Spider:3 | 28837 ||| Stepping ~*~*~tactically~*~*~ (hiding).
 28991 | Spider:3 | 28991 ||| INVOKING Finesse.
 29004 | Spider:3 | 29004 ||| Stepping ~*~*~tactically~*~*~ (stealth).
 29026 | Spider:3 | 29026 ||| Stepping ~*~*~tactically~*~*~ (stealth).
 29027 | Spider:3 | 29027 ||| Stepping ~*~*~tactically~*~*~ (stealth).
 29029 | Spider:3 | 29029 ||| Stepping ~*~*~tactically~*~*~ (stealth).
 29039 | Spider:3 | 29039 ||| Stepping ~*~*~tactically~*~*~ (stealth).
 29041 | Spider:3 | 29041 ||| Stepping ~*~*~tactically~*~*~ (stealth).
 29166 | Spider:3 | 29166 ||| Stepping ~*~*~tactically~*~*~ (stealth).
 29168 | Spider:3 | 29168 ||| Stepping ~*~*~tactically~*~*~ (stealth).
 29170 | Spider:3 | 29170 ||| INVOKING Heroism.
 29171 | Spider:3 | 29171 ||| Stepping ~*~*~tactically~*~*~ (stealth).
 29176 | Spider:3 | 29176 ||| INVOKING Finesse.
 29180 | Spider:3 | Reached skill level 18 in Axes
 29190 | Spider:3 | 29190 ||| Stepping ~*~*~tactically~*~*~ (stealth).
 29196 | Spider:3 | 29196 ||| Stepping ~*~*~tactically~*~*~ (stealth).
 29205 | Spider:3 | 29205 ||| Stepping ~*~*~tactically~*~*~ (stealth).
 29229 | Spider:3 | 29229 ||| DRINKING 6 potions of curing.
 29229 | Spider:3 | 29229 ||| (to cure confusion)
 29236 | Spider:3 | 29236 ||| Stepping ~*~*~tactically~*~*~ (stealth).
 29295 | Spider:3 | 29295 ||| Stepping ~*~*~tactically~*~*~ (stealth).
 29549 | Spider:3 | 29549 ||| READING scroll of acquirement.
 29549 | Spider:3 | 29549 ||| ACQUIRING 584 gold pieces
 29549 | Spider:3 | Acquired 584 gold pieces
 29655 | Spider:3 | 29655 ||| PLANNING SWAMP:1-3
 29768 | Swamp:1  | Entered Level 1 of the Swamp
 29792 | Swamp:1  | 29792 ||| INVOKING Heroism.
 29844 | Swamp:1  | 29844 ||| INVOKING Heroism.
 29975 | Swamp:1  | 29975 ||| READING scroll of enchant armour.
 29975 | Swamp:1  | 29975 ||| ENCHANTING +3 crystal plate armour.
 30028 | Swamp:1  | 30028 ||| Stepping ~*~*~tactically~*~*~ (hiding).
 30033 | Swamp:1  | 30033 ||| INVOKING Heroism.
 30035 | Swamp:1  | Noticed Frances
 30036 | Swamp:1  | 30036 ||| INVOKING Finesse.
 30041 | Swamp:1  | 30041 ||| Stepping ~*~*~tactically~*~*~ (hiding).
 30051 | Swamp:1  | Killed Frances
 30059 | Swamp:1  | 30059 ||| Stepping ~*~*~tactically~*~*~ (hiding).
 30165 | Swamp:1  | 30165 ||| INVOKING Heroism.
 30228 | Swamp:1  | Noticed Nikola
 30229 | Swamp:1  | 30229 ||| INVOKING Heroism.
 30231 | Swamp:1  | 30231 ||| Stepping ~*~*~tactically~*~*~ (hiding).
 30238 | Swamp:1  | Received a gift from Okawaru
 30239 | Swamp:1  | Killed Nikola
 30456 | Swamp:1  | Identified the +4 kite shield "Kifalofi" {rN+ Will++ Str-5
                  | Stlth+}
 30456 | Swamp:1  | Noticed Donald
 30457 | Swamp:1  | 30457 ||| INVOKING Heroism.
 30464 | Swamp:1  | Killed Donald
 30569 | Swamp:1  | 30569 ||| DROPPING +1 pair of gloves.
 30570 | Swamp:1  | 30570 ||| UPGRADING to +4 kite shield "Kifalofi" {rN+
                  | Will++ Str-5 Stlth+}.
 30580 | Swamp:1  | 30580 ||| DROPPING +0 kite shield.
 30691 | Swamp:2  | 30691 ||| Stepping ~*~*~tactically~*~*~ (hiding).
 30695 | Swamp:2  | 30695 ||| INVOKING Heroism.
 30703 | Swamp:2  | 30703 ||| Stepping ~*~*~tactically~*~*~ (stealth).
 30964 | Swamp:2  | 30964 ||| INVOKING Heroism.
 30966 | Swamp:2  | 30966 ||| SWAPPING to +2 war axe of flaming.
 30971 | Swamp:2  | 30971 ||| SWAPPING to +9 spectral broad axe.
 30974 | Swamp:2  | 30974 ||| Stepping ~*~*~tactically~*~*~ (hiding).
 31087 | Swamp:2  | Reached XP level 18. HP: 102/116 MP: 25/25
 31088 | Swamp:2  | 31088 ||| INVOKING Heroism.
 31111 | Swamp:2  | 31111 ||| Stepping ~*~*~tactically~*~*~ (stealth).
 31134 | Swamp:2  | 31134 ||| DROPPING +2 war axe of flaming.
 31155 | Swamp:2  | 31155 ||| Stepping ~*~*~tactically~*~*~ (stealth).
 31156 | Swamp:2  | 31156 ||| Stepping ~*~*~tactically~*~*~ (stealth).
 31157 | Swamp:2  | 31157 ||| Stepping ~*~*~tactically~*~*~ (stealth).
 31452 | Swamp:3  | 31452 ||| INVOKING Heroism.
 31555 | Swamp:3  | 31555 ||| INVOKING Heroism.
 31562 | Swamp:3  | Identified the +1 scale mail of Intuition {rElec rCorr}
                  | (Okawaru gifted it to you on level 3 of the Swamp)
 31562 | Swamp:3  | Received a gift from Okawaru
 31621 | Swamp:3  | 31621 ||| INVOKING Heroism.
 31623 | Swamp:3  | Noticed Mara
 31624 | Swamp:3  | 31624 ||| INVOKING Finesse.
 31633 | Swamp:3  | Noticed qw's illusion
 31656 | Swamp:3  | Killed Mara
 31725 | Swamp:3  | 31725 ||| Stepping ~*~*~tactically~*~*~ (hiding).
 31727 | Swamp:3  | 31727 ||| Stepping ~*~*~tactically~*~*~ (hiding).
 31731 | Swamp:3  | 31731 ||| INVOKING Heroism.
 31956 | Swamp:3  | 31956 ||| Stepping ~*~*~tactically~*~*~ (hiding).
 31957 | Swamp:3  | 31957 ||| Stepping ~*~*~tactically~*~*~ (hiding).
 31958 | Swamp:3  | 31958 ||| Stepping ~*~*~tactically~*~*~ (stealth).
 31959 | Swamp:3  | 31959 ||| Stepping ~*~*~tactically~*~*~ (stealth).
 31960 | Swamp:3  | 31960 ||| INVOKING Heroism.
 31996 | Swamp:3  | Identified the +2 leather armour of the Comet {rN++ Str+4
                  | Int-4}
 32232 | Swamp:3  | 32232 ||| INVOKING Heroism.
 32267 | Swamp:3  | 32267 ||| PLANNING SPIDER:4
 32408 | Spider:4 | Entered Level 4 of the Spider Nest
 32409 | Spider:4 | 32409 ||| STAIRDANCE
 32415 | Spider:4 | 32415 ||| STAIRDANCE
 32417 | Spider:3 | 32417 ||| INVOKING Heroism.
 32430 | Spider:4 | 32430 ||| INVOKING Finesse.
 32431 | Spider:4 | 32431 ||| STAIRDANCE
 32462 | Spider:4 | 32462 ||| INVOKING Finesse.
 32464 | Spider:4 | 32464 ||| INVOKING Heroism.
 32471 | Spider:4 | 32471 ||| STAIRDANCE
 32611 | Spider:4 | 32611 ||| STAIRDANCE
 32668 | Spider:4 | 32668 ||| INVOKING Heroism.
 32717 | Spider:4 | 32717 ||| INVOKING Heroism.
 32740 | Spider:4 | Reached skill level 18 in Armour
 32754 | Spider:4 | 32754 ||| INVOKING Heroism.
 32755 | Spider:4 | HP: 29/116 [jumping spider (1)]
 32756 | Spider:4 | 32756 ||| READING 17 scrolls of teleportation.
 32761 | Spider:4 | 32761 ||| Stepping ~*~*~tactically~*~*~ (stealth).
 32762 | Spider:4 | 32762 ||| Stepping ~*~*~tactically~*~*~ (stealth).
 32769 | Spider:4 | 32769 ||| INVOKING Finesse.
 33103 | Spider:4 | Identified the +3 ring mail of the Dragon {Int+7}
 33134 | Spider:4 | Noticed Louise
 33135 | Spider:4 | 33135 ||| Stepping ~*~*~tactically~*~*~ (hiding).
 33145 | Spider:4 | Killed Louise
 33170 | Spider:4 | 33170 ||| INVOKING Finesse.
 33445 | Spider:4 | 33445 ||| INVOKING Heroism.
 33513 | Spider:4 | Reached skill level 15 in Fighting
 33522 | Spider:4 | 33522 ||| READING scroll of acquirement.
 33522 | Spider:4 | 33522 ||| ACQUIRING 950 gold pieces
 33522 | Spider:4 | Acquired 950 gold pieces
 33526 | Spider:4 | 33526 ||| Stepping ~*~*~tactically~*~*~ (stealth).
 33527 | Spider:4 | 33527 ||| Stepping ~*~*~tactically~*~*~ (stealth).
 33536 | Spider:4 | 33536 ||| INVOKING Heroism.
 33749 | Spider:4 | 33749 ||| INVOKING Heroism.
 33899 | Spider:4 | Got a gossamer rune of Zot
 33987 | Spider:4 | 33987 ||| PLANNING VAULTS:1-4
 33987 | Spider:4 | 33987 ||| UPGRADING to +0 tower shield.
 33997 | Spider:4 | 33997 ||| DROPPING scarf of invisibility.
 33998 | Spider:4 | 33998 ||| DROPPING +4 kite shield "Kifalofi" {rN+ Will++
                  | Str-5 Stlth+}.
 33999 | Spider:4 | 33999 ||| DROPPING scarf of invisibility.
 34307 | Vaults:1 | Entered Level 1 of the Vaults
 34309 | Vaults:1 | 34309 ||| INVOKING Heroism.
 34313 | Vaults:1 | Received a gift from Okawaru
 34318 | Vaults:1 | Reached skill level 15 in Shields
 34477 | Vaults:1 | 34477 ||| INVOKING Heroism.
 34841 | Vaults:1 | 34841 ||| INVOKING Heroism.
 34858 | Vaults:1 | Reached XP level 19. HP: 65/124 MP: 26/26
 34862 | Vaults:1 | Received a gift from Okawaru
 34867 | Vaults:1 | HP: 27/124 [dire elephant (9)]
 34868 | Vaults:1 | 34868 ||| Stepping ~*~*~tactically~*~*~ (hiding).
 34869 | Vaults:1 | 34869 ||| READING 17 scrolls of teleportation.
 34870 | Vaults:1 | 34870 ||| DRINKING 8 potions of heal wounds.
 34873 | Vaults:1 | 34873 ||| Stepping ~*~*~tactically~*~*~ (hiding).
 35157 | Vaults:1 | 35157 ||| Stepping ~*~*~tactically~*~*~ (stealth).
 35167 | Vaults:1 | 35167 ||| INVOKING Heroism.
 35356 | Vaults:1 | 35356 ||| Stepping ~*~*~tactically~*~*~ (stealth).
 35369 | Vaults:1 | 35369 ||| Stepping ~*~*~tactically~*~*~ (hiding).
 35386 | Vaults:1 | 35386 ||| INVOKING Heroism.
 35390 | Vaults:1 | 35390 ||| Stepping ~*~*~tactically~*~*~ (hiding).
 35395 | Vaults:1 | Identified the +2 hand axe of Gehaahel {vorpal, rElec Will+
                  | Str-4 Dex+4} (Okawaru gifted it to you on level 1 of the
                  | Vaults)
 35395 | Vaults:1 | Received a gift from Okawaru
 35403 | Vaults:1 | 35403 ||| INVOKING Finesse.
 35896 | Vaults:1 | 35896 ||| INVOKING Heroism.
 36006 | Vaults:1 | Found Vainwaja's Distillery.
 36009 | Vaults:1 | 36009 ||| BUYING potion of heal wounds (85 gold).
 36009 | Vaults:1 | Bought a potion of heal wounds for 85 gold pieces
 36009 | Vaults:1 | 36009 ||| BUYING potion of heal wounds (85 gold).
 36009 | Vaults:1 | Bought a potion of heal wounds for 85 gold pieces
 36009 | Vaults:1 | 36009 ||| BUYING potion of might (68 gold).
 36009 | Vaults:1 | Bought a potion of might for 68 gold pieces
 36257 | Vaults:1 | 36257 ||| DROPPING +1 helmet.
 36313 | Vaults:2 | 36313 ||| PLANNING WIZLAB
 36336 | Vaults:2 | 36336 ||| FLEEEEING.
 36337 | Vaults:2 | 36337 ||| FLEEEEING.
 36338 | Vaults:2 | 36338 ||| STAIRDANCE
 36442 | Vaults:2 | 36442 ||| STAIRDANCE
 36470 | Vaults:2 | 36470 ||| STAIRDANCE
 36507 | Vaults:2 | 36507 ||| STAIRDANCE
 36871 | Vaults:2 | 36871 ||| Stepping ~*~*~tactically~*~*~ (hiding).
 36877 | Vaults:2 | 36877 ||| INVOKING Heroism.
 36923 | Vaults:2 | 36923 ||| Stepping ~*~*~tactically~*~*~ (stealth).
 36924 | Vaults:2 | 36924 ||| Stepping ~*~*~tactically~*~*~ (stealth).
 36941 | Vaults:2 | 36941 ||| FLEEEEING.
 36942 | Vaults:2 | 36942 ||| FLEEEEING.
 36943 | Vaults:2 | 36943 ||| FLEEEEING.
 36944 | Vaults:2 | 36944 ||| FLEEEEING.
 36945 | Vaults:2 | 36945 ||| FLEEEEING.
 36946 | Vaults:2 | 36946 ||| FLEEEEING.
 36947 | Vaults:2 | 36947 ||| FLEEEEING.
 36948 | Vaults:2 | 36948 ||| FLEEEEING.
 36949 | Vaults:2 | 36949 ||| FLEEEEING.
 36950 | Vaults:2 | 36950 ||| FLEEEEING.
 36951 | Vaults:2 | 36951 ||| FLEEEEING.
 36952 | Vaults:2 | 36952 ||| FLEEEEING.
 36953 | Vaults:2 | 36953 ||| FLEEEEING.
 36954 | Vaults:2 | 36954 ||| FLEEEEING.
 36955 | Vaults:2 | 36955 ||| FLEEEEING.
 36956 | Vaults:2 | 36956 ||| FLEEEEING.
 36957 | Vaults:2 | 36957 ||| FLEEEEING.
 36957 | Vaults:2 | 36957 ||| RIP WIZLAB
 36958 | Vaults:2 | 36958 ||| PLANNING VAULTS:1-4
 36958 | Vaults:2 | 36958 ||| FLEEEEING.
 36959 | Vaults:2 | 36959 ||| FLEEEEING.
 36960 | Vaults:2 | 36960 ||| FLEEEEING.
 36961 | Vaults:2 | 36961 ||| FLEEEEING.
 36962 | Vaults:2 | 36962 ||| FLEEEEING.
 36963 | Vaults:2 | 36963 ||| FLEEEEING.
 36964 | Vaults:2 | 36964 ||| FLEEEEING.
 36965 | Vaults:2 | 36965 ||| FLEEEEING.
 36966 | Vaults:2 | 36966 ||| FLEEEEING.
 36967 | Vaults:2 | 36967 ||| FLEEEEING.
 36968 | Vaults:2 | 36968 ||| FLEEEEING.
 36969 | Vaults:2 | 36969 ||| FLEEEEING.
 36970 | Vaults:2 | 36970 ||| FLEEEEING.
 36971 | Vaults:2 | 36971 ||| FLEEEEING.
 36972 | Vaults:2 | 36972 ||| FLEEEEING.
 36973 | Vaults:2 | 36973 ||| FLEEEEING.
 36974 | Vaults:2 | 36974 ||| FLEEEEING.
 36976 | Vaults:2 | 36976 ||| FLEEEEING.
 36977 | Vaults:2 | 36977 ||| FLEEEEING.
 36978 | Vaults:2 | 36978 ||| FLEEEEING.
 36979 | Vaults:2 | 36979 ||| FLEEEEING.
 36980 | Vaults:2 | 36980 ||| FLEEEEING.
 36981 | Vaults:2 | 36981 ||| FLEEEEING.
 36982 | Vaults:2 | 36982 ||| FLEEEEING.
 36983 | Vaults:2 | 36983 ||| FLEEEEING.
 36984 | Vaults:2 | 36984 ||| FLEEEEING.
 36985 | Vaults:2 | 36985 ||| FLEEEEING.
 36986 | Vaults:2 | 36986 ||| FLEEEEING.
 36988 | Vaults:2 | 36988 ||| FLEEEEING.
 36989 | Vaults:2 | 36989 ||| FLEEEEING.
 36990 | Vaults:2 | 36990 ||| FLEEEEING.
 36991 | Vaults:2 | 36991 ||| FLEEEEING.
 36992 | Vaults:2 | 36992 ||| FLEEEEING.
 36993 | Vaults:2 | 36993 ||| FLEEEEING.
 37002 | Vaults:2 | 37002 ||| STAIRDANCE
 37061 | Vaults:2 | 37061 ||| STAIRDANCE
 37067 | Vaults:1 | Received a gift from Okawaru
 37091 | Vaults:2 | 37091 ||| Stepping ~*~*~tactically~*~*~ (stealth).
 37120 | Vaults:2 | 37120 ||| INVOKING Heroism.
 37126 | Vaults:2 | Reached skill level 18 in Shields
 37183 | Vaults:2 | Received a gift from Okawaru
 37248 | Vaults:2 | 37248 ||| INVOKING Heroism.
 37353 | Vaults:2 | 37353 ||| Stepping ~*~*~tactically~*~*~ (hiding).
 37361 | Vaults:2 | 37361 ||| INVOKING Heroism.
 37552 | Vaults:2 | Noticed a bone dragon
 37563 | Vaults:2 | Killed a bone dragon
 37567 | Vaults:2 | Found a staircase to the Crypt.
 37569 | Vaults:2 | Identified the +7 broad axe "Ydookopt" {venom, Drain rElec
                  | Dex+4} (Okawaru gifted it to you on level 2 of the Vaults)
 37569 | Vaults:2 | Received a gift from Okawaru
 37636 | Vaults:2 | 37636 ||| DROPPING +7 broad axe "Ydookopt" {venom, Drain
                  | rElec Dex+4}.
 37755 | Vaults:2 | 37755 ||| Stepping ~*~*~tactically~*~*~ (stealth).
 37762 | Vaults:2 | 37762 ||| INVOKING Heroism.
 37848 | Vaults:2 | 37848 ||| Stepping ~*~*~tactically~*~*~ (stealth).
 37852 | Vaults:2 | 37852 ||| Stepping ~*~*~tactically~*~*~ (stealth).
 37855 | Vaults:2 | 37855 ||| FLEEEEING.
 37880 | Vaults:2 | 37880 ||| FLEEEEING.
 37881 | Vaults:2 | 37881 ||| FLEEEEING.
 37882 | Vaults:2 | 37882 ||| FLEEEEING.
 37883 | Vaults:2 | 37883 ||| FLEEEEING.
 37884 | Vaults:2 | 37884 ||| FLEEEEING.
 38088 | Vaults:2 | Identified the +4 arbalest of Broken Luck {speed, *Corrode
                  | rElec Int+4}
 38549 | Vaults:3 | 38549 ||| Stepping ~*~*~tactically~*~*~ (hiding).
 38666 | Vaults:3 | 38666 ||| INVOKING Heroism.
 38773 | Vaults:3 | Noticed Sojobo
 38774 | Vaults:3 | 38774 ||| INVOKING Heroism.
 38775 | Vaults:3 | 38775 ||| INVOKING Finesse.
 38804 | Vaults:3 | Killed Sojobo
 38815 | Vaults:3 | 38815 ||| FLEEEEING.
 38816 | Vaults:3 | 38816 ||| FLEEEEING.
 38817 | Vaults:3 | 38817 ||| FLEEEEING.
 38818 | Vaults:3 | 38818 ||| FLEEEEING.
 38819 | Vaults:3 | 38819 ||| FLEEEEING.
 38820 | Vaults:3 | 38820 ||| FLEEEEING.
 38821 | Vaults:3 | 38821 ||| FLEEEEING.
 38823 | Vaults:3 | 38823 ||| FLEEEEING.
 38824 | Vaults:3 | 38824 ||| FLEEEEING.
 38825 | Vaults:3 | 38825 ||| FLEEEEING.
 38826 | Vaults:3 | 38826 ||| FLEEEEING.
 38827 | Vaults:3 | 38827 ||| FLEEEEING.
 38828 | Vaults:3 | 38828 ||| FLEEEEING.
 38829 | Vaults:3 | 38829 ||| FLEEEEING.
 38830 | Vaults:3 | 38830 ||| FLEEEEING.
 38831 | Vaults:3 | 38831 ||| INVOKING Heroism.
 38838 | Vaults:3 | Identified the +9 broad axe of Disembowelment {vorpal,
                  | Will++ Str+5 Int+2} (Okawaru gifted it to you on level 3 of
                  | the Vaults)
 38838 | Vaults:3 | Received a gift from Okawaru
 38839 | Vaults:3 | Reached XP level 20. HP: 60/130 MP: 24/27
 38839 | Vaults:3 | 38839 ||| FLEEEEING.
 38840 | Vaults:3 | 38840 ||| FLEEEEING.
 38841 | Vaults:3 | 38841 ||| FLEEEEING.
 38842 | Vaults:3 | 38842 ||| FLEEEEING.
 38843 | Vaults:3 | 38843 ||| FLEEEEING.
 38844 | Vaults:3 | 38844 ||| FLEEEEING.
 38845 | Vaults:3 | 38845 ||| FLEEEEING.
 38846 | Vaults:3 | 38846 ||| FLEEEEING.
 38847 | Vaults:3 | 38847 ||| FLEEEEING.
 38848 | Vaults:3 | 38848 ||| FLEEEEING.
 38849 | Vaults:3 | 38849 ||| FLEEEEING.
 38850 | Vaults:3 | 38850 ||| FLEEEEING.
 38851 | Vaults:3 | 38851 ||| FLEEEEING.
 38852 | Vaults:3 | 38852 ||| FLEEEEING.
 38853 | Vaults:3 | 38853 ||| FLEEEEING.
 38854 | Vaults:3 | 38854 ||| FLEEEEING.
 38855 | Vaults:3 | 38855 ||| FLEEEEING.
 38856 | Vaults:3 | 38856 ||| FLEEEEING.
 38857 | Vaults:3 | 38857 ||| FLEEEEING.
 38858 | Vaults:3 | 38858 ||| FLEEEEING.
 39087 | Vaults:3 | 39087 ||| SWAPPING to +9 broad axe of Disembowelment
                  | {vorpal, Will++ Str+5 Int+2}.
 39599 | Vaults:3 | 39599 ||| Stepping ~*~*~tactically~*~*~ (hiding).
 39717 | Vaults:3 | 39717 ||| INVOKING Heroism.
 39718 | Vaults:3 | 39718 ||| Stepping ~*~*~tactically~*~*~ (stealth).
 39735 | Vaults:3 | 39735 ||| Stepping ~*~*~tactically~*~*~ (hiding).
 39787 | Vaults:3 | 39787 ||| INVOKING Heroism.
 39791 | Vaults:3 | Reached skill level 9 in Throwing
 39806 | Vaults:3 | 39806 ||| Stepping ~*~*~tactically~*~*~ (hiding).
 39828 | Vaults:3 | Identified the +1 robe of Immorality {rF+} (Okawaru gifted
                  | it to you on level 3 of the Vaults)
 39828 | Vaults:3 | Received a gift from Okawaru
 39894 | Vaults:3 | 39894 ||| INVOKING Finesse.
 39896 | Vaults:3 | 39896 ||| INVOKING Heroism.
 39934 | Vaults:3 | Reached skill level 6 in Dodging
 40167 | Vaults:3 | 40167 ||| Stepping ~*~*~tactically~*~*~ (stealth).
 40169 | Vaults:3 | 40169 ||| INVOKING Heroism.
 40170 | Vaults:3 | 40170 ||| Stepping ~*~*~tactically~*~*~ (stealth).
 40239 | Vaults:3 | 40239 ||| Stepping ~*~*~tactically~*~*~ (stealth).
 40330 | Vaults:3 | 40330 ||| Stepping ~*~*~tactically~*~*~ (hiding).
 40352 | Vaults:3 | 40352 ||| Stepping ~*~*~tactically~*~*~ (hiding).
 40369 | Vaults:3 | 40369 ||| Stepping ~*~*~tactically~*~*~ (hiding).
 40413 | Vaults:3 | 40413 ||| INVOKING Heroism.
 40572 | Vaults:3 | 40572 ||| Stepping ~*~*~tactically~*~*~ (stealth).
 40577 | Vaults:3 | 40577 ||| INVOKING Heroism.
 40671 | Vaults:3 | 40671 ||| Stepping ~*~*~tactically~*~*~ (hiding).
 40800 | Vaults:3 | You are sucked into a shaft and drop 1 floor!
 40801 | Vaults:4 | 40801 ||| PLANNING BAZAAR
 40808 | Vaults:4 | 40808 ||| Stepping ~*~*~tactically~*~*~ (stealth).
 40812 | Vaults:4 | 40812 ||| Stepping ~*~*~tactically~*~*~ (hiding).
 40819 | Vaults:4 | 40819 ||| INVOKING Heroism.
 40820 | Vaults:4 | 40820 ||| INVOKING Finesse.
 40822 | Vaults:4 | Noticed Xtahua
 40823 | Vaults:4 | 40823 ||| DRINKING 5 potions of resistance.
 40842 | Vaults:4 | Killed Xtahua
 40926 | Vaults:4 | Identified the +3 plate armour "Haniyn" {rPois Will++}
 40970 | Vaults:4 | Found a flickering gateway to a bazaar.
 40979 | Bazaar   | Entered a bazaar
 40979 | Bazaar   | Found Zoiloasme's Weapon Boutique.
 40979 | Bazaar   | Found Rone Lei's Weapon Boutique.
 40993 | Bazaar   | Found Tiehos's Book Emporium.
 41046 | Bazaar   | Found Ribbekit's Antique Weapon Shoppe.
 41082 | Vaults:4 | 41082 ||| PLANNING VAULTS:1-4
 41139 | Vaults:4 | Identified the +6 chain mail "Xonaff" {+Blink rF++ Dex-5
                  | SInv}
 41178 | Vaults:4 | 41178 ||| Stepping ~*~*~tactically~*~*~ (stealth).
 41189 | Vaults:4 | 41189 ||| Stepping ~*~*~tactically~*~*~ (hiding).
 41280 | Vaults:4 | 41280 ||| PLANNING SWAMP:4
 41596 | Swamp:4  | Entered Level 4 of the Swamp
 41712 | Swamp:4  | 41712 ||| Stepping ~*~*~tactically~*~*~ (hiding).
 41713 | Swamp:4  | 41713 ||| Stepping ~*~*~tactically~*~*~ (hiding).
 41830 | Swamp:4  | 41830 ||| Stepping ~*~*~tactically~*~*~ (stealth).
 41832 | Swamp:4  | 41832 ||| Stepping ~*~*~tactically~*~*~ (hiding).
 41837 | Swamp:4  | 41837 ||| INVOKING Heroism.
 41842 | Swamp:4  | 41842 ||| Stepping ~*~*~tactically~*~*~ (cloud).
 41863 | Swamp:4  | 41863 ||| Stepping ~*~*~tactically~*~*~ (stealth).
 42204 | Swamp:4  | Received a gift from Okawaru
 42214 | Swamp:4  | 42214 ||| INVOKING Heroism.
 42220 | Swamp:4  | Reached XP level 21. HP: 138/139 MP: 26/28
 42398 | Swamp:4  | 42398 ||| Stepping ~*~*~tactically~*~*~ (stealth).
 42528 | Swamp:4  | 42528 ||| Stepping ~*~*~tactically~*~*~ (stealth).
 42712 | Swamp:4  | 42712 ||| PLANNING SWAMP:1-3
 42761 | Swamp:3  | 42761 ||| PLANNING SWAMP:4
 42763 | Swamp:4  | 42763 ||| PLANNING SWAMP:1-3
 42763 | Swamp:4  | 42763 ||| READING 21 scrolls of teleportation.
 42764 | Swamp:4  | 42764 ||| STAIRDANCE
 42768 | Swamp:3  | 42768 ||| PLANNING SWAMP:4
 42813 | Swamp:4  | 42813 ||| Stepping ~*~*~tactically~*~*~ (stealth).
 42849 | Swamp:4  | 42849 ||| Stepping ~*~*~tactically~*~*~ (hiding).
 42907 | Swamp:4  | 42907 ||| Stepping ~*~*~tactically~*~*~ (stealth).
 42908 | Swamp:4  | 42908 ||| Stepping ~*~*~tactically~*~*~ (stealth).
 42910 | Swamp:4  | 42910 ||| Stepping ~*~*~tactically~*~*~ (hiding).
 43009 | Swamp:4  | 43009 ||| PLANNING SWAMP:1-3
 43011 | Swamp:4  | 43011 ||| Stepping ~*~*~tactically~*~*~ (cloud).
 43029 | Swamp:4  | 43029 ||| Stepping ~*~*~tactically~*~*~ (cloud).
 43052 | Swamp:3  | 43052 ||| PLANNING SWAMP:4
 43054 | Swamp:4  | 43054 ||| PLANNING SWAMP:1-3
 43054 | Swamp:4  | 43054 ||| READING 20 scrolls of teleportation.
 43055 | Swamp:4  | 43055 ||| STAIRDANCE
 43058 | Swamp:3  | 43058 ||| PLANNING SWAMP:4
 43088 | Swamp:4  | 43088 ||| PLANNING SWAMP:1-3
 43089 | Swamp:4  | 43089 ||| Stepping ~*~*~tactically~*~*~ (cloud).
 43110 | Swamp:3  | 43110 ||| PLANNING SWAMP:4
 43112 | Swamp:4  | 43112 ||| PLANNING SWAMP:1-3
 43112 | Swamp:4  | 43112 ||| READING 19 scrolls of teleportation.
 43113 | Swamp:4  | 43113 ||| STAIRDANCE
 43116 | Swamp:3  | 43116 ||| PLANNING SWAMP:4
 43166 | Swamp:4  | 43166 ||| PLANNING SWAMP:1-3
 43186 | Swamp:3  | 43186 ||| PLANNING SWAMP:4
 43188 | Swamp:4  | 43188 ||| PLANNING SWAMP:1-3
 43188 | Swamp:4  | 43188 ||| READING 18 scrolls of teleportation.
 43189 | Swamp:4  | 43189 ||| STAIRDANCE
 43193 | Swamp:3  | 43193 ||| PLANNING SWAMP:4
 43228 | Swamp:4  | 43228 ||| PLANNING SWAMP:1-3
 43248 | Swamp:3  | 43248 ||| PLANNING SWAMP:4
 43250 | Swamp:4  | 43250 ||| PLANNING SWAMP:1-3
 43250 | Swamp:4  | 43250 ||| READING 17 scrolls of teleportation.
 43251 | Swamp:4  | 43251 ||| STAIRDANCE
 43253 | Swamp:3  | 43253 ||| PLANNING SWAMP:4
 43290 | Swamp:4  | 43290 ||| PLANNING SWAMP:1-3
 43307 | Swamp:3  | 43307 ||| PLANNING SWAMP:4
 43309 | Swamp:4  | 43309 ||| PLANNING SWAMP:1-3
 43309 | Swamp:4  | 43309 ||| READING 16 scrolls of teleportation.
 43310 | Swamp:4  | 43310 ||| STAIRDANCE
 43312 | Swamp:3  | 43312 ||| PLANNING SWAMP:4
 43341 | Swamp:4  | 43341 ||| PLANNING SWAMP:1-3
 43358 | Swamp:3  | 43358 ||| PLANNING SWAMP:4
 43360 | Swamp:4  | 43360 ||| PLANNING SWAMP:1-3
 43360 | Swamp:4  | 43360 ||| READING 15 scrolls of teleportation.
 43361 | Swamp:4  | 43361 ||| STAIRDANCE
 43363 | Swamp:3  | 43363 ||| PLANNING SWAMP:4
 43405 | Swamp:4  | 43405 ||| PLANNING SWAMP:1-3
 43425 | Swamp:3  | 43425 ||| PLANNING SWAMP:4
 43427 | Swamp:4  | 43427 ||| PLANNING SWAMP:1-3
 43427 | Swamp:4  | 43427 ||| READING 14 scrolls of teleportation.
 43428 | Swamp:4  | 43428 ||| STAIRDANCE
 43430 | Swamp:3  | 43430 ||| PLANNING SWAMP:4
 43469 | Swamp:4  | 43469 ||| PLANNING SWAMP:1-3
 43487 | Swamp:3  | 43487 ||| PLANNING SWAMP:4
 43489 | Swamp:4  | 43489 ||| PLANNING SWAMP:1-3
 43489 | Swamp:4  | 43489 ||| READING 13 scrolls of teleportation.
 43490 | Swamp:4  | 43490 ||| STAIRDANCE
 43494 | Swamp:3  | 43494 ||| PLANNING SWAMP:4
 43543 | Swamp:4  | 43543 ||| PLANNING SWAMP:1-3
 43562 | Swamp:3  | 43562 ||| PLANNING SWAMP:4
 43564 | Swamp:4  | 43564 ||| PLANNING SWAMP:1-3
 43564 | Swamp:4  | 43564 ||| READING 12 scrolls of teleportation.
 43565 | Swamp:4  | 43565 ||| STAIRDANCE
 43567 | Swamp:3  | 43567 ||| PLANNING SWAMP:4
 43612 | Swamp:4  | 43612 ||| PLANNING SWAMP:1-3
 43631 | Swamp:3  | 43631 ||| PLANNING SWAMP:4
 43633 | Swamp:4  | 43633 ||| PLANNING SWAMP:1-3
 43633 | Swamp:4  | 43633 ||| READING 11 scrolls of teleportation.
 43634 | Swamp:4  | 43634 ||| STAIRDANCE
 43636 | Swamp:3  | 43636 ||| PLANNING SWAMP:4
 43661 | Swamp:4  | 43661 ||| PLANNING SWAMP:1-3
 43678 | Swamp:3  | 43678 ||| PLANNING SWAMP:4
 43680 | Swamp:4  | 43680 ||| PLANNING SWAMP:1-3
 43680 | Swamp:4  | 43680 ||| READING 10 scrolls of teleportation.
 43681 | Swamp:4  | 43681 ||| STAIRDANCE
 43684 | Swamp:3  | 43684 ||| PLANNING SWAMP:4
 43711 | Swamp:4  | 43711 ||| PLANNING SWAMP:1-3
 43730 | Swamp:3  | 43730 ||| PLANNING SWAMP:4
 43732 | Swamp:4  | 43732 ||| PLANNING SWAMP:1-3
 43732 | Swamp:4  | 43732 ||| READING 9 scrolls of teleportation.
 43733 | Swamp:4  | 43733 ||| STAIRDANCE
 43737 | Swamp:3  | 43737 ||| PLANNING SWAMP:4
 43764 | Swamp:4  | 43764 ||| PLANNING SWAMP:1-3
 43783 | Swamp:3  | 43783 ||| PLANNING SWAMP:4
 43785 | Swamp:4  | 43785 ||| PLANNING SWAMP:1-3
 43785 | Swamp:4  | 43785 ||| READING 8 scrolls of teleportation.
 43786 | Swamp:4  | 43786 ||| STAIRDANCE
 43789 | Swamp:3  | 43789 ||| PLANNING SWAMP:4
 43819 | Swamp:4  | 43819 ||| PLANNING SWAMP:1-3
 43835 | Swamp:3  | 43835 ||| PLANNING SWAMP:4
 43837 | Swamp:4  | 43837 ||| PLANNING SWAMP:1-3
 43837 | Swamp:4  | 43837 ||| READING 7 scrolls of teleportation.
 43838 | Swamp:4  | 43838 ||| STAIRDANCE
 43840 | Swamp:3  | 43840 ||| PLANNING SWAMP:4
 43869 | Swamp:4  | 43869 ||| PLANNING SWAMP:1-3
 43888 | Swamp:3  | 43888 ||| PLANNING SWAMP:4
 43890 | Swamp:4  | 43890 ||| PLANNING SWAMP:1-3
 43890 | Swamp:4  | 43890 ||| READING 6 scrolls of teleportation.
 43891 | Swamp:4  | 43891 ||| STAIRDANCE
 43893 | Swamp:3  | 43893 ||| PLANNING SWAMP:4
 43926 | Swamp:4  | 43926 ||| Stepping ~*~*~tactically~*~*~ (cloud).
 43927 | Swamp:4  | 43927 ||| PLANNING SWAMP:1-3
 43951 | Swamp:3  | 43951 ||| PLANNING SWAMP:4
 43953 | Swamp:4  | 43953 ||| PLANNING SWAMP:1-3
 43953 | Swamp:4  | 43953 ||| READING 5 scrolls of teleportation.
 43954 | Swamp:4  | 43954 ||| STAIRDANCE
 43957 | Swamp:3  | 43957 ||| PLANNING SWAMP:4
 43986 | Swamp:4  | 43986 ||| PLANNING SWAMP:1-3
 44006 | Swamp:3  | 44006 ||| PLANNING SWAMP:4
 44008 | Swamp:4  | 44008 ||| PLANNING SWAMP:1-3
 44008 | Swamp:4  | 44008 ||| READING 4 scrolls of teleportation.
 44009 | Swamp:4  | 44009 ||| STAIRDANCE
 44011 | Swamp:3  | 44011 ||| PLANNING SWAMP:4
 44046 | Swamp:4  | 44046 ||| PLANNING SWAMP:1-3
 44063 | Swamp:3  | 44063 ||| PLANNING SWAMP:4
 44065 | Swamp:4  | 44065 ||| PLANNING SWAMP:1-3
 44065 | Swamp:4  | 44065 ||| READING 3 scrolls of teleportation.
 44066 | Swamp:4  | 44066 ||| STAIRDANCE
 44069 | Swamp:3  | 44069 ||| PLANNING SWAMP:4
 44106 | Swamp:4  | 44106 ||| PLANNING SWAMP:1-3
 44123 | Swamp:3  | 44123 ||| PLANNING SWAMP:4
 44125 | Swamp:4  | 44125 ||| PLANNING SWAMP:1-3
 44125 | Swamp:4  | 44125 ||| READING 2 scrolls of teleportation.
 44126 | Swamp:4  | 44126 ||| STAIRDANCE
 44129 | Swamp:3  | 44129 ||| PLANNING SWAMP:4
 44164 | Swamp:4  | 44164 ||| PLANNING SWAMP:1-3
 44186 | Swamp:3  | 44186 ||| PLANNING SWAMP:4
 44188 | Swamp:4  | 44188 ||| PLANNING SWAMP:1-3
 44188 | Swamp:4  | 44188 ||| READING scroll of teleportation.
 44217 | Swamp:4  | 44217 ||| Stepping ~*~*~tactically~*~*~ (cloud).
 44218 | Swamp:4  | 44218 ||| Stepping ~*~*~tactically~*~*~ (cloud).
 44306 | Swamp:3  | 44306 ||| PLANNING SWAMP:4
 44308 | Swamp:4  | 44308 ||| PLANNING SWAMP:1-3
 44308 | Swamp:4  | 44308 ||| Stepping randomly (stuck).
 44312 | Swamp:3  | 44312 ||| PLANNING SWAMP:4
 44330 | Swamp:4  | 44330 ||| PLANNING SWAMP:1-3
 44350 | Swamp:3  | 44350 ||| PLANNING SWAMP:4
 44352 | Swamp:4  | 44352 ||| PLANNING SWAMP:1-3
 44352 | Swamp:4  | 44352 ||| Stepping randomly (stuck).
 44356 | Swamp:3  | 44356 ||| PLANNING SWAMP:4
 44398 | Swamp:4  | 44398 ||| PLANNING SWAMP:1-3
 44431 | Swamp:4  | 44431 ||| Stepping ~*~*~tactically~*~*~ (cloud).
 44478 | Swamp:4  | Got a decaying rune of Zot
 44482 | Swamp:4  | 44482 ||| Stepping ~*~*~tactically~*~*~ (cloud).
 44505 | Swamp:4  | 44505 ||| Stepping ~*~*~tactically~*~*~ (cloud).
 44506 | Swamp:4  | 44506 ||| Stepping ~*~*~tactically~*~*~ (cloud).
 44542 | Swamp:4  | 44542 ||| Stepping ~*~*~tactically~*~*~ (cloud).
 44565 | Swamp:3  | 44565 ||| PLANNING DEPTHS
 44789 | Depths:1 | Entered Level 1 of the Depths
 44797 | Depths:1 | 44797 ||| INVOKING Heroism.
 45163 | Depths:1 | Found a gateway to Hell.
 45164 | Depths:1 | Found a one-way gate leading to the halls of Pandemonium.
 45262 | Depths:1 | 45262 ||| INVOKING Heroism.
 45263 | Depths:1 | 45263 ||| INVOKING Finesse.
 45472 | Depths:1 | 45472 ||| Stepping ~*~*~tactically~*~*~ (hiding).
 45475 | Depths:1 | 45475 ||| INVOKING Heroism.
 45718 | Depths:1 | Gained mutation: You sometimes lose your temper in combat.
                  | [mutagenic glow]
 45747 | Depths:1 | Gained mutation: You are clumsy. (Dex -2) [mutagenic glow]
 45757 | Depths:1 | Gained mutation: You are occasionally teleported next to
                  | monsters. [mutagenic glow]
 45857 | Depths:1 | 45857 ||| DRINKING 11 potions of mutation.
 45857 | Depths:1 | Lost mutation: You sometimes lose your temper in combat.
                  | [potion of mutation]
 45857 | Depths:1 | Lost mutation: You are clumsy. (Dex -2) [potion of
                  | mutation]
 45857 | Depths:1 | Gained mutation: You have a pair of small antennae on your
                  | head. [potion of mutation]
 45858 | Depths:1 | 45858 ||| DRINKING 10 potions of mutation.
 45858 | Depths:1 | Lost mutation: You are occasionally teleported next to
                  | monsters. [potion of mutation]
 45858 | Depths:1 | Lost mutation: You have a pair of small antennae on your
                  | head. [potion of mutation]
 45858 | Depths:1 | Gained mutation: Your magical capacity is low. (-10% MP)
                  | [potion of mutation]
 45858 | Depths:1 | Gained mutation: You possess an exceptional clarity of
                  | mind. [potion of mutation]
 45858 | Depths:1 | Gained mutation: Your spells are a little harder to cast,
                  | but a little more powerful. [potion of mutation]
 45902 | Depths:1 | 45902 ||| UPGRADING to +1 helmet of intelligence.
 45979 | Depths:2 | 45979 ||| INVOKING Heroism.
 46088 | Depths:2 | Received a gift from Okawaru
 46153 | Depths:2 | 46153 ||| Stepping ~*~*~tactically~*~*~ (hiding).
 46176 | Depths:2 | Identified the +6 whip "Juryux" {venom, Contam +Blink rPois
                  | Dex+2}
 46177 | Depths:2 | 46177 ||| Stepping ~*~*~tactically~*~*~ (stealth).
 46179 | Depths:2 | 46179 ||| Stepping ~*~*~tactically~*~*~ (hiding).
 46184 | Depths:2 | 46184 ||| INVOKING Heroism.
 46351 | Depths:2 | 46351 ||| Stepping ~*~*~tactically~*~*~ (hiding).
 46352 | Depths:2 | 46352 ||| Stepping ~*~*~tactically~*~*~ (stealth).
 46353 | Depths:2 | 46353 ||| Stepping ~*~*~tactically~*~*~ (hiding).
 46355 | Depths:2 | 46355 ||| Stepping ~*~*~tactically~*~*~ (stealth).
 46367 | Depths:2 | 46367 ||| Stepping ~*~*~tactically~*~*~ (stealth).
 46371 | Depths:2 | 46371 ||| Stepping ~*~*~tactically~*~*~ (stealth).
 46376 | Depths:2 | 46376 ||| INVOKING Heroism.
 46377 | Depths:2 | 46377 ||| INVOKING Finesse.
 46476 | Depths:2 | 46476 ||| INVOKING Heroism.
 46477 | Depths:2 | 46477 ||| INVOKING Finesse.
 46548 | Depths:2 | 46548 ||| INVOKING Heroism.
 46590 | Depths:2 | 46590 ||| Stepping ~*~*~tactically~*~*~ (hiding).
 46592 | Depths:2 | 46592 ||| Stepping ~*~*~tactically~*~*~ (hiding).
 46595 | Depths:2 | 46595 ||| INVOKING Heroism.
 46637 | Depths:2 | 46637 ||| INVOKING Heroism.
 46758 | Depths:2 | 46758 ||| INVOKING Heroism.
 46779 | Depths:2 | 46779 ||| INVOKING Finesse.
 46802 | Depths:2 | Reached skill level 18 in Fighting
 46976 | Depths:2 | 46976 ||| Stepping ~*~*~tactically~*~*~ (stealth).
 46977 | Depths:2 | 46977 ||| Stepping ~*~*~tactically~*~*~ (stealth).
 46983 | Depths:2 | 46983 ||| Stepping ~*~*~tactically~*~*~ (stealth).
 46984 | Depths:2 | 46984 ||| Stepping ~*~*~tactically~*~*~ (stealth).
 46986 | Depths:2 | 46986 ||| Stepping ~*~*~tactically~*~*~ (stealth).
 47022 | Depths:2 | 47022 ||| INVOKING Finesse.
 47030 | Depths:2 | 47030 ||| INVOKING Heroism.
 47223 | Depths:2 | 47223 ||| INVOKING Heroism.
 47224 | Depths:2 | 47224 ||| INVOKING Finesse.
 47245 | Depths:2 | 47245 ||| Stepping ~*~*~tactically~*~*~ (stealth).
 47428 | Depths:2 | 47428 ||| ZAPPING wand of digging (17).
 47429 | Depths:2 | Found a one-way gateway to a ziggurat.
 47430 | Depths:2 | 47430 ||| INVOKING Heroism.
 47434 | Depths:2 | Paralysed by a floating eye for 3 turns
 47610 | Depths:2 | 47610 ||| Stepping ~*~*~tactically~*~*~ (stealth).
 47627 | Depths:2 | Found a shadowy altar of Dithmenos.
 47636 | Depths:2 | 47636 ||| INVOKING Heroism.
 47791 | Depths:2 | Found Nany's Jewellery Emporium.
 47791 | Depths:2 | Found Ateps's Book Shop.
 47800 | Depths:2 | Found Nimpopt's Book Shop.
 47809 | Depths:2 | 47809 ||| BUYING amulet of Trepidation {Acrobat Str+4
                  | Stlth+} (771 gold).
 47809 | Depths:2 | Bought the amulet of Trepidation {Acrobat Str+4 Stlth+} for
                  | 771 gold pieces
 47809 | Depths:2 | 47809 ||| BUYING ring of protection from fire (400 gold).
 47809 | Depths:2 | Bought a ring of protection from fire for 400 gold pieces
 47864 | Depths:2 | 47864 ||| Stepping ~*~*~tactically~*~*~ (stealth).
 47884 | Depths:2 | 47884 ||| Stepping ~*~*~tactically~*~*~ (hiding).
 47886 | Depths:2 | 47886 ||| INVOKING Heroism.
 47897 | Depths:2 | Received a gift from Okawaru
 47902 | Depths:2 | 47902 ||| FLEEEEING.
 47903 | Depths:2 | 47903 ||| FLEEEEING.
 47904 | Depths:2 | 47904 ||| FLEEEEING.
 47905 | Depths:2 | 47905 ||| FLEEEEING.
 47906 | Depths:2 | 47906 ||| FLEEEEING.
 47907 | Depths:2 | 47907 ||| FLEEEEING.
 47908 | Depths:2 | 47908 ||| FLEEEEING.
 47909 | Depths:2 | 47909 ||| FLEEEEING.
 47910 | Depths:2 | 47910 ||| FLEEEEING.
 47911 | Depths:2 | 47911 ||| FLEEEEING.
 47912 | Depths:2 | 47912 ||| FLEEEEING.
 47913 | Depths:2 | 47913 ||| FLEEEEING.
 47914 | Depths:2 | 47914 ||| FLEEEEING.
 47915 | Depths:2 | 47915 ||| FLEEEEING.
 47916 | Depths:2 | 47916 ||| STAIRDANCE
 48150 | Depths:1 | 48150 ||| DROPPING +0 cloak.
 48151 | Depths:1 | 48151 ||| UPGRADING to +2 pair of gloves of stealth.
 48161 | Depths:1 | 48161 ||| DROPPING +1 pair of gloves of the Prince of
                  | Darkness {Stlth+}.
 48162 | Depths:1 | 48162 ||| DROPPING ring of wizardry.
 48189 | Depths:2 | 48189 ||| Stepping ~*~*~tactically~*~*~ (stealth).
 48190 | Depths:2 | 48190 ||| Stepping ~*~*~tactically~*~*~ (stealth).
 48368 | Depths:2 | 48368 ||| INVOKING Heroism.
 48520 | Depths:3 | 48520 ||| Stepping ~*~*~tactically~*~*~ (stealth).
 48537 | Depths:3 | 48537 ||| Stepping ~*~*~tactically~*~*~ (stealth).
 48543 | Depths:3 | 48543 ||| Stepping ~*~*~tactically~*~*~ (hiding).
 48562 | Depths:3 | 48562 ||| INVOKING Heroism.
 48563 | Depths:3 | 48563 ||| INVOKING Finesse.
 48623 | Depths:3 | 48623 ||| INVOKING Heroism.
 48649 | Depths:3 | Reached XP level 22. HP: 144/147 MP: 26/26
 48692 | Depths:3 | 48692 ||| Stepping ~*~*~tactically~*~*~ (hiding).
 48693 | Depths:3 | 48693 ||| Stepping ~*~*~tactically~*~*~ (hiding).
 48694 | Depths:3 | 48694 ||| Stepping ~*~*~tactically~*~*~ (hiding).
 48695 | Depths:3 | 48695 ||| Stepping ~*~*~tactically~*~*~ (hiding).
 48696 | Depths:3 | 48696 ||| Stepping ~*~*~tactically~*~*~ (hiding).
 48697 | Depths:3 | 48697 ||| Stepping ~*~*~tactically~*~*~ (hiding).
 48698 | Depths:3 | 48698 ||| Stepping ~*~*~tactically~*~*~ (hiding).
 48700 | Depths:3 | 48700 ||| Stepping ~*~*~tactically~*~*~ (hiding).
 48701 | Depths:3 | 48701 ||| Stepping ~*~*~tactically~*~*~ (hiding).
 48702 | Depths:3 | 48702 ||| Stepping ~*~*~tactically~*~*~ (hiding).
 48808 | Depths:3 | Noticed a golden dragon
 48809 | Depths:3 | 48809 ||| INVOKING Heroism.
 48810 | Depths:3 | 48810 ||| INVOKING Finesse.
 48826 | Depths:3 | Killed a golden dragon
 48859 | Depths:3 | 48859 ||| READING scroll of enchant armour.
 48859 | Depths:3 | 48859 ||| ENCHANTING +4 crystal plate armour.
 48887 | Depths:3 | Paralysed by a floating eye for 3 turns
 48900 | Depths:3 | 48900 ||| Stepping ~*~*~tactically~*~*~ (hiding).
 48908 | Depths:3 | 48908 ||| Stepping ~*~*~tactically~*~*~ (stealth).
 48998 | Depths:3 | 48998 ||| Stepping ~*~*~tactically~*~*~ (hiding).
 49111 | Depths:3 | 49111 ||| Stepping ~*~*~tactically~*~*~ (hiding).
 49129 | Depths:3 | Reached skill level 21 in Armour
 49214 | Depths:3 | 49214 ||| Stepping ~*~*~tactically~*~*~ (stealth).
 49219 | Depths:3 | 49219 ||| INVOKING Heroism.
 49270 | Depths:3 | 49270 ||| Stepping ~*~*~tactically~*~*~ (hiding).
 49278 | Depths:3 | 49278 ||| INVOKING Heroism.
 49539 | Depths:3 | 49539 ||| INVOKING Heroism.
 49577 | Depths:3 | Found a one-way gate to the infinite horrors of the Abyss.
 49605 | Depths:3 | Identified the +5 battleaxe of Plague {flame, rN+}
 49732 | Depths:3 | 49732 ||| Stepping ~*~*~tactically~*~*~ (hiding).
 49735 | Depths:3 | 49735 ||| INVOKING Heroism.
 49785 | Depths:3 | Found a runed translucent gate.
 49785 | Depths:3 | Found a runed translucent gate.
 49785 | Depths:3 | Found a runed translucent gate.
 49788 | Depths:3 | Noticed Xutext's ghost (adept DsAK)
 49876 | Depths:3 | 49876 ||| Stepping ~*~*~tactically~*~*~ (hiding).
 49880 | Depths:3 | 49880 ||| Stepping ~*~*~tactically~*~*~ (hiding).
 49949 | Depths:3 | 49949 ||| INVOKING Heroism.
 50051 | Depths:3 | 50051 ||| INVOKING Heroism.
 50065 | Depths:3 | Received a gift from Okawaru
 50066 | Depths:3 | 50066 ||| INVOKING Finesse.
 50096 | Depths:3 | 50096 ||| INVOKING Heroism.
 50415 | Depths:3 | 50415 ||| INVOKING Heroism.
 50417 | Depths:3 | 50417 ||| INVOKING Finesse.
 50493 | Depths:3 | 50493 ||| Stepping ~*~*~tactically~*~*~ (hiding).
 50776 | Depths:3 | Found a viscous altar of Jiyva.
 50827 | Depths:4 | Entered Level 4 of the Depths
 50850 | Depths:4 | 50850 ||| INVOKING Heroism.
 50927 | Depths:4 | 50927 ||| INVOKING Heroism.
 50995 | Depths:4 | 50995 ||| Stepping ~*~*~tactically~*~*~ (stealth).
 51009 | Depths:4 | 51009 ||| INVOKING Heroism.
 51010 | Depths:4 | 51010 ||| INVOKING Finesse.
 51123 | Depths:4 | 51123 ||| Stepping ~*~*~tactically~*~*~ (stealth).
 51124 | Depths:4 | 51124 ||| INVOKING Heroism.
 51197 | Depths:4 | 51197 ||| Stepping ~*~*~tactically~*~*~ (stealth).
 51239 | Depths:4 | 51239 ||| Stepping ~*~*~tactically~*~*~ (stealth).
 51270 | Depths:4 | 51270 ||| Stepping ~*~*~tactically~*~*~ (stealth).
 51296 | Depths:4 | 51296 ||| Stepping ~*~*~tactically~*~*~ (stealth).
 51328 | Depths:4 | 51328 ||| INVOKING Heroism.
 51339 | Depths:4 | 51339 ||| Stepping ~*~*~tactically~*~*~ (hiding).
 51343 | Depths:4 | 51343 ||| Stepping ~*~*~tactically~*~*~ (hiding).
 51365 | Depths:4 | Found a gate to the Realm of Zot.
 51447 | Depths:4 | Found a stormy altar of Qazlal.
 51448 | Depths:4 | Found a shimmering blue altar of Sif Muna.
 51449 | Depths:4 | Found a white marble altar of Elyvilon.
 51510 | Depths:4 | 51510 ||| INVOKING Heroism.
 51552 | Depths:4 | Noticed a caustic shrike
 51562 | Depths:4 | Killed a caustic shrike
 51726 | Depths:4 | Noticed a juggernaut
 51727 | Depths:4 | 51727 ||| INVOKING Heroism.
 51728 | Depths:4 | 51728 ||| Stepping ~*~*~tactically~*~*~ (stealth).
 51739 | Depths:4 | Killed a juggernaut
 51863 | Depths:4 | Noticed a golden dragon
 51864 | Depths:4 | 51864 ||| Stepping ~*~*~tactically~*~*~ (stealth).
 51866 | Depths:4 | 51866 ||| Stepping ~*~*~tactically~*~*~ (stealth).
 51868 | Depths:4 | 51868 ||| INVOKING Heroism.
 51874 | Depths:4 | Killed a golden dragon
 51937 | Depths:4 | Noticed a juggernaut
 51938 | Depths:4 | 51938 ||| Stepping ~*~*~tactically~*~*~ (hiding).
 51939 | Depths:4 | 51939 ||| INVOKING Heroism.
 51948 | Depths:4 | Killed a juggernaut
 51971 | Depths:4 | 51971 ||| Stepping ~*~*~tactically~*~*~ (hiding).
 52015 | Depths:4 | 52015 ||| INVOKING Heroism.
 52045 | Depths:4 | Noticed a juggernaut
 52056 | Depths:4 | 52056 ||| INVOKING Finesse.
 52057 | Depths:4 | Killed a juggernaut
 52068 | Depths:4 | Reached XP level 23. HP: 147/155 MP: 22/27
 52102 | Depths:4 | Noticed an ancient lich
 52106 | Depths:4 | 52106 ||| INVOKING Heroism.
 52107 | Depths:4 | 52107 ||| INVOKING Finesse.
 52122 | Depths:4 | 52122 ||| Stepping ~*~*~tactically~*~*~ (stealth).
 52127 | Depths:4 | Killed an ancient lich
 52136 | Depths:4 | 52136 ||| Stepping ~*~*~tactically~*~*~ (hiding).
 52138 | Depths:4 | 52138 ||| Stepping ~*~*~tactically~*~*~ (stealth).
 52140 | Depths:4 | Identified the ring "Buovvi" {rPois rF+ rN+ Dex+4 SInv}
 52141 | Depths:4 | 52141 ||| INVOKING Heroism.
 52155 | Depths:4 | 52155 ||| Stepping ~*~*~tactically~*~*~ (hiding).
 52176 | Depths:4 | 52176 ||| Stepping ~*~*~tactically~*~*~ (stealth).
 52195 | Depths:4 | 52195 ||| Stepping ~*~*~tactically~*~*~ (stealth).
 52201 | Depths:4 | 52201 ||| Stepping ~*~*~tactically~*~*~ (stealth).
 52202 | Depths:4 | 52202 ||| Stepping ~*~*~tactically~*~*~ (stealth).
 52203 | Depths:4 | 52203 ||| Stepping ~*~*~tactically~*~*~ (stealth).
 52207 | Depths:4 | 52207 ||| INVOKING Heroism.
 52407 | Depths:4 | Identified the +2 helmet of Lugonu's Approval {rPois rF++
                  | rC+ Int-5}
 52473 | Depths:4 | 52473 ||| INVOKING Heroism.
 52480 | Depths:4 | Received a gift from Okawaru
 52591 | Depths:4 | 52591 ||| Stepping ~*~*~tactically~*~*~ (hiding).
 52612 | Depths:4 | 52612 ||| Stepping ~*~*~tactically~*~*~ (hiding).
 52617 | Depths:4 | 52617 ||| INVOKING Heroism.
 52619 | Depths:4 | 52619 ||| INVOKING Finesse.
 52627 | Depths:4 | Reached skill level 21 in Shields
 52712 | Depths:4 | 52712 ||| INVOKING Finesse.
 52722 | Depths:4 | 52722 ||| Stepping ~*~*~tactically~*~*~ (stealth).
 52743 | Depths:4 | 52743 ||| INVOKING Heroism.
 52780 | Depths:4 | Noticed a caustic shrike
 52781 | Depths:4 | 52781 ||| Stepping ~*~*~tactically~*~*~ (stealth).
 52786 | Depths:4 | 52786 ||| Stepping ~*~*~tactically~*~*~ (stealth).
 52793 | Depths:4 | 52793 ||| Stepping ~*~*~tactically~*~*~ (hiding).
 52794 | Depths:4 | 52794 ||| INVOKING Heroism.
 52795 | Depths:4 | 52795 ||| INVOKING Finesse.
 52800 | Depths:4 | Killed a caustic shrike
 52820 | Depths:4 | Received a gift from Okawaru
 52860 | Depths:4 | 52860 ||| INVOKING Finesse.
 52910 | Depths:4 | 52910 ||| INVOKING Heroism.
 52913 | Depths:4 | 52913 ||| Stepping ~*~*~tactically~*~*~ (hiding).
 53027 | Depths:4 | 53027 ||| INVOKING Heroism.
 53129 | Depths:4 | 53129 ||| PLANNING VAULTS:5
 53129 | Depths:4 | 53129 ||| UPGRADING to +1 cloak of willpower.
 53139 | Depths:4 | 53139 ||| DROPPING +0 hat of Utuah {rElec rF+ rN+++ Str-4}.
 53140 | Depths:4 | 53140 ||| DROPPING scarf of resistance.
 53141 | Depths:4 | 53141 ||| UPGRADING to +2 helmet of Lugonu's Approval
                  | {rPois rF++ rC+ Int-5}.
 53151 | Depths:4 | 53151 ||| DROPPING +1 helmet of intelligence.
 53152 | Depths:4 | 53152 ||| DROPPING ring of protection from fire.
 53153 | Depths:4 | 53153 ||| UPGRADING to ring "Buovvi" {rPois rF+ rN+ Dex+4
                  | SInv}.
 53353 | Vaults:5 | Entered Level 5 of the Vaults
 53354 | Vaults:5 | 53354 ||| INVOKING Heroism.
 53355 | Vaults:5 | 53355 ||| STAIRDANCE
 53360 | Vaults:4 | Received a gift from Okawaru
 53374 | Vaults:5 | 53374 ||| STAIRDANCE
 53384 | Vaults:4 | Reached skill level 21 in Fighting
 53461 | Vaults:5 | 53461 ||| STAIRDANCE
 53463 | Vaults:4 | 53463 ||| INVOKING Heroism.
 53535 | Vaults:5 | 53535 ||| STAIRDANCE
 53537 | Vaults:4 | 53537 ||| INVOKING Heroism.
 53609 | Vaults:5 | 53609 ||| STAIRDANCE
 53666 | Vaults:5 | 53666 ||| STAIRDANCE
 53746 | Vaults:5 | Identified the ring of Xom's Malicious Joy {Wiz rCorr
                  | Dex+5}
 53747 | Vaults:5 | 53747 ||| INVOKING Heroism.
 53753 | Vaults:5 | 53753 ||| INVOKING Finesse.
 53759 | Vaults:5 | Received a gift from Okawaru
 53823 | Vaults:5 | 53823 ||| FLEEEEING.
 53824 | Vaults:5 | 53824 ||| FLEEEEING.
 53825 | Vaults:5 | 53825 ||| FLEEEEING.
 53826 | Vaults:5 | 53826 ||| STAIRDANCE
 54034 | Vaults:5 | 54034 ||| INVOKING Heroism.
 54035 | Vaults:5 | 54035 ||| INVOKING Finesse.
 54163 | Vaults:5 | Identified the +2 robe of Uronk {Harm Int-5 Dex+4 Slay+4}
 54170 | Vaults:5 | Got a silver rune of Zot
 54212 | Vaults:5 | 54212 ||| Stepping ~*~*~tactically~*~*~ (hiding).
 54214 | Vaults:5 | 54214 ||| INVOKING Heroism.
 54215 | Vaults:5 | 54215 ||| INVOKING Finesse.
 54240 | Vaults:5 | 54240 ||| Stepping ~*~*~tactically~*~*~ (stealth).
 54247 | Vaults:5 | 54247 ||| Stepping ~*~*~tactically~*~*~ (stealth).
 54255 | Vaults:5 | 54255 ||| Stepping ~*~*~tactically~*~*~ (stealth).
 54256 | Vaults:5 | 54256 ||| Stepping ~*~*~tactically~*~*~ (stealth).
 54263 | Vaults:5 | 54263 ||| Stepping ~*~*~tactically~*~*~ (stealth).
 54264 | Vaults:5 | 54264 ||| Stepping ~*~*~tactically~*~*~ (stealth).
 54271 | Vaults:5 | 54271 ||| Stepping ~*~*~tactically~*~*~ (stealth).
 54384 | Vaults:5 | 54384 ||| Stepping ~*~*~tactically~*~*~ (stealth).
 54386 | Vaults:5 | 54386 ||| INVOKING Heroism.
 54391 | Vaults:5 | 54391 ||| Stepping ~*~*~tactically~*~*~ (hiding).
 54392 | Vaults:5 | 54392 ||| INVOKING Finesse.
 54535 | Vaults:5 | 54535 ||| INVOKING Heroism.
 54536 | Vaults:5 | 54536 ||| INVOKING Finesse.
 54695 | Vaults:5 | 54695 ||| Stepping ~*~*~tactically~*~*~ (stealth).
 54699 | Vaults:5 | 54699 ||| INVOKING Heroism.
 54718 | Vaults:5 | Noticed a golden dragon
 54719 | Vaults:5 | 54719 ||| INVOKING Finesse.
 54732 | Vaults:5 | Killed a golden dragon
 54737 | Vaults:5 | Reached XP level 24. HP: 131/168 MP: 23/27
 54751 | Vaults:5 | Received a gift from Okawaru
 54754 | Vaults:5 | 54754 ||| Stepping ~*~*~tactically~*~*~ (hiding).
 54759 | Vaults:5 | Identified the +0 plate armour of Feral Tender Moments
                  | {rCorr Str+4}
 54765 | Vaults:5 | 54765 ||| Stepping ~*~*~tactically~*~*~ (hiding).
 54768 | Vaults:5 | 54768 ||| INVOKING Heroism.
 54795 | Vaults:5 | 54795 ||| Stepping ~*~*~tactically~*~*~ (stealth).
 54968 | Vaults:5 | 54968 ||| INVOKING Heroism.
 55089 | Vaults:5 | 55089 ||| Stepping ~*~*~tactically~*~*~ (stealth).
 55105 | Vaults:5 | 55105 ||| Stepping ~*~*~tactically~*~*~ (stealth).
 55159 | Vaults:5 | 55159 ||| Stepping ~*~*~tactically~*~*~ (stealth).
 55177 | Vaults:5 | Reached skill level 12 in Throwing
 55202 | Vaults:5 | 55202 ||| Stepping ~*~*~tactically~*~*~ (stealth).
 55203 | Vaults:5 | 55203 ||| INVOKING Heroism.
 55204 | Vaults:5 | 55204 ||| INVOKING Finesse.
 55290 | Vaults:5 | 55290 ||| Stepping ~*~*~tactically~*~*~ (stealth).
 55292 | Vaults:5 | 55292 ||| Stepping ~*~*~tactically~*~*~ (hiding).
 55295 | Vaults:5 | 55295 ||| INVOKING Heroism.
 55327 | Vaults:5 | 55327 ||| Stepping ~*~*~tactically~*~*~ (stealth).
 55328 | Vaults:5 | 55328 ||| Stepping ~*~*~tactically~*~*~ (stealth).
 55350 | Vaults:5 | 55350 ||| INVOKING Heroism.
 55377 | Vaults:5 | Noticed an ancient lich
 55378 | Vaults:5 | 55378 ||| INVOKING Heroism.
 55379 | Vaults:5 | 55379 ||| INVOKING Finesse.
 55398 | Vaults:5 | Killed an ancient lich
 55398 | Vaults:5 | Received a gift from Okawaru
 55467 | Vaults:5 | 55467 ||| Stepping ~*~*~tactically~*~*~ (hiding).
 55468 | Vaults:5 | 55468 ||| INVOKING Heroism.
 55494 | Vaults:5 | Noticed an ancient lich
 55495 | Vaults:5 | 55495 ||| INVOKING Finesse.
 55496 | Vaults:5 | 55496 ||| INVOKING Heroism.
 55503 | Vaults:5 | Received a gift from Okawaru
 55510 | Vaults:5 | Killed an ancient lich
 55514 | Vaults:5 | 55514 ||| FLEEEEING.
 55515 | Vaults:5 | 55515 ||| FLEEEEING.
 55516 | Vaults:5 | 55516 ||| FLEEEEING.
 55517 | Vaults:5 | 55517 ||| FLEEEEING.
 55518 | Vaults:5 | 55518 ||| FLEEEEING.
 55519 | Vaults:5 | 55519 ||| FLEEEEING.
 55520 | Vaults:5 | 55520 ||| FLEEEEING.
 55523 | Vaults:5 | 55523 ||| FLEEEEING.
 55524 | Vaults:5 | 55524 ||| FLEEEEING.
 55528 | Vaults:5 | 55528 ||| FLEEEEING.
 55529 | Vaults:5 | 55529 ||| FLEEEEING.
 55530 | Vaults:5 | 55530 ||| FLEEEEING.
 55531 | Vaults:5 | 55531 ||| FLEEEEING.
 55775 | Vaults:5 | 55775 ||| INVOKING Heroism.
 55823 | Vaults:5 | 55823 ||| Stepping ~*~*~tactically~*~*~ (hiding).
 55855 | Vaults:5 | 55855 ||| INVOKING Heroism.
 55883 | Vaults:5 | 55883 ||| Stepping ~*~*~tactically~*~*~ (stealth).
 55884 | Vaults:5 | 55884 ||| Stepping ~*~*~tactically~*~*~ (stealth).
 55887 | Vaults:5 | 55887 ||| Stepping ~*~*~tactically~*~*~ (stealth).
 55901 | Vaults:5 | 55901 ||| Stepping ~*~*~tactically~*~*~ (hiding).
 55902 | Vaults:5 | 55902 ||| Stepping ~*~*~tactically~*~*~ (hiding).
 55918 | Vaults:5 | 55918 ||| INVOKING Heroism.
 55923 | Vaults:5 | Received a gift from Okawaru
 56144 | Vaults:5 | Found Debriap's Antique Weapon Boutique.
 56486 | Vaults:5 | an acid blob changed into a caustic shrike
 56486 | Vaults:5 | Noticed a caustic shrike (glowing shapeshifter)
 56494 | Vaults:5 | a caustic shrike changed into a golden dragon
 56582 | Vaults:5 | 56582 ||| PLANNING SHOPPING SPREE
 56582 | Vaults:5 | 56582 ||| DROPPING +1 scale mail of Intuition {rElec
                  | rCorr}.
 56583 | Vaults:5 | 56583 ||| DROPPING +1 hat.
 56584 | Vaults:5 | 56584 ||| PLANNING ZOT:1-4
 56904 | Zot:1    | Entered Level 1 of the Realm of Zot
 56914 | Zot:1    | 56914 ||| INVOKING Heroism.
 56972 | Zot:1    | 56972 ||| INVOKING Heroism.
 56984 | Zot:1    | Received a gift from Okawaru
 56993 | Zot:1    | Reached skill level 9 in Dodging
 57190 | Zot:1    | 57190 ||| READING scroll of enchant armour.
 57190 | Zot:1    | 57190 ||| ENCHANTING +5 crystal plate armour.
 57295 | Zot:1    | Identified the +1 ring mail of Iwix {SInv Stlth+}
 57491 | Zot:2    | 57491 ||| INVOKING Heroism.
 57639 | Zot:2    | 57639 ||| Stepping ~*~*~tactically~*~*~ (stealth).
 57640 | Zot:2    | 57640 ||| INVOKING Heroism.
 57651 | Zot:2    | Received a gift from Okawaru
 57720 | Zot:2    | 57720 ||| Stepping ~*~*~tactically~*~*~ (stealth).
 57733 | Zot:2    | 57733 ||| INVOKING Heroism.
 57848 | Zot:2    | 57848 ||| INVOKING Heroism.
 57864 | Zot:2    | Received a gift from Okawaru
 57866 | Zot:2    | 57866 ||| DRINKING 6 potions of cancellation.
 58028 | Zot:2    | 58028 ||| Stepping ~*~*~tactically~*~*~ (stealth).
 58029 | Zot:2    | 58029 ||| Stepping ~*~*~tactically~*~*~ (stealth).
 58113 | Zot:2    | 58113 ||| INVOKING Heroism.
 58225 | Zot:2    | 58225 ||| INVOKING Heroism.
 58249 | Zot:2    | 58249 ||| DRINKING 5 potions of cancellation.
 58253 | Zot:2    | Received a gift from Okawaru
 58286 | Zot:2    | 58286 ||| INVOKING Heroism.
 58520 | Zot:2    | 58520 ||| Stepping ~*~*~tactically~*~*~ (hiding).
 58521 | Zot:2    | 58521 ||| Stepping ~*~*~tactically~*~*~ (hiding).
 58525 | Zot:2    | 58525 ||| INVOKING Heroism.
 58664 | Zot:2    | Gained mutation: You are weak. (Str -2) [mutagenic glow]
 58671 | Zot:2    | Gained mutation: You occasionally shout uncontrollably at
                  | your foes. [mutagenic glow]
 58704 | Zot:2    | Gained mutation: You frequently scream uncontrollably at
                  | your foes. [mutagenic glow]
 58825 | Zot:2    | 58825 ||| INVOKING Heroism.
 59014 | Zot:2    | 59014 ||| Stepping ~*~*~tactically~*~*~ (hiding).
 59021 | Zot:2    | 59021 ||| INVOKING Heroism.
 59182 | Zot:2    | 59182 ||| INVOKING Heroism.
 59225 | Zot:2    | 59225 ||| Stepping ~*~*~tactically~*~*~ (hiding).
 59509 | Zot:3    | 59509 ||| Stepping ~*~*~tactically~*~*~ (hiding).
 59510 | Zot:3    | 59510 ||| Stepping ~*~*~tactically~*~*~ (hiding).
 59557 | Zot:3    | 59557 ||| INVOKING Heroism.
 59589 | Zot:3    | 59589 ||| Stepping ~*~*~tactically~*~*~ (hiding).
 59598 | Zot:3    | 59598 ||| INVOKING Heroism.
 59612 | Zot:3    | 59612 ||| Stepping ~*~*~tactically~*~*~ (hiding).
 59624 | Zot:3    | Reached XP level 25. HP: 167/176 MP: 27/27
 59672 | Zot:3    | 59672 ||| Stepping ~*~*~tactically~*~*~ (stealth).
 59699 | Zot:3    | 59699 ||| Stepping ~*~*~tactically~*~*~ (stealth).
 59710 | Zot:3    | 59710 ||| INVOKING Heroism.
 59972 | Zot:3    | 59972 ||| Stepping ~*~*~tactically~*~*~ (stealth).
 59973 | Zot:3    | 59973 ||| Stepping ~*~*~tactically~*~*~ (stealth).
 59984 | Zot:3    | 59984 ||| Stepping ~*~*~tactically~*~*~ (hiding).
 59985 | Zot:3    | 59985 ||| Stepping ~*~*~tactically~*~*~ (hiding).
 60000 | Zot:3    | 60000 ||| INVOKING Heroism.
 60094 | Zot:3    | 60094 ||| INVOKING Heroism.
 60095 | Zot:3    | 60095 ||| Stepping ~*~*~tactically~*~*~ (stealth).
 60126 | Zot:3    | Reached skill level 24 in Fighting
 60281 | Zot:3    | 60281 ||| INVOKING Heroism.
 60283 | Zot:3    | 60283 ||| Stepping ~*~*~tactically~*~*~ (hiding).
 60289 | Zot:3    | 60289 ||| Stepping ~*~*~tactically~*~*~ (hiding).
 60315 | Zot:3    | 60315 ||| Stepping ~*~*~tactically~*~*~ (hiding).
 60327 | Zot:3    | 60327 ||| INVOKING Heroism.
 60335 | Zot:3    | HP: 34/178 [yellow draconian annihilator/crystal spear
                  | (19)]
 60336 | Zot:3    | 60336 ||| READING 6 scrolls of teleportation.
 60337 | Zot:3    | 60337 ||| DRINKING 11 potions of heal wounds.
 60732 | Zot:3    | 60732 ||| Stepping ~*~*~tactically~*~*~ (hiding).
 60739 | Zot:3    | 60739 ||| Stepping ~*~*~tactically~*~*~ (hiding).
 60747 | Zot:3    | 60747 ||| INVOKING Heroism.
 60761 | Zot:3    | Received a gift from Okawaru
 60764 | Zot:3    | 60764 ||| Stepping ~*~*~tactically~*~*~ (cloud).
 60885 | Zot:3    | 60885 ||| INVOKING Heroism.
 60907 | Zot:3    | 60907 ||| Stepping ~*~*~tactically~*~*~ (stealth).
 60908 | Zot:3    | 60908 ||| Stepping ~*~*~tactically~*~*~ (stealth).
 61040 | Zot:3    | 61040 ||| Stepping ~*~*~tactically~*~*~ (hiding).
 61044 | Zot:3    | 61044 ||| Stepping ~*~*~tactically~*~*~ (stealth).
 61046 | Zot:3    | 61046 ||| INVOKING Heroism.
 61516 | Zot:3    | 61516 ||| Stepping ~*~*~tactically~*~*~ (hiding).
 61517 | Zot:3    | 61517 ||| Stepping ~*~*~tactically~*~*~ (hiding).
 61716 | Zot:4    | 61716 ||| INVOKING Heroism.
 61953 | Zot:4    | Noticed a Killer Klown
 61954 | Zot:4    | 61954 ||| Stepping ~*~*~tactically~*~*~ (hiding).
 61958 | Zot:4    | 61958 ||| INVOKING Heroism.
 61966 | Zot:4    | 61966 ||| INVOKING Finesse.
 61975 | Zot:4    | Killed a Killer Klown
 61975 | Zot:4    | Received a gift from Okawaru
 62248 | Zot:4    | 62248 ||| INVOKING Heroism.
 62570 | Zot:4    | 62570 ||| READING scroll of acquirement.
 62570 | Zot:4    | 62570 ||| ACQUIRING 644 gold pieces
 62570 | Zot:4    | Acquired 644 gold pieces
 62603 | Zot:4    | Received a gift from Okawaru
 62611 | Zot:4    | 62611 ||| INVOKING Heroism.
 62775 | Zot:4    | 62775 ||| READING scroll of enchant armour.
 62775 | Zot:4    | 62775 ||| ENCHANTING +6 crystal plate armour.
 62810 | Zot:4    | Noticed a Killer Klown
 62811 | Zot:4    | 62811 ||| INVOKING Heroism.
 62817 | Zot:4    | Killed a Killer Klown
 62865 | Zot:4    | 62865 ||| INVOKING Heroism.
 63100 | Zot:4    | 63100 ||| PLANNING THE SHINING ONE WORSHIP
 63100 | Zot:4    | 63100 ||| DROPPING +6 ring of intelligence.
 63561 | Temple   | Fell from the grace of Okawaru
 63561 | Temple   | Became a worshipper of the Shining One
 63562 | Temple   | 63562 ||| PLANNING CRYPT
 63853 | Crypt:1  | Entered Level 1 of the Crypt
 63925 | Crypt:1  | 63925 ||| DRINKING 2 potions of experience.
 63925 | Crypt:1  | Reached skill level 11 in Invocations
 63925 | Crypt:1  | Reached XP level 26. HP: 187/187 MP: 27/28
 63926 | Crypt:1  | 63926 ||| DRINKING potion of experience.
 63926 | Crypt:1  | Reached skill level 12 in Invocations
 63926 | Crypt:1  | Reached XP level 27. HP: 192/192 MP: 27/29
 63966 | Crypt:1  | Reached * piety under the Shining One
 63967 | Crypt:1  | Reached skill level 13 in Invocations
 64052 | Crypt:1  | 64052 ||| Stepping ~*~*~tactically~*~*~ (hiding).
 64056 | Crypt:1  | 64056 ||| Stepping ~*~*~tactically~*~*~ (hiding).
 64281 | Crypt:1  | Reached ** piety under the Shining One
 64602 | Crypt:1  | Noticed Vv
 64603 | Crypt:1  | 64603 ||| Stepping ~*~*~tactically~*~*~ (hiding).
 64606 | Crypt:1  | 64606 ||| DRINKING 7 potions of resistance.
 64640 | Crypt:1  | HP: 20/192 [Vv/creeping frost (54)]
 64641 | Crypt:1  | 64641 ||| READING 7 scrolls of teleportation.
 64642 | Crypt:1  | 64642 ||| DRINKING 10 potions of heal wounds.
 64643 | Crypt:1  | 64643 ||| DRINKING 9 potions of heal wounds.
 65068 | Crypt:1  | 65068 ||| DRINKING 6 potions of resistance.
 65100 | Crypt:1  | Killed Vv
 65328 | Crypt:1  | 65328 ||| DROPPING +6 chain mail "Xonaff" {+Blink rF++
                  | Dex-5 SInv}.
 65329 | Crypt:1  | 65329 ||| DROPPING +0 helmet of see invisible.
 65330 | Crypt:1  | 65330 ||| DROPPING amulet of faith.
 65331 | Crypt:1  | 65331 ||| UPGRADING to +6 ring of strength.
 65333 | Crypt:1  | 65333 ||| DROPPING ring "Nuawkob" {Int+4 Dex+6 SInv}.
 65334 | Crypt:1  | 65334 ||| DROPPING +6 ring of dexterity.
 65408 | Crypt:2  | 65408 ||| Stepping ~*~*~tactically~*~*~ (hiding).
 65442 | Crypt:2  | Reached skill level 14 in Invocations
 65448 | Crypt:2  | 65448 ||| Stepping ~*~*~tactically~*~*~ (hiding).
 65458 | Crypt:2  | Reached *** piety under the Shining One
 65481 | Crypt:2  | Noticed Bai Suzhen
 65492 | Crypt:2  | Killed Bai Suzhen
 65493 | Crypt:2  | 65493 ||| Stepping randomly (cloudy).
 65538 | Crypt:2  | Reached **** piety under the Shining One
 65545 | Crypt:2  | 65545 ||| Stepping ~*~*~tactically~*~*~ (hiding).
 65558 | Crypt:2  | 65558 ||| Stepping ~*~*~tactically~*~*~ (hiding).
 65598 | Crypt:2  | 65598 ||| Stepping ~*~*~tactically~*~*~ (stealth).
 65604 | Crypt:2  | 65604 ||| FLEEEEING.
 65607 | Crypt:2  | 65607 ||| FLEEEEING.
 65608 | Crypt:2  | 65608 ||| FLEEEEING.
 65612 | Crypt:2  | 65612 ||| FLEEEEING.
 65616 | Crypt:2  | 65616 ||| FLEEEEING.
 65617 | Crypt:2  | 65617 ||| FLEEEEING.
 65618 | Crypt:2  | 65618 ||| FLEEEEING.
 65619 | Crypt:2  | 65619 ||| FLEEEEING.
 65620 | Crypt:2  | 65620 ||| FLEEEEING.
 65621 | Crypt:2  | 65621 ||| FLEEEEING.
 65622 | Crypt:2  | 65622 ||| FLEEEEING.
 65623 | Crypt:2  | 65623 ||| FLEEEEING.
 65624 | Crypt:2  | 65624 ||| FLEEEEING.
 65625 | Crypt:2  | 65625 ||| FLEEEEING.
 65626 | Crypt:2  | 65626 ||| FLEEEEING.
 65633 | Crypt:2  | 65633 ||| FLEEEEING.
 65634 | Crypt:2  | 65634 ||| FLEEEEING.
 65635 | Crypt:2  | 65635 ||| FLEEEEING.
 65636 | Crypt:2  | 65636 ||| STAIRDANCE
 65802 | Crypt:2  | 65802 ||| Stepping ~*~*~tactically~*~*~ (hiding).
 65803 | Crypt:2  | 65803 ||| Stepping ~*~*~tactically~*~*~ (hiding).
 66117 | Crypt:2  | 66117 ||| Stepping ~*~*~tactically~*~*~ (stealth).
 66280 | Crypt:2  | Reached ***** piety under the Shining One
 66407 | Crypt:2  | 66407 ||| Stepping ~*~*~tactically~*~*~ (hiding).
 66453 | Crypt:2  | 66453 ||| Stepping ~*~*~tactically~*~*~ (stealth).
 66456 | Crypt:2  | 66456 ||| Stepping ~*~*~tactically~*~*~ (stealth).
 66457 | Crypt:2  | 66457 ||| Stepping ~*~*~tactically~*~*~ (stealth).
 66459 | Crypt:2  | 66459 ||| Stepping ~*~*~tactically~*~*~ (hiding).
 66632 | Crypt:3  | Entered Level 3 of the Crypt
 66671 | Crypt:3  | Reached ****** piety under the Shining One
 66676 | Crypt:3  | 66676 ||| INVOKING Brand Weapon With Holy Wrath.
 66676 | Crypt:3  | Identified a +9 broad axe of holy wrath (a +9 spectral
                  | broad axe blessed by the Shining One)
 66676 | Crypt:3  | Received a gift from the Shining One
 66771 | Crypt:3  | 66771 ||| Stepping ~*~*~tactically~*~*~ (hiding).
 66774 | Crypt:3  | 66774 ||| INVOKING Summon Divine Warrior.
 66774 | Crypt:3  | Identified the +0 tower shield of the Turtledove {rN+ Int+6
                  | Dex+4}
 66808 | Crypt:3  | 66808 ||| Stepping ~*~*~tactically~*~*~ (hiding).
 66809 | Crypt:3  | 66809 ||| FLEEEEING.
 66810 | Crypt:3  | 66810 ||| FLEEEEING.
 66811 | Crypt:3  | 66811 ||| FLEEEEING.
 66814 | Crypt:3  | 66814 ||| Stepping ~*~*~tactically~*~*~ (hiding).
 66816 | Crypt:3  | 66816 ||| Stepping ~*~*~tactically~*~*~ (hiding).
 66818 | Crypt:3  | 66818 ||| Stepping ~*~*~tactically~*~*~ (hiding).
 66870 | Crypt:3  | 66870 ||| Stepping ~*~*~tactically~*~*~ (stealth).
 66921 | Crypt:3  | Reached skill level 15 in Invocations
 66932 | Crypt:3  | 66932 ||| Stepping ~*~*~tactically~*~*~ (hiding).
 66987 | Crypt:3  | 66987 ||| Stepping ~*~*~tactically~*~*~ (stealth).
 66989 | Crypt:3  | 66989 ||| Stepping ~*~*~tactically~*~*~ (hiding).
 67011 | Crypt:3  | 67011 ||| Stepping ~*~*~tactically~*~*~ (stealth).
 67013 | Crypt:3  | 67013 ||| Stepping ~*~*~tactically~*~*~ (hiding).
 67048 | Crypt:3  | 67048 ||| Stepping ~*~*~tactically~*~*~ (hiding).
 67096 | Crypt:3  | 67096 ||| FLEEEEING.
 67097 | Crypt:3  | 67097 ||| FLEEEEING.
 67098 | Crypt:3  | 67098 ||| FLEEEEING.
 67144 | Crypt:3  | 67144 ||| Stepping ~*~*~tactically~*~*~ (stealth).
 67150 | Crypt:3  | 67150 ||| Stepping ~*~*~tactically~*~*~ (stealth).
 67198 | Crypt:3  | 67198 ||| Stepping ~*~*~tactically~*~*~ (stealth).
 67205 | Crypt:3  | 67205 ||| Stepping ~*~*~tactically~*~*~ (hiding).
 67230 | Crypt:3  | 67230 ||| Stepping ~*~*~tactically~*~*~ (hiding).
 67282 | Crypt:3  | 67282 ||| Stepping ~*~*~tactically~*~*~ (hiding).
 67298 | Crypt:3  | 67298 ||| Stepping ~*~*~tactically~*~*~ (hiding).
 67382 | Crypt:3  | 67382 ||| Stepping ~*~*~tactically~*~*~ (hiding).
 67383 | Crypt:3  | 67383 ||| INVOKING Summon Divine Warrior.
 67387 | Crypt:3  | 67387 ||| INVOKING Cleansing Flame.
 67441 | Crypt:3  | Noticed a dread lich
 67442 | Crypt:3  | 67442 ||| INVOKING Summon Divine Warrior.
 67445 | Crypt:3  | 67445 ||| INVOKING Cleansing Flame.
 67447 | Crypt:3  | Killed a dread lich
 67503 | Crypt:3  | Found an ancient bone altar of Kikubaaqudgha.
 67737 | Crypt:3  | 67737 ||| READING scroll of enchant armour.
 67737 | Crypt:3  | 67737 ||| ENCHANTING +7 crystal plate armour.
 68041 | Crypt:3  | Found the +8 demon blade "Leech" {vamp, Harm Drain rN+}
 68222 | Crypt:3  | Found a staircase to the Tomb.
 68242 | Crypt:3  | 68242 ||| READING scroll of enchant armour.
 68242 | Crypt:3  | 68242 ||| ENCHANTING +8 crystal plate armour.
 68245 | Crypt:3  | 68245 ||| PLANNING TOMB
 68245 | Crypt:3  | 68245 ||| SWAPPING to +9 broad axe of holy wrath.
 68246 | Crypt:3  | 68246 ||| DROPPING +0 gold dragon scales.
 68249 | Tomb:1   | Entered Level 1 of the Tomb of the Ancients
 68607 | Tomb:1   | 68607 ||| INVOKING Cleansing Flame.
 68690 | Tomb:1   | 68690 ||| Stepping ~*~*~tactically~*~*~ (stealth).
 68755 | Tomb:1   | 68755 ||| Stepping ~*~*~tactically~*~*~ (stealth).
 68846 | Tomb:1   | 68846 ||| Stepping ~*~*~tactically~*~*~ (hiding).
 68847 | Tomb:1   | 68847 ||| Stepping ~*~*~tactically~*~*~ (hiding).
 68850 | Tomb:1   | 68850 ||| INVOKING Cleansing Flame.
 68851 | Tomb:1   | 68851 ||| INVOKING Cleansing Flame.
 68852 | Tomb:1   | 68852 ||| INVOKING Cleansing Flame.
 68856 | Tomb:1   | 68856 ||| Stepping ~*~*~tactically~*~*~ (hiding).
 68872 | Tomb:1   | 68872 ||| Stepping ~*~*~tactically~*~*~ (hiding).
 69174 | Tomb:1   | 69174 ||| INVOKING Cleansing Flame.
 69175 | Tomb:1   | 69175 ||| Stepping ~*~*~tactically~*~*~ (hiding).
 69182 | Tomb:1   | Reached skill level 16 in Invocations
 69182 | Tomb:1   | 69182 ||| Stepping ~*~*~tactically~*~*~ (stealth).
 69236 | Tomb:1   | Noticed Boris
 69237 | Tomb:1   | 69237 ||| INVOKING Summon Divine Warrior.
 69240 | Tomb:1   | 69240 ||| INVOKING Cleansing Flame.
 69241 | Tomb:1   | 69241 ||| INVOKING Cleansing Flame.
 69242 | Tomb:1   | 69242 ||| INVOKING Cleansing Flame.
 69242 | Tomb:1   | Killed Boris
 69596 | Tomb:2   | 69596 ||| DRINKING 3 potions of haste.
 69597 | Tomb:2   | 69597 ||| DRINKING 12 potions of attraction.
 69598 | Tomb:2   | Noticed a royal mummy
 69599 | Tomb:2   | 69599 ||| INVOKING Cleansing Flame.
 69600 | Tomb:2   | 69600 ||| INVOKING Cleansing Flame.
 69601 | Tomb:2   | 69601 ||| INVOKING Cleansing Flame.
 69602 | Tomb:2   | Noticed a royal mummy
 69602 | Tomb:2   | 69602 ||| INVOKING Summon Divine Warrior.
 69602 | Tomb:2   | Noticed a royal mummy
 69603 | Tomb:2   | 69603 ||| INVOKING Cleansing Flame.
 69604 | Tomb:2   | 69604 ||| INVOKING Cleansing Flame.
 69606 | Tomb:2   | Noticed a royal mummy
 69609 | Tomb:2   | Killed a royal mummy
 69611 | Tomb:2   | Killed a royal mummy
 69611 | Tomb:2   | Lost intelligence.
 69612 | Tomb:2   | Reached skill level 17 in Invocations
 69615 | Tomb:2   | 69615 ||| INVOKING Summon Divine Warrior.
 69616 | Tomb:2   | 69616 ||| INVOKING Cleansing Flame.
 69616 | Tomb:2   | Killed a royal mummy
 69619 | Tomb:2   | Killed a royal mummy
 69647 | Tomb:2   | 69647 ||| SWAPPING to +9 broad axe of Disembowelment
                  | {vorpal, Will++ Str+5 Int+2}.
 69914 | Tomb:2   | 69914 ||| INVOKING Cleansing Flame.
 69915 | Tomb:2   | 69915 ||| INVOKING Cleansing Flame.
 69921 | Tomb:2   | 69921 ||| INVOKING Cleansing Flame.
 69949 | Tomb:2   | Reached skill level 18 in Invocations
 70213 | Tomb:1   | Noticed a royal mummy
 70214 | Tomb:1   | 70214 ||| INVOKING Summon Divine Warrior.
 70214 | Tomb:1   | Noticed a royal mummy
 70218 | Tomb:1   | Noticed a royal mummy
 70225 | Tomb:1   | Killed a royal mummy
 70226 | Tomb:1   | 70226 ||| INVOKING Cleansing Flame.
 70227 | Tomb:1   | 70227 ||| INVOKING Cleansing Flame.
 70228 | Tomb:1   | 70228 ||| INVOKING Cleansing Flame.
 70229 | Tomb:1   | 70229 ||| INVOKING Cleansing Flame.
 70236 | Tomb:1   | Killed a royal mummy
 70237 | Tomb:1   | 70237 ||| INVOKING Cleansing Flame.
 70238 | Tomb:1   | 70238 ||| INVOKING Cleansing Flame.
 70238 | Tomb:1   | Killed a royal mummy
 70243 | Tomb:1   | Noticed a royal mummy
 70249 | Tomb:1   | Killed a royal mummy
 70266 | Tomb:1   | Noticed a royal mummy
 70268 | Tomb:1   | Noticed a royal mummy
 70268 | Tomb:1   | Noticed a royal mummy
 70270 | Tomb:1   | 70270 ||| INVOKING Cleansing Flame.
 70271 | Tomb:1   | 70271 ||| INVOKING Cleansing Flame.
 70272 | Tomb:1   | 70272 ||| INVOKING Cleansing Flame.
 70272 | Tomb:1   | Killed a royal mummy
 70277 | Tomb:1   | Noticed a royal mummy
 70278 | Tomb:1   | 70278 ||| INVOKING Cleansing Flame.
 70279 | Tomb:1   | 70279 ||| INVOKING Cleansing Flame.
 70280 | Tomb:1   | 70280 ||| INVOKING Cleansing Flame.
 70281 | Tomb:1   | 70281 ||| INVOKING Cleansing Flame.
 70281 | Tomb:1   | Killed a royal mummy
 70281 | Tomb:1   | Lost intelligence.
 70282 | Tomb:1   | Reached skill level 19 in Invocations
 70283 | Tomb:1   | 70283 ||| DRINKING 8 potions of magic.
 70284 | Tomb:1   | 70284 ||| SWAPPING to +9 broad axe of holy wrath.
 70291 | Tomb:1   | Noticed a royal mummy
 70292 | Tomb:1   | Killed a royal mummy
 70293 | Tomb:1   | HP: 45/192 [??? (8)]
 70294 | Tomb:1   | 70294 ||| DRINKING 8 potions of heal wounds.
 70294 | Tomb:1   | Noticed a royal mummy
 70297 | Tomb:1   | Killed a royal mummy
 70298 | Tomb:1   | 70298 ||| DRINKING 7 potions of heal wounds.
 70300 | Tomb:1   | 70300 ||| INVOKING Cleansing Flame.
 70300 | Tomb:1   | HP: 41/192 [??? (8)]
 70301 | Tomb:1   | 70301 ||| DRINKING 6 potions of heal wounds.
 70305 | Tomb:1   | HP: 41/192 [royal mummy/divine providence (10)]
 70306 | Tomb:1   | 70306 ||| DRINKING 5 potions of heal wounds.
 70309 | Tomb:1   | Killed a royal mummy
 70310 | Tomb:1   | 70310 ||| DRINKING 4 potions of heal wounds.
 70311 | Tomb:1   | 70311 ||| INVOKING Summon Divine Warrior.
 70312 | Tomb:1   | 70312 ||| SWAPPING to +9 broad axe of Disembowelment
                  | {vorpal, Will++ Str+5 Int+2}.
 70313 | Tomb:1   | Killed a royal mummy
 70313 | Tomb:1   | HP: 48/192 [something (13)]
 70314 | Tomb:1   | 70314 ||| DRINKING 3 potions of heal wounds.
 70317 | Tomb:1   | 70317 ||| INVOKING Summon Divine Warrior.
 70616 | Tomb:1   | Noticed a royal mummy
 70617 | Tomb:1   | 70617 ||| Stepping ~*~*~tactically~*~*~ (hiding).
 70620 | Tomb:1   | 70620 ||| INVOKING Summon Divine Warrior.
 70627 | Tomb:1   | 70627 ||| INVOKING Cleansing Flame.
 70628 | Tomb:1   | 70628 ||| INVOKING Cleansing Flame.
 70629 | Tomb:1   | 70629 ||| INVOKING Cleansing Flame.
 70630 | Tomb:1   | 70630 ||| INVOKING Cleansing Flame.
 70630 | Tomb:1   | Killed a royal mummy
 70764 | Tomb:1   | Noticed a royal mummy
 70765 | Tomb:1   | 70765 ||| INVOKING Summon Divine Warrior.
 70769 | Tomb:1   | 70769 ||| INVOKING Cleansing Flame.
 70772 | Tomb:1   | Killed a royal mummy
 70869 | Tomb:1   | Noticed a royal mummy
 70872 | Tomb:1   | Noticed a royal mummy
 70874 | Tomb:1   | 70874 ||| INVOKING Cleansing Flame.
 70875 | Tomb:1   | 70875 ||| INVOKING Cleansing Flame.
 70876 | Tomb:1   | 70876 ||| INVOKING Cleansing Flame.
 70877 | Tomb:1   | 70877 ||| INVOKING Cleansing Flame.
 70877 | Tomb:1   | Killed a royal mummy
 70877 | Tomb:1   | Noticed a royal mummy
 70881 | Tomb:1   | Reached skill level 20 in Invocations
 70882 | Tomb:1   | 70882 ||| INVOKING Cleansing Flame.
 70884 | Tomb:1   | 70884 ||| INVOKING Cleansing Flame.
 70885 | Tomb:1   | 70885 ||| INVOKING Cleansing Flame.
 70886 | Tomb:1   | 70886 ||| DRINKING 7 potions of magic.
 70909 | Tomb:1   | Killed a royal mummy
 70910 | Tomb:1   | 70910 ||| INVOKING Cleansing Flame.
 70914 | Tomb:1   | HP: 43/192 [??? (8)]
 70915 | Tomb:1   | 70915 ||| READING 10 scrolls of teleportation.
 70916 | Tomb:1   | 70916 ||| DRINKING 2 potions of heal wounds.
 70920 | Tomb:1   | Killed a royal mummy
 71322 | Tomb:1   | Noticed a royal mummy
 71325 | Tomb:1   | 71325 ||| INVOKING Cleansing Flame.
 71326 | Tomb:1   | 71326 ||| INVOKING Cleansing Flame.
 71328 | Tomb:1   | 71328 ||| INVOKING Cleansing Flame.
 71333 | Tomb:1   | 71333 ||| INVOKING Cleansing Flame.
 71335 | Tomb:1   | 71335 ||| INVOKING Cleansing Flame.
 71336 | Tomb:1   | 71336 ||| INVOKING Cleansing Flame.
 71336 | Tomb:1   | Killed a royal mummy
 71337 | Tomb:1   | 71337 ||| SWAPPING to +9 broad axe of holy wrath.
 71848 | Tomb:2   | 71848 ||| INVOKING Cleansing Flame.
 71853 | Tomb:2   | 71853 ||| INVOKING Cleansing Flame.
 71855 | Tomb:2   | 71855 ||| INVOKING Cleansing Flame.
 71864 | Tomb:2   | 71864 ||| INVOKING Summon Divine Warrior.
 71880 | Tomb:2   | Lost mutation: You possess an exceptional clarity of mind.
                  | [mutagenic glow]
 71903 | Tomb:2   | Gained mutation: You occasionally lose the ability to drink
                  | potions when taking damage. [mutagenic glow]
 72135 | Tomb:2   | 72135 ||| DRINKING 11 potions of mutation.
 72135 | Tomb:2   | Lost mutation: You frequently scream uncontrollably at your
                  | foes. [potion of mutation]
 72135 | Tomb:2   | Lost mutation: You are weak. (Str -2) [potion of mutation]
 72135 | Tomb:2   | Lost mutation: Your magical capacity is low. (-10% MP)
                  | [potion of mutation]
 72135 | Tomb:2   | Lost mutation: You occasionally shout uncontrollably at
                  | your foes. [potion of mutation]
 72135 | Tomb:2   | Gained mutation: You have a somewhat thin skeletal
                  | structure. (Dex +2, Stealth+) [potion of mutation]
 72135 | Tomb:2   | Gained mutation: You are somewhat resistant to further
                  | mutation. [potion of mutation]
 72136 | Tomb:2   | 72136 ||| DRINKING 10 potions of mutation.
 72136 | Tomb:2   | Lost mutation: Your spells are a little harder to cast, but
                  | a little more powerful. [potion of mutation]
 72136 | Tomb:2   | Lost mutation: You are somewhat resistant to further
                  | mutation. [potion of mutation]
 72136 | Tomb:2   | Lost mutation: You occasionally lose the ability to drink
                  | potions when taking damage. [potion of mutation]
 72136 | Tomb:2   | Gained mutation: You have sharp toenails. [potion of
                  | mutation]
 72136 | Tomb:2   | Gained mutation: You have hidden genetic potential. [potion
                  | of mutation]
 72225 | Tomb:3   | Entered Level 3 of the Tomb of the Ancients
 72226 | Tomb:3   | 72226 ||| DRINKING 2 potions of haste.
 72227 | Tomb:3   | 72227 ||| DRINKING 11 potions of attraction.
 72228 | Tomb:3   | 72228 ||| INVOKING Cleansing Flame.
 72230 | Tomb:3   | Reached skill level 21 in Invocations
 72230 | Tomb:3   | 72230 ||| INVOKING Cleansing Flame.
 72231 | Tomb:3   | 72231 ||| INVOKING Cleansing Flame.
 72232 | Tomb:3   | 72232 ||| INVOKING Summon Divine Warrior.
 72232 | Tomb:3   | Noticed a royal mummy
 72233 | Tomb:3   | Noticed a royal mummy
 72233 | Tomb:3   | 72233 ||| DRINKING 6 potions of magic.
 72233 | Tomb:3   | Noticed a royal mummy
 72234 | Tomb:3   | 72234 ||| INVOKING Cleansing Flame.
 72235 | Tomb:3   | 72235 ||| INVOKING Cleansing Flame.
 72235 | Tomb:3   | Noticed a royal mummy
 72236 | Tomb:3   | 72236 ||| INVOKING Cleansing Flame.
 72237 | Tomb:3   | Reached skill level 22 in Invocations
 72237 | Tomb:3   | 72237 ||| INVOKING Cleansing Flame.
 72238 | Tomb:3   | 72238 ||| INVOKING Cleansing Flame.
 72239 | Tomb:3   | 72239 ||| INVOKING Cleansing Flame.
 72240 | Tomb:3   | 72240 ||| INVOKING Cleansing Flame.
 72240 | Tomb:3   | Killed a royal mummy
 72240 | Tomb:3   | Lost intelligence.
 72244 | Tomb:3   | 72244 ||| INVOKING Cleansing Flame.
 72245 | Tomb:3   | 72245 ||| INVOKING Cleansing Flame.
 72245 | Tomb:3   | Killed a royal mummy
 72245 | Tomb:3   | Killed a royal mummy
 72246 | Tomb:3   | Reached skill level 23 in Invocations
 72246 | Tomb:3   | 72246 ||| INVOKING Cleansing Flame.
 72247 | Tomb:3   | Killed a royal mummy
 72250 | Tomb:3   | Noticed a royal mummy
 72252 | Tomb:3   | 72252 ||| INVOKING Cleansing Flame.
 72256 | Tomb:3   | Killed a royal mummy
 72256 | Tomb:3   | Noticed a royal mummy
 72264 | Tomb:3   | Noticed a royal mummy
 72266 | Tomb:3   | Killed a royal mummy
 72274 | Tomb:3   | Killed a royal mummy
 72321 | Tomb:3   | Noticed a royal mummy
 72326 | Tomb:3   | 72326 ||| INVOKING Cleansing Flame.
 72327 | Tomb:3   | 72327 ||| INVOKING Cleansing Flame.
 72329 | Tomb:3   | Killed a royal mummy
 72342 | Tomb:3   | Was forgiven by Okawaru
 72383 | Tomb:3   | Gained mutation: Your body sometimes deteriorates upon
                  | taking damage. [mutagenic glow]
 72391 | Tomb:3   | 72391 ||| Stepping randomly (cloudy).
 72392 | Tomb:3   | 72392 ||| Stepping randomly (cloudy).
 72393 | Tomb:3   | 72393 ||| Stepping randomly (cloudy).
 72393 | Tomb:3   | Gained mutation: You sometimes lose your temper in combat.
                  | [mutagenic glow]
 72394 | Tomb:3   | 72394 ||| DRINKING 9 potions of mutation.
 72394 | Tomb:3   | Lost mutation: You have hidden genetic potential. [potion
                  | of mutation]
 72394 | Tomb:3   | Lost mutation: You sometimes lose your temper in combat.
                  | [potion of mutation]
 72394 | Tomb:3   | Gained mutation: You are weak. (Str -2) [potion of
                  | mutation]
 72394 | Tomb:3   | Gained mutation: You are partially covered in iridescent
                  | scales. (AC +2) [potion of mutation]
 72395 | Tomb:3   | 72395 ||| Stepping randomly (cloudy).
 72396 | Tomb:3   | 72396 ||| Stepping randomly (cloudy).
 72404 | Tomb:3   | Reached skill level 24 in Invocations
 72409 | Tomb:3   | Gained mutation: You have a pair of small antennae on your
                  | head. [mutagenic glow]
 72477 | Tomb:3   | Noticed a royal mummy
 72478 | Tomb:3   | 72478 ||| INVOKING Summon Divine Warrior.
 72481 | Tomb:3   | 72481 ||| INVOKING Cleansing Flame.
 72482 | Tomb:3   | 72482 ||| INVOKING Cleansing Flame.
 72482 | Tomb:3   | Killed a royal mummy
 72660 | Tomb:3   | Identified the +7 shortbow of the Warrior-Mage {venom, rN+
                  | MP+9 Dex+2}
 72661 | Tomb:3   | Identified the +4 ring mail "Acos" {rElec rC+ Dex+4}
 72663 | Tomb:3   | Identified the +8 rapier of the Warrior {flame, rCorr Str-3
                  | Dex+7}
 72668 | Tomb:3   | Identified the +1 ring mail of Intercession {+Blink rC+ rN+
                  | Int-3}
 72679 | Tomb:3   | Identified the +6 long sword "Loatenn" {elec, rPois Int+3}
 72686 | Tomb:3   | 72686 ||| DROPPING +1 broad axe of venom.
 72700 | Tomb:3   | Identified the ring of the Hart {rElec rCorr AC+4 Int-4
                  | Dex+4}
 72728 | Tomb:3   | Identified the +6 great mace "Fatityo" {vamp, *Corrode
                  | rElec Dex+7}
 73001 | Tomb:3   | Got a golden rune of Zot
 73023 | Tomb:3   | 73023 ||| PLANNING PAN
 73023 | Tomb:3   | 73023 ||| DROPPING +2 helmet of Lugonu's Approval {rPois
                  | rF++ rC+ Int-5}.
 73024 | Tomb:3   | 73024 ||| UPGRADING to ring of the Hart {rElec rCorr AC+4
                  | Int-4 Dex+4}.
 73026 | Tomb:3   | 73026 ||| UPGRADING to ring "Buovvi" {rPois rF+ rN+ Dex+4
                  | SInv}.
 73028 | Tomb:3   | 73028 ||| DROPPING +6 ring of strength.
 73029 | Tomb:3   | 73029 ||| DROPPING ring of resist corrosion.
 73480 | Pan      | Entered Pandemonium
 73486 | Pan      | 73486 ||| DRINKING 5 potions of resistance.
 73487 | Pan      | 73487 ||| INVOKING Cleansing Flame.
 73488 | Pan      | 73488 ||| INVOKING Summon Divine Warrior.
 73770 | Pan      | Noticed Wylecs the pandemonium lord
 73775 | Pan      | 73775 ||| INVOKING Cleansing Flame.
 73776 | Pan      | 73776 ||| INVOKING Cleansing Flame.
 73777 | Pan      | 73777 ||| INVOKING Cleansing Flame.
 73777 | Pan      | Killed Wylecs the pandemonium lord
 74236 | Pan      | Found an exit through the horrors of the Abyss.
 74716 | Pan      | 74716 ||| Stepping ~*~*~tactically~*~*~ (hiding).
 74974 | Pan      | 74974 ||| Stepping ~*~*~tactically~*~*~ (stealth).
 74993 | Pan      | Identified the +0 tower shield of Wisdom {rElec}
 74996 | Pan      | Reached skill level 25 in Invocations
 75099 | Pan      | 75099 ||| Stepping ~*~*~tactically~*~*~ (stealth).
 75122 | Pan      | 75122 ||| Stepping ~*~*~tactically~*~*~ (stealth).
 75124 | Pan      | 75124 ||| Stepping ~*~*~tactically~*~*~ (stealth).
 75125 | Pan      | 75125 ||| Stepping ~*~*~tactically~*~*~ (stealth).
 75142 | Pan      | 75142 ||| Stepping ~*~*~tactically~*~*~ (stealth).
 75260 | Pan      | Found a white marble altar of Elyvilon.
 75275 | Pan      | 75275 ||| Stepping ~*~*~tactically~*~*~ (stealth).
 75331 | Pan      | Identified the +10 short sword of War {freeze, rCorr Dex-4
                  | SInv}
 75586 | Pan      | 75586 ||| Stepping ~*~*~tactically~*~*~ (stealth).
 75587 | Pan      | 75587 ||| Stepping ~*~*~tactically~*~*~ (stealth).
 75887 | Pan      | 75887 ||| Stepping ~*~*~tactically~*~*~ (stealth).
 75959 | Pan      | 75959 ||| READING scroll of enchant armour.
 75959 | Pan      | 75959 ||| ENCHANTING +9 crystal plate armour.
 75965 | Pan      | 75965 ||| Stepping ~*~*~tactically~*~*~ (hiding).
 75966 | Pan      | 75966 ||| Stepping ~*~*~tactically~*~*~ (hiding).
 76268 | Pan      | 76268 ||| Stepping ~*~*~tactically~*~*~ (stealth).
 76269 | Pan      | 76269 ||| Stepping ~*~*~tactically~*~*~ (stealth).
 76270 | Pan      | 76270 ||| Stepping ~*~*~tactically~*~*~ (stealth).
 76271 | Pan      | 76271 ||| Stepping ~*~*~tactically~*~*~ (stealth).
 76433 | Pan      | 76433 ||| Stepping ~*~*~tactically~*~*~ (stealth).
 76450 | Pan      | Reached skill level 26 in Invocations
 76587 | Pan      | 76587 ||| Stepping ~*~*~tactically~*~*~ (stealth).
 76589 | Pan      | 76589 ||| Stepping ~*~*~tactically~*~*~ (stealth).
 76590 | Pan      | 76590 ||| Stepping ~*~*~tactically~*~*~ (stealth).
 76659 | Pan      | 76659 ||| Stepping ~*~*~tactically~*~*~ (hiding).
 76660 | Pan      | 76660 ||| Stepping ~*~*~tactically~*~*~ (hiding).
 76682 | Pan      | 76682 ||| READING scroll of acquirement.
 76682 | Pan      | 76682 ||| ACQUIRING 752 gold pieces
 76682 | Pan      | Acquired 752 gold pieces
 76766 | Pan      | 76766 ||| Stepping ~*~*~tactically~*~*~ (stealth).
 76768 | Pan      | 76768 ||| Stepping ~*~*~tactically~*~*~ (stealth).
 76942 | Pan      | 76942 ||| Stepping ~*~*~tactically~*~*~ (hiding).
 77002 | Pan      | 77002 ||| Stepping ~*~*~tactically~*~*~ (stealth).
 77099 | Pan      | 77099 ||| Stepping ~*~*~tactically~*~*~ (hiding).
 77400 | Pan      | 77400 ||| READING 9 scrolls of teleportation.
 77408 | Pan      | 77408 ||| Stepping ~*~*~tactically~*~*~ (stealth).
 77455 | Pan      | 77455 ||| Stepping ~*~*~tactically~*~*~ (stealth).
 77457 | Pan      | 77457 ||| Stepping ~*~*~tactically~*~*~ (stealth).
 77466 | Pan      | 77466 ||| Stepping ~*~*~tactically~*~*~ (stealth).
 77469 | Pan      | 77469 ||| Stepping ~*~*~tactically~*~*~ (stealth).
 77472 | Pan      | 77472 ||| Stepping ~*~*~tactically~*~*~ (stealth).
 77509 | Pan      | 77509 ||| Stepping ~*~*~tactically~*~*~ (stealth).
 77562 | Pan      | 77562 ||| Stepping ~*~*~tactically~*~*~ (hiding).
 77598 | Pan      | 77598 ||| Stepping ~*~*~tactically~*~*~ (stealth).
 77600 | Pan      | 77600 ||| Stepping ~*~*~tactically~*~*~ (hiding).
 77852 | Depths:1 | Escaped Pandemonium
 77854 | Pan      | Entered Pandemonium
 77945 | Pan      | 77945 ||| Stepping ~*~*~tactically~*~*~ (stealth).
 77946 | Pan      | 77946 ||| Stepping ~*~*~tactically~*~*~ (stealth).
 77948 | Pan      | 77948 ||| Stepping ~*~*~tactically~*~*~ (stealth).
 77950 | Pan      | 77950 ||| Stepping ~*~*~tactically~*~*~ (stealth).
 78134 | Pan      | 78134 ||| DRINKING 4 potions of resistance.
 78139 | Pan      | 78139 ||| Stepping ~*~*~tactically~*~*~ (hiding).
 78263 | Pan      | 78263 ||| Stepping ~*~*~tactically~*~*~ (hiding).
 78486 | Pan      | 78486 ||| Stepping ~*~*~tactically~*~*~ (hiding).
 78496 | Pan      | 78496 ||| Stepping ~*~*~tactically~*~*~ (hiding).
 78497 | Pan      | 78497 ||| Stepping ~*~*~tactically~*~*~ (hiding).
 78520 | Pan      | 78520 ||| DRINKING 5 potions of cancellation.
 78635 | Pan      | 78635 ||| INVOKING Cleansing Flame.
 78636 | Pan      | 78636 ||| INVOKING Summon Divine Warrior.
 78640 | Pan      | 78640 ||| INVOKING Cleansing Flame.
 78906 | Pan      | Reached skill level 27 in Invocations
 79025 | Pan      | Reached skill level 24 in Armour
 79066 | Pan      | Noticed Rewi the pandemonium lord
 79069 | Pan      | 79069 ||| INVOKING Cleansing Flame.
 79070 | Pan      | 79070 ||| INVOKING Cleansing Flame.
 79071 | Pan      | 79071 ||| INVOKING Cleansing Flame.
 79072 | Pan      | 79072 ||| INVOKING Cleansing Flame.
 79073 | Pan      | 79073 ||| INVOKING Cleansing Flame.
 79074 | Pan      | 79074 ||| INVOKING Cleansing Flame.
 79075 | Pan      | 79075 ||| INVOKING Cleansing Flame.
 79076 | Pan      | 79076 ||| DRINKING 5 potions of magic.
 79077 | Pan      | 79077 ||| INVOKING Summon Divine Warrior.
 79079 | Pan      | Killed Rewi the pandemonium lord
 79087 | Pan      | 79087 ||| Stepping ~*~*~tactically~*~*~ (cloud).
 79170 | Pan      | 79170 ||| UPGRADING to +1 tower shield of protection.
 79180 | Pan      | 79180 ||| UPGRADING to +2 tower shield of protection.
 79190 | Pan      | 79190 ||| DROPPING +1 tower shield of protection.
 79191 | Pan      | 79191 ||| DROPPING +0 tower shield.
 79293 | Pan      | 79293 ||| Stepping ~*~*~tactically~*~*~ (stealth).
 79295 | Pan      | 79295 ||| Stepping ~*~*~tactically~*~*~ (stealth).
 79301 | Pan      | 79301 ||| Stepping ~*~*~tactically~*~*~ (stealth).
 79416 | Pan      | 79416 ||| Stepping ~*~*~tactically~*~*~ (stealth).
 79785 | Pan      | 79785 ||| Stepping ~*~*~tactically~*~*~ (stealth).
 79857 | Pan      | 79857 ||| Stepping ~*~*~tactically~*~*~ (stealth).
 79916 | Pan      | 79916 ||| INVOKING Summon Divine Warrior.
 79919 | Pan      | Noticed Ykychey the pandemonium lord
 79921 | Pan      | HP: 46/193 [??? (9)]
 79921 | Pan      | HP: 10/193 [Brimstone Fiend/damnation (36)]
 79922 | Pan      | 79922 ||| READING 9 scrolls of teleportation.
 79922 | Pan      | The Shining One protects you from harm!
 79923 | Pan      | 79923 ||| DRINKING 4 potions of heal wounds.
 79923 | Pan      | Killed from afar by a Brimstone Fiend

Levels and vault maps discovered:
D:1:      dpeg_arrival_boxes_within_box, layout_basic,
          ebering_ecumenical_altar_petrified, grunt_decor_arrowhead,
          chequers_jeans, minmay_pentomino_s2
D:2:      layout_rooms, kennysheep_nondescript
D:3:      layout_basic, serial_shops, shop
D:4:      layout_loops_corners, grunt_decor_cap, uniq_duvessa,
          uniq_crazy_yiuf_cottage
D:5:      layout_basic, minmay_temple_entry_glass
D:6:      layout_loops_ring, ebering_ghost_xom
D:7:      cheibrodos_barr_body, layout_loops_cross,
          mainiacjoe_overflow_concentric_impassable, nicolae_gozag_seed_capital
D:8:      layout_loops_ring, mainiacjoe_overflow_alcove_1, old_standard_altar,
          david_lair_shrubbed, enter_bailey_3
D:9:      layout_cave_pools, nicolae_wu_jian_glorious_leap, uniq_pikel,
          uniq_amaemon
D:10:     layout_loops_ring, ebering_ghost_inner_flame, serial_shops,
          nicolae_shop_stone, grunt_ministairs_5, nicolae_looking_at_the_future
D:11:     layout_cave_pools, minmay_fractal_squares_gapless_7
D:12:     layout_basic, david_orc_5
D:13:     layout_cave_pools, gammafunk_ghost_necromancy, grunt_ministairs_3,
          kennysheep_treasure_room, uniq_kirke
D:14:     layout_basic, david_vaults_5, uniq_nessos
D:15:     hangedman_depths_entry_try_elsewhere_first, layout_layer_cave,
          serial_ice, serial_ice_k, serial_ice_a, serial_ice_b, serial_ice_o,
          serial_ice_n, serial_ice_c, serial_ice_e,
          portal_ice_cave_entry_ice_statue_one, minmay_misc_feat_hallway,
          gauntlet_entry_generic
Temple:   hellmonk_temple_divided_pantheon
Lair:1:   layout_cave_pods, beast_lair_carwin_11, grunt_megastairs_3,
          lemuel_fruit_tree, serial_bayou_shore_b
Lair:2:   regret_index_wax_grids, layout_gridlike, minmay_swamp_entry_swarm,
          nicolae_spider_entry_tight_spaces, cheibrodos_lair_reptile_den
Lair:3:   layout_misc_corridors, special_room [special_room_mythical_zoo],
          dreamdust_wasp_nest
Lair:4:   layout_cave_pods, minmay_slime_entry_pillars,
          ebering_ghost_disaster_area
Lair:5:   gammafunk_lair_ancient_temple, layout_small_grid, uniq_josephine
Swamp:1:  layout_basic_swamp, evilmike_swamp_ruin_house_5, uniq_frances,
          uniq_nikola, uniq_donald
Swamp:2:  layout_basic_swamp, nicolae_swamp_big_swirl
Swamp:3:  layout_basic_swamp, hangedman_swamp_ruin_wall, swamp_pool1, uniq_mara
Swamp:4:  swamp_icy, layout_basic_swamp, swamp_pool3, worms_lemuel
Spider:1: layout_spider_delve
Spider:2: gammafunk_boulding_lane
Spider:3: nicolae_spider_hilbert_zone_5 [nicolae_spider_hilbert_3_sides_1_open,
          nicolae_spider_hilbert_4_sides_1_open,
          nicolae_spider_hilbert_4_sides_1_open,
          nicolae_spider_hilbert_6_sides_1_open,
          nicolae_spider_hilbert_6_sides_1_open], uniq_arachne
Spider:4: grunt_spider_rune_circles, nicolae_spider_checkerboard, uniq_louise
Orc:1:    layout_diamond_mine, basic_altar, nicolae_orc_tapped_out, uniq_sonja
Orc:2:    grunt_orc_gardens, layout_caves, grunt_orc_garden, grunt_orc_garden,
          grunt_orc_garden, grunt_orc_garden, ebering_ghost_disaster_area,
          uniq_jorgrun, uniq_urug
Vaults:1: nicolae_vaults_what_the_h, v_alt_pattern_3, vaults_room_pool,
          nicolae_vaults_little_ls, v_misc_11, nicolae_vaults_ring_of_whatevers,
          vaults_mumra_minichess_inversion, dpeg_vaults_monster_box, v_misc_13,
          vaults_room_semicircle, layout_vaults_chaotic_city, serial_shops,
          nicolae_shop_behind_doors
Vaults:2: infiniplex_enter_wizlab_glasses, minmay_crypt_entry_nasty_monster,
          v_misc_11, ontoclasm_vaults_chip, v_misc_5, grunt_vaults_hallway_long,
          vaults_dpeg_diagonal, nicolae_vaults_yaktaur_gun_rack,
          vaults_room_stairs_pillars, nicolae_vaults_ring_of_whatevers,
          ontoclasm_vaults_eye, v_pattern_4, layout_vaults_omnigrid
Vaults:3: v_rooms_2, st_lattice, vaults_room_semicircle, v_alt_pattern_2,
          vaults_standard_mumra_lines, v_alt_pattern_5,
          nicolae_vaults_network_star, v_pattern_5, ontoclasm_vaults_twist,
          nicolae_vaults_asterisk, nicolae_vaults_diagonal_hallway_6,
          layout_vaults_big_cross, uniq_sojobo
Vaults:4: nicolae_vaults_little_squares_4, hangedman_vaults_hard_town_square,
          vaults_room_semicircle, layout_vaults_maze_bifur, serial_shops,
          bzr_in_the_mist, uniq_xtahua
Vaults:5
Crypt:1:  layout_catacombs, uniq_josephina, uniq_vv
Crypt:2:  layout_misc_corridors, feat_on_display, grunt_megastairs_1,
          uniq_bai_suzhen
Crypt:3:  cryptofortress_bobbens
Tomb:1:   uniq_boris
Tomb:2
Tomb:3
Depths:1: layout_cave_pools, serial_co_window_serial, co_window_paths_a,
          co_window_paths_b, co_window_paths_a, co_window_paths_a,
          co_window_of_opportunity_a, co_window_paths_a, co_window_paths_a,
          co_window_paths_c, co_window_2corner, co_window_broadway_b,
          co_window_of_opportunity_b, co_window_corner_b, co_window_corner_cb,
          glass_columns_a, glass_columns_a, glass_columns_c, glass_columns_b,
          glass_columns_a, pan_entry, hell_entry
Depths:2: minmay_the_grid_square_5x5_4x4
          [minmay_the_grid_square_5x5_broken_cross,
          minmay_the_grid_square_5x5_hourglass, minmay_the_grid_square_5x5_mess,
          minmay_the_grid_square_5x5_n,
          minmay_the_grid_square_5x5_checkered_sparse,
          minmay_the_grid_square_5x5_prize_rear_guard,
          minmay_the_grid_square_5x5_prize_deathbox,
          minmay_the_grid_square_5x5_tie,
          minmay_the_grid_square_5x5_almost_minimal,
          minmay_the_grid_square_5x5_prize_snowflake,
          minmay_the_grid_square_5x5_prize_gold,
          minmay_the_grid_square_5x5_bracketed,
          minmay_the_grid_square_5x5_bridge,
          minmay_the_grid_square_5x5_spiral_small,
          minmay_the_grid_square_5x5_spiral, minmay_the_grid_square_5x5_z],
          layout_honeycomb, enter_ziggurat_c, nicolae_dithmenos_the_darkroom,
          grunt_pan_entry_in_and_out, hell_entry, minmay_crystal_water,
          minmay_shop_grove
Depths:3: minmay_inner_zag, layout_gridlike, grunt_hell_entry_demonic_statue,
          abyss_entry_crystal, chequers_serial_rivers_micro_b,
          gammafunk_ghost_ooze
Depths:4: hangedman_slaughterboxes, hell_entry
Zot:1:    layout_misc_corridors
Zot:2:    layout_cathedral_of_symmetry, grunt_megastairs_5, lemuel_elevator
Zot:3:    layout_twisted_circle, st_small_dragon_hoard_5
Zot:4:    layout_gridlike
Pan:      evilmike_mini_pan_corridor, layout_basic, nicolae_pan_cerebovesque_2,
          evilmike_holy_pan, rand_demon_2, layout_stronghold, rand_demon_8,
          layout_chambers, pan_blood_fountain_2

Skill      XL: |  1  2  3  4  5  6  7  8  9 10 11 12 13 14 15 16 17 18 19 20 21 22 23 24 25 26 27 |
---------------+----------------------------------------------------------------------------------+-----
Axes           | 2 3 4 5 6 7 9 10 11 12 14 15 16 17 18 | 18.0
Fighting       | 4 5 6 8 10 12 13 14 15 17 18 19 22 23 24 25 | 25.4
Dodging        | 1 2 3 4 5 6 7 8 9 |  9.0
Armour         | 6 8 9 10 11 12 14 15 16 18 19 20 22 24 | 24.8
Throwing       | 2 3 4 5 7 8 9 10 11 13 14 | 14.0
Invocations    | 3 4 8 10 11 12 27 | 27.0
Shields        | 4 5 6 7 9 13 15 18 19 20 21 22 | 22.0

Action                   |  1- 3 |  4- 6 |  7- 9 | 10-12 | 13-15 | 16-18 | 19-21 | 22-24 | 25-27 || total
-------------------------+-------+-------+-------+-------+-------+-------+-------+-------+-------++-------
Melee: War axe           |    84 |    93 |   251 |   490 |   162 |     4 |       |       |       ||  1084
       Broad axe         |       |       |       |       |   797 |   867 |  1268 |  1423 |  2521 ||  6876
       Flail             |       |       |       |       |    57 |       |       |       |       ||    57
Throw: Boomerang         |    16 |    22 |    14 |    62 |    88 |    47 |    13 |    24 |    88 ||   374
       Javelin           |       |       |    21 |    35 |    20 |   124 |    85 |    87 |   182 ||   554
Invok: Heroism           |       |       |    11 |    21 |    40 |    54 |    39 |    63 |    14 ||   242
       Finesse           |       |       |       |       |     8 |    17 |    11 |    19 |     1 ||    56
       Cleansing Flame   |       |       |       |       |       |       |       |       |    86 ||    86
       Summon Divine War |       |       |       |       |       |       |       |       |    18 ||    18
       Brand Weapon With |       |       |       |       |       |       |       |       |     1 ||     1
Evoke: Wand              |       |       |       |       |       |       |     1 |       |       ||     1
  Use: Scroll            |     5 |     5 |     8 |     5 |     6 |     6 |    22 |     2 |    11 ||    70
       Potion            |     2 |     2 |     3 |     1 |     3 |     1 |     4 |     2 |    29 ||    47
 Stab: Confused          |       |       |       |       |     4 |       |       |       |       ||     4
       Distracted        |       |       |       |       |     6 |    19 |     9 |       |       ||    34
Armor: Scale mail        |    16 |       |       |       |       |       |       |       |       ||    16
       Chain mail        |    18 |    48 |     4 |       |       |       |       |       |       ||    70
       Crystal plate arm |       |       |   150 |   258 |   409 |   393 |   349 |   447 |  1158 ||  3164
Dodge: Dodged            |    35 |    30 |    84 |   187 |   297 |   226 |   238 |   323 |   555 ||  1975
Block: Buckler           |    18 |    16 |    43 |   210 |   404 |       |       |       |       ||   691
       Reflection        |       |       |       |       |    29 |    22 |    42 |    55 |    68 ||   216
       Kite shield       |       |       |       |       |    71 |   668 |       |       |       ||   739
       Tower shield      |       |       |       |       |       |    65 |  1100 |  1307 |  2594 ||  5066

Table legend:
 A = Non-vault XP
 B = Vault XP
 C = Vault XP percentage of total XP
 D = Non-vault monster count
 E = Vault monster count
 F = Vault count percentage of total count
                 A         B        C        D         E       F
            +---------+---------+-------+---------+---------+-------
      Total |  770942 |  850268 |  52.4 |    1461 |    1103 |  43.0
            +---------+---------+-------+---------+---------+-------
        D:1 |      18 |       0 |   0.0 |      13 |       0 |   0.0
        D:2 |      47 |       0 |   0.0 |      18 |       0 |   0.0
        D:3 |      44 |       0 |   0.0 |      17 |       0 |   0.0
        D:4 |     343 |     214 |  38.4 |      23 |       2 |   8.0
        D:5 |     604 |       0 |   0.0 |      15 |       0 |   0.0
        D:6 |     538 |       0 |   0.0 |      14 |       0 |   0.0
        D:7 |     328 |    1231 |  79.0 |      10 |      15 |  60.0
        D:8 |    1629 |     375 |  18.7 |      14 |       5 |  26.3
        D:9 |    3151 |    2073 |  39.7 |      24 |       4 |  14.3
       D:10 |    1945 |    1266 |  39.4 |      10 |      14 |  58.3
       D:11 |    4223 |    2401 |  36.2 |      20 |       6 |  23.1
       D:12 |    7057 |    1660 |  19.0 |      32 |      22 |  40.7
       D:13 |    8025 |    3888 |  32.6 |      23 |       7 |  23.3
       D:14 |   11662 |    3716 |  24.2 |      21 |       8 |  27.6
       D:15 |    8198 |    4255 |  34.2 |      22 |      16 |  42.1
     Lair:1 |    4600 |    1202 |  20.7 |      28 |       5 |  15.2
     Lair:2 |   10575 |    9843 |  48.2 |      33 |      63 |  65.6
     Lair:3 |    9629 |    5365 |  35.8 |      22 |      25 |  53.2
     Lair:4 |    8576 |     389 |   4.3 |      35 |       4 |  10.3
     Lair:5 |    4102 |   11472 |  73.7 |      10 |      27 |  73.0
    Swamp:1 |   11103 |    5141 |  31.6 |      24 |       3 |  11.1
    Swamp:2 |   10617 |       0 |   0.0 |      24 |       0 |   0.0
    Swamp:3 |   16692 |    4324 |  20.6 |      28 |       1 |   3.4
    Swamp:4 |    7269 |   10733 |  59.6 |      14 |      41 |  74.5
   Spider:1 |   26324 |       0 |   0.0 |      66 |       0 |   0.0
   Spider:2 |   16866 |       0 |   0.0 |      43 |       0 |   0.0
   Spider:3 |   19254 |    7516 |  28.1 |      48 |      10 |  17.2
   Spider:4 |   12093 |   20741 |  63.2 |      24 |      42 |  63.6
      Orc:1 |    3968 |     794 |  16.7 |      35 |       1 |   2.8
      Orc:2 |    1843 |   11262 |  85.9 |      20 |      29 |  59.2
   Vaults:1 |   10672 |   29599 |  73.5 |      19 |      35 |  64.8
   Vaults:2 |   22340 |   17274 |  43.6 |      33 |      21 |  38.9
   Vaults:3 |   40220 |   45240 |  52.9 |      54 |      51 |  48.6
   Vaults:4 |    4361 |   30930 |  87.6 |       7 |      33 |  82.5
   Vaults:5 |   18951 |   92057 |  82.9 |      23 |      78 |  77.2
    Crypt:1 |   15761 |    3235 |  17.0 |      25 |       1 |   3.8
    Crypt:2 |   38717 |    4428 |  10.3 |      55 |       3 |   5.2
    Crypt:3 |       0 |   55331 | 100.0 |       0 |      92 | 100.0
     Tomb:1 |   16579 |   75140 |  81.9 |      39 |      44 |  53.0
     Tomb:2 |   14542 |   48862 |  77.1 |      34 |      63 |  64.9
     Tomb:3 |    8614 |  110067 |  92.7 |      38 |     122 |  76.2
   Depths:1 |    9294 |       0 |   0.0 |      10 |       0 |   0.0
   Depths:2 |   36033 |   37722 |  51.1 |      48 |      45 |  48.4
   Depths:3 |   42233 |   16243 |  27.8 |      53 |      22 |  29.3
   Depths:4 |       0 |  114647 | 100.0 |       0 |      88 | 100.0
      Zot:1 |   19153 |       0 |   0.0 |      16 |       0 |   0.0
      Zot:2 |   34231 |   11430 |  25.0 |      28 |       9 |  24.3
      Zot:3 |   55958 |    5671 |   9.2 |      57 |       4 |   6.6
      Zot:4 |   31860 |       0 |   0.0 |      22 |       0 |   0.0
        Pan |  140100 |   42531 |  23.3 |     170 |      42 |  19.8
            +---------+---------+-------+---------+---------+-------
